Workbook

Sheet Proponentes
A1: Imagen | B1: INFORME DE EVALUACIÓN TÉCNICA
B2: STM- LICITACIÓN PÚBLICA Nº STM-LP-286-2024
B3: OBJETO:IMPLEMENTAR INTERVENCIONES EN INFRAESTRUCTURA VIAL PARA MEJORAR LAS CONDICIONES DE SEGURIDAD VIAL Y MITIGAR RIESGOS EN PUNTOS CRÍTICOS PRIORIZADOS A CARGO DEL DEPARTAMENTO DE CUNDINAMARCA”
B5: EVALUACIÓN TECNICA LICITACIÓN PÚBLICA No. :
A7: PRESUPUESTO OFICIAL: | B7: 4000000000 | C7: VALOR DEL SMMLV DEL AÑO 2023: | D7: 1300000
A8: LOTE: | B8: 1 | C8: VALOR PRESUPUESTO OFICIAL EN SMMLV: | D8: =B7/D7 -> 3076.9231
A10: ITEM | B10: NOMBRE PROPONENTE | C10: NIT | D10: CÓDIGO
A11: 1 | B11: Unión Temporal Elite 2024 | D11: P1
A12: 2 | B12: Consorcio Señalizar GP | D12: P2
A13: 3 | B13: CREA SAS | D13: P3
A14: 4 | B14: UT Cundinamarca Segura | D14: P4
A15: 5 | B15: PINTUVIAL SAS | C15: 900.011.073-1 | D15: P5
A16: 6 | B16: SEGURIDAD Y SERVICIOS SEÑALIZACIÓN S.A. | C16: 802.017.424 - 3 | D16: P6
A17: 7 | B17: SOCINTER S.A. | C17: 860.530.652.6 | D17: P7
A18: 8 | B18: UT TRACKVIAL | D18: P8
A19: 9 | B19: CONSORCIO VIAL COMPROT 2024 | D19: P9
A20: 10 | B20: FREESTONE CONSTRUCCIONES S.A.S. | C20: 900.147.262-1 | D20: P10
A21: 11 | B21: NSP DE COLOMBIA S.A.S. | D21: P11
A22: 12 | B22: INGENIEROS CIVILES EN TRAFICO, TRANSPORTE Y VIAS - ICOVIAS S.A.S. | C22: 830.128.149-0 | D22: P12
A23: 13 | B23: JAVIER FERNANDO BASTIDAS CAMPAÑA | C23: 87711553 | D23: P13
A24: 14 | B24: CONSORCIO MS. | D24: P14
A25: 15 | B25: CONSORCIO WIGV SEÑALIZADORES | D25: P15
A26: 16 | B26: CONSORCIO SUPER AC2R 2024 | D26: P16
A27: 17 | B27: CONSORCIO VIAL CUNDINAMARCA 286 | D27: P17
A28: 18 | B28: UNIÓN TEMPORAL VSDM | D28: P18
A29: 19 | B29: CONSORCIO SEGURIVIAL SM | D29: P19
A30: 20 | B30: UNIÓN TEMPORAL INSEAN CUNDINAMARCA 2024 | D30: P20
A31: 21 | B31: CONSORCIO CUNDINAMARCA VIAL. | D31: P21
A32: 22 | B32: CONSORCIO INGENIO VIAL | D32: P22
A33: 23 | B33: CONSORCIO SEGUVIAL 2RI | D33: P23
A34: 24 | B34: SEÑAL VÍAS SAS | D34: P24
A35: 25 | B35: CONSORCIO GEPAV-TPD. | D35: P25
A36: 26 | B36: CONSORCIO SANTIAGO | D36: P26
A37: 27 | D37: P27
A38: 28 | D38: P28
A39: 29 | D39: P29
A40: 30 | D40: P30

Sheet Eva. Técnica
A1: #VALUE! | C1: INFORME DE EVALUACIÓN TÉCNICA
C2: STM- LICITACIÓN PÚBLICA Nº STM-LP-286-2024
C3: OBJETO:IMPLEMENTAR INTERVENCIONES EN INFRAESTRUCTURA VIAL PARA MEJORAR LAS CONDICIONES DE SEGURIDAD VIAL Y MITIGAR RIESGOS EN PUNTOS CRÍTICOS PRIORIZADOS A CARGO DEL DEPARTAMENTO DE CUNDINAMARCA”
C5: EVALUACIÓN TECNICA LICITACIÓN PÚBLICA No. :
A7: PRESUPUESTO OFICIAL: | G7: 4000000000 | J7: VALOR DEL SMMLV DEL AÑO 2023: | L7: 1300000
A8: LOTE: | G8: 1 | J8: VALOR PRESUPUESTO OFICIAL EN SMMLV: | L8: =G7/L7 -> 3076.9231
M9: Lote 1 y 2 | N9: Lote 1 y 2 | O9: Lote 1 y 2 | P9: Lote 1 y 2 | Q9: Lote 1 y 2 | R9: Lote 1 y 2 | S9: Lote 1 y 2 | T9: Lote 1 y 2 | U9: Lote 1 y 2 | V9: Lote 1 y 2 | W9: Lote 1 y 2 | X9: Lote 1 y 2 | Y9: LOTE 1 - 2 | Z9: LOTE 1 - 2 | AA9: LOTE 1 - 2 | AB9: LOTE 1 - 2 | AC9: LOTE 1 - 2 | AD9: LOTE 1 - 2 | AE9: LOTE 1 - 2 | AF9: LOTE 1 - 2 | AG9: LOTE 1 - 2 | AH9: LOTE 1 - 2 | AI9: LOTE 1 - 2 | AJ9: LOTE 1 - 2 | AK9: LOTE 1 - 2
A10: ITEM | B10: CRITERIO A EVALUAR | L10: P1 | M10: P2 | N10: P3 | O10: P4 | P10: P5 | Q10: P6 | R10: P7 | S10: P8 | T10: P9 | U10: P10 | V10: P11 | W10: P12 | X10: P13 | Y10: P14 | Z10: P15 | AA10: P16 | AB10: P17 | AC10: P18 | AD10: P19 | AE10: P20 | AF10: P21 | AG10: P22 | AH10: P23 | AI10: P24 | AJ10: P25 | AK10: P26 | AL10: P27 | AM10: P28 | AN10: P29 | AO10: P30
A11: 3.5. | B11: EXPERIENCIA | L11: =Proponentes!B11 -> Unión Temporal Elite 2024 | M11: =Proponentes!B12 -> Consorcio Señalizar GP | N11: =Proponentes!B13 -> CREA SAS | O11: =Proponentes!B14 -> UT Cundinamarca Segura | P11: =Proponentes!B15 -> PINTUVIAL SAS | Q11: =Proponentes!B16 -> SEGURIDAD Y SERVICIOS SEÑALIZACIÓN S.A. | R11: =Proponentes!B17 -> SOCINTER S.A. | S11: =Proponentes!B18 -> UT TRACKVIAL | T11: =Proponentes!B19 -> CONSORCIO VIAL COMPROT 2024 | U11: =Proponentes!B20 -> FREESTONE CONSTRUCCIONES S.A.S. | V11: =Proponentes!B21 -> NSP DE COLOMBIA S.A.S. | W11: =Proponentes!B22 -> INGENIEROS CIVILES EN TRAFICO, TRANSPORTE Y VIAS - ICOVIAS S.A.S. | X11: =Proponentes!B23 -> JAVIER FERNANDO BASTIDAS CAMPAÑA | Y11: 14 | Z11: CONSORCIO WIGV SEÑALIZADORES | AA11: CONSORCIO SUPER AC2R 2024 | AB11: CONSORCIO VIAL CUNDINAMARCA 286 | AC11: 18 | AD11: CONSORCIO SEGURIVIAL SM | AE11: UNIÓN TEMPORAL INSEAN CUNDINAMARCA 2024 | AF11: CONSORCIO CUNDINAMARCA VIAL. | AG11: CONSORCIO INGENIO VIAL | AH11: CONSORCIO SEGUVIAL 2RI | AI11: SEÑAL VÍAS SAS | AJ11: CONSORCIO GEPAV-TPD. | AK11: CONSORCIO SANTIAGO | AL11: =Proponentes!B37 -> 0 | AM11: =Proponentes!B38 -> 0 | AN11: =Proponentes!B39 -> 0 | AO11: =Proponentes!B40 -> 0
A12: 3.5.2 | B12: CARACTERÍSTICAS DE LOS CONTRATOS PRESENTADOS PARA ACREDITAR LA EXPERIENCIA EXIGIDA Los contratos para acreditar la experiencia exigida deberán cumplir las siguientes características: | L12: CUMPLE - NO CUMPLE - N/A | M12: CUMPLE - NO CUMPLE - N/A | N12: CUMPLE - NO CUMPLE - N/A | O12: CUMPLE - NO CUMPLE - N/A | P12: CUMPLE - NO CUMPLE - N/A | Q12: CUMPLE - NO CUMPLE - N/A | R12: CUMPLE - NO CUMPLE - N/A | S12: CUMPLE - NO CUMPLE - N/A | T12: CUMPLE - NO CUMPLE - N/A | U12: CUMPLE - NO CUMPLE - N/A | V12: CUMPLE - NO CUMPLE - N/A | W12: CUMPLE - NO CUMPLE - N/A | X12: CUMPLE - NO CUMPLE - N/A | Y12: CUMPLE - NO CUMPLE - N/A | Z12: CUMPLE - NO CUMPLE - N/A | AA12: CUMPLE - NO CUMPLE - N/A | AB12: CUMPLE - NO CUMPLE - N/A | AC12: CUMPLE - NO CUMPLE - N/A | AD12: CUMPLE - NO CUMPLE - N/A | AE12: CUMPLE - NO CUMPLE - N/A | AF12: CUMPLE - NO CUMPLE - N/A | AG12: CUMPLE - NO CUMPLE - N/A | AH12: CUMPLE - NO CUMPLE - N/A | AI12: CUMPLE - NO CUMPLE - N/A | AJ12: CUMPLE - NO CUMPLE - N/A | AK12: CUMPLE - NO CUMPLE - N/A | AL12: CUMPLE - NO CUMPLE - N/A | AM12: CUMPLE - NO CUMPLE - N/A | AN12: CUMPLE - NO CUMPLE - N/A | AO12: CUMPLE - NO CUMPLE - N/A
A13: A | B13: Para el presente proceso en sus dos Lotes, los oferentes deben acreditar experiencia que hayan contenido la ejecución de: 6.17. PROYECTOS DE SEÑALIZACIÓN Y/O DEMARCACIÓN DE ESPACIO PÚBLICO ASOCIADO A LA INFRAESTRUCTURA DE TRANSPORTE General: Proyectos que correspondan o hayan contenido actividades de: Señalización vertical u horizontal o demarcación de vías primarias o secundarias o aeropistas o urbanas o espacio público asociado a una infraestructura de transporte. NOTA: En caso de requerirse la intervención de la estructura de pavimento deberá combinarse con la experiencia respectiva. Específica: Por lo menos uno (1) de los contratos válidos aportados como experiencia general debe acreditar en el componente de señalización o demarcación un valor igual o superior al 60% del presupuesto de esta actividad o componente. | L13: CUMPLE | M13: CUMPLE | N13: CUMPLE | O13: CUMPLE | P13: CUMPLE | Q13: CUMPLE | R13: CUMPLE | S13: CUMPLE | T13: CUMPLE | U13: CUMPLE | V13: CUMPLE | W13: CUMPLE | X13: CUMPLE | Y13: CUMPLE | Z13: CUMPLE | AA13: CUMPLE | AB13: CUMPLE | AC13: CUMPLE | AD13: CUMPLE | AE13: CUMPLE | AF13: CUMPLE | AG13: CUMPLE | AH13: CUMPLE | AI13: CUMPLE | AJ13: CUMPLE | AK13: CUMPLE | AL13: 27 | AM13: 28 | AN13: 29 | AO13: 30
A14: B | B14: Estar relacionados en el Formato 3 – Experiencia con el número consecutivo del contrato en el RUP. Los Proponentes Plurales deben indicar qué integrante aporta cada uno de los contratos señalados en el Formato 3 – Experiencia. Este documento debe presentarlo el Proponente Plural y no sus integrantes. El Si el Proponente no diligencia el Formato 3 – Experiencia, la Entidad pedirá su subsanación en los términos del numeral 1.6. En caso de que el oferente no subsane se tendrán en cuenta para la evaluación los cinco (5) contratos de mayor valor aportados. Con estos la Entidad verificará la acreditación de los requisitos de experiencia general y específica solicitados para la actividad principal, al igual que los requeridos para la actividad secundaria en atención a las combinaciones de experiencia aplicables y la experiencia exigida respecto de los bienes o servicios adicionales a la obra pública de infraestructura de transporte, en caso de que aplique. Tratándose de Proponentes que acrediten la calidad de Mipyme o emprendimientos y empresas de mujeres con domicilio en el territorio nacional, se tendrán en cuenta como máximo los seis (6) contratos aportados de mayor valor. En caso de que el Proponente pruebe la calidad de Mipyme y de emprendimiento y empresa de mujer con domicilio en el territorio nacional de manera conjunta, se valdrán como máximo los siete (7) contratos aportados de mayor valor. El Formato 3 – Experiencia deberá aportarse diligenciado en formato Excel. | L14: CUMPLE | M14: CUMPLE | N14: CUMPLE | O14: CUMPLE | P14: CUMPLE | Q14: CUMPLE | R14: CUMPLE | S14: CUMPLE | T14: CUMPLE | U14: CUMPLE | V14: CUMPLE | W14: CUMPLE | X14: CUMPLE | Y14: CUMPLE | Z14: CUMPLE | AA14: CUMPLE | AB14: CUMPLE | AC14: CUMPLE | AD14: CUMPLE | AE14: CUMPLE | AF14: CUMPLE | AG14: CUMPLE | AH14: CUMPLE | AI14: CUMPLE | AJ14: CUMPLE | AK14: CUMPLE | AL14: 27 | AM14: 28 | AN14: 29 | AO14: 30
A15: C | B15: El Proponente podrá acreditar la experiencia solicitada con mínimo uno (1) y máximo cinco (5) contratos, los cuales serán evaluados teniendo en cuenta la tabla del numeral 3.5.8 del Pliego de Condiciones, así como el contenido de la Matriz 1 – Experiencia. En los procesos estructurados por lotes o por grupos, el Proponente podrá aportar mínimo uno (1) y máximo cinco (5) contratos para cada uno de los Lotes o podrá allegar los mismos para todos los Lotes. El Proponente persona natural o jurídica que acredite la calidad de Mipyme o de emprendimiento y empresa de mujer con domicilio en el territorio nacional de conformidad con lo previsto en el artículo 2.2.1.13.2.2 del Decreto 1074 de 2015 y los artículos 2.2.1.2.4.2.4. y 2.2.1.2.4.2.14 del Decreto 1082 de 2015, o las normas que los modifiquen, sustituyan o complementen, podrá probar la experiencia solicitada con un (1) contrato adicional a los cinco (5) inicialmente previstos, para un máximo de seis (6) contratos. Para el caso de Proponentes Plurales bastará con que uno de sus integrantes tenga una participación igual o superior al diez por ciento (10 %) en el Consorcio o en la Unión Temporal y acredite la calidad de Mipyme o emprendimiento y empresa de mujer de conformidad con lo previsto en el artículo 2.2.1.13.2.2 del Decreto 1074 de 2015 y los artículos 2.2.1.2.4.2.4. y 2.2.1.2.4.2.14 del Decreto 1082 de 2015, o las normas que los modifiquen, sustituyan o complementen, para probar la experiencia solicitada con un (1) contrato adicional a los cinco (5) inicialmente contemplados, para un máximo de seis (6) contratos. Para acreditar la condición de Mipyme, el Proponente entregará copia del certificado del Registro Único de Proponentes, el cual deberá encontrarse vigente y en firme al momento de su presentación. Por su parte, la condición de emprendimientos y/o empresas de mujeres se probará mediante el diligenciamiento del Formato 12 – Acreditación de emprendimientos y empresas de mujeres, el cual deberá aportarse con la documentación requerida en el artículo 2.2.1.2.4.2.14 del Decreto 1082 de 2015, o la norma que lo modifique, complemente o sustituya. Para los efectos de este literal entiéndase por experiencia solicitada la general y la específica requerida en la actividad principal, al igual que la exigida para la actividad secundaria en atención a las combinaciones de experiencia aplicables y la experiencia adicional respecto de los bienes y servicios ajenos a la obra pública de infraestructura de transporte. | L15: CUMPLE | M15: CUMPLE | N15: CUMPLE | O15: CUMPLE | P15: CUMPLE | Q15: CUMPLE | R15: CUMPLE | S15: CUMPLE | T15: CUMPLE | U15: CUMPLE | V15: CUMPLE | W15: CUMPLE | X15: CUMPLE | Y15: CUMP´LE | Z15: CUMPLE | AA15: CUMPLE | AB15: CUMPLE | AC15: CUMPLE | AD15: CUMPLE | AE15: CUMPLE | AF15: CUMPLE | AG15: CUMPLE | AH15: CUMPLE | AI15: CUMPLE | AJ15: CUMPLE | AK15: CUMPLE | AL15: 27 | AM15: 28 | AN15: 29 | AO15: 30
A16: D | B16: Deben haber terminado antes de la fecha de cierre del presente proceso de contratación. | L16: CUMPLE | M16: CUMPLE | N16: CUMPLE | O16: CUMPLE | P16: CUMPLE | Q16: CUMPLE | R16: CUMPLE | S16: CUMPLE | T16: CUMPLE | U16: CUMPLE | V16: CUMPLE | W16: CUMPLE | X16: CUMPLE | Y16: CUMPLE | Z16: CUMPLE | AA16: CUMPLE | AB16: CUMPLE | AC16: CUMPLE | AD16: CUMPLE | AE16: CUMPLE | AF16: CUMPLE | AG16: CUMPLE | AH16: CUMPLE | AI16: CUMPLE | AJ16: CUMPLE | AK16: CUMPLE | AL16: 27 | AM16: 28 | AN16: 29 | AO16: 30
A17: E | B17: Para los contratos que sean aportados por personas jurídicas que no cuentan con más de tres (3) años de constituidas, que pretendan acreditar la experiencia de sus socios, accionistas o constituyentes, de conformidad con la posibilidad establecida en el numeral 2.5 del artículo 2.2.1.1.1.5.2. del Decreto 1082 de 2015, además del RUP deben adjuntar un documento suscrito por el representante legal y el revisor fiscal o contador público (según corresponda) donde se indique la conformación de la persona jurídica. La Entidad tendrá en cuenta la experiencia de los accionistas, socios o constituyentes de las sociedades con menos de tres (3) años de constituidas. Pasado este tiempo, la sociedad conservará esta experiencia, tal y como haya quedado registrada en el RUP. De acuerdo con el inciso anterior, en los casos en que se presente un Proponente Plural conformado por una persona jurídica, en conjunto con sus socios, accionistas o constituyentes y se alleguen contratos en los que estos le hayan transferido experiencia a aquella, solo podrán ser acreditados como experiencia en el Proceso de Contratación por uno de los integrantes, de manera tal que al Proponente Plural solo podrá avalársele una misma experiencia una sola vez. | L17: N/A | M17: N/A | N17: N/A | O17: N/A | P17: N/A | Q17: N/A | R17: N/A | S17: N/A | T17: N/A | U17: N/A | V17: N/A | W17: N/A | X17: N/A | Y17: CUMPLE | Z17: N/A | AA17: N/A | AB17: N/A | AC17: N/A | AD17: N/A | AE17: N/A | AF17: NA | AG17: N/A | AH17: N/A | AI17: N/A | AJ17: N/A | AK17: N/A | AL17: 27 | AM17: 28 | AN17: 29 | AO17: 30
A18: F | B18: La experiencia a la que se refiere este numeral podrá ser validada mediante los documentos establecidos en el pliego de condiciones señalados en el numeral 3.5.6. | L18: N/A | M18: N/A | N18: N/A | O18: N/A | P18: N/A | Q18: N/A | R18: N/A | S18: N/A | T18: N/A | U18: N/A | V18: N/A | W18: N/A | X18: N/A | Y18: N/A | Z18: N/A | AA18: N/A | AB18: N/A | AC18: N/A | AD18: N/A | AE18: N/A | AF18: N/A | AG18: N/A | AH18: N/A | AI18: N/A | AJ18: N/A | AK18: N/A | AL18: 27 | AM18: 28 | AN18: 29 | AO18: 30
A19: G | B19: Para proyectos de infraestructura vial que se hayan realizado fuera del territorio nacional, se consideran “Carreteras primarias” aquellas que sean certificadas por la entidad contratante mediante alguno de los documentos válidos establecidos en el numeral 3.5.6 del pliego de condiciones, siempre que se indique que el ancho de calzada es mayor o igual a siete (7.0) metros, y/o que se acrediten tres o más carriles vehiculares por calzada. | L19: N/A | M19: N/A | N19: N/A | O19: N/A | P19: N/A | Q19: N/A | R19: N/A | S19: N/A | T19: N/A | U19: N/A | V19: N/A | W19: N/A | X19: N/A | Y19: N/A | Z19: N/A | AA19: N/A | AB19: N/A | AC19: N/A | AD19: N/A | AE19: N/A | AF19: NA | AG19: N/A | AH19: N/A | AI19: N/A | AJ19: N/A | AK19: N/A | AL19: 27 | AM19: 28 | AN19: 29 | AO19: 30
A20: H | B20: Cuando el objeto contractual incluya bienes o servicios ajenos a la obra pública de infraestructura de transporte y de manera excepcional se requiere incluir experiencia adicional para evaluar la idoneidad respecto de dichos bienes o servicios, la Entidad verificará si estos están incorporados en otros Documentos Tipo. En este caso, la Entidad observará las reglas de combinación de experiencia definidas en el literal A) de este numeral y, por tanto, la Entidad no podrá definir requisitos de experiencia distintos a los determinados por esta Agencia. En todo caso, si el objeto contractual contempla bienes o servicios ajenos que no están regulados en los Documentos Tipo, la Entidad Estatal aplicará los parámetros del artículo 4 de la Resolución 240 de 2020. Conforme con esta disposición, la Entidad no puede requerir experiencia adicional que incluya volúmenes o cantidades de obra específica expresada en SMMLV. La Entidad tampoco puede exigir experiencia general o específica adicional a la señalada en la Matriz 1 – Experiencia relacionada con Planes de Manejo Ambiental, Planes de Manejo de Tránsito o el Plan de Adaptación de la Guía Ambiental, porque no son bienes o servicios ajenos a la obra pública de infraestructura de transporte | L20: N/A | M20: N/A | N20: N/A | O20: N/A | P20: N/A | Q20: N/A | R20: N/A | S20: N/A | T20: N/A | U20: N/A | V20: N/A | W20: N/A | X20: N/A | Y20: N/A | Z20: N/A | AA20: N/A | AB20: N/A | AC20: N/A | AD20: N/A | AE20: N/A | AF20: NA | AG20: N/A | AH20: N/A | AI20: N/A | AJ20: N/A | AK20: N/A | AL20: 27 | AM20: 28 | AN20: 29 | AO20: 30
A21: 3.5.3. | B21: CONSIDERACIONES PARA LA VALIDEZ DE LA EXPERIENCIA REQUERIDA La Entidad Estatal tendrá en cuenta los siguientes aspectos para analizar la experiencia acreditada y que la misma sea válida como experiencia requerida: | L21: CUMPLE - NO CUMPLE - N/A | M21: CUMPLE - NO CUMPLE - N/A | N21: CUMPLE - NO CUMPLE - N/A | O21: CUMPLE - NO CUMPLE - N/A | P21: CUMPLE - NO CUMPLE - N/A | Q21: CUMPLE - NO CUMPLE - N/A | R21: CUMPLE - NO CUMPLE - N/A | S21: CUMPLE - NO CUMPLE - N/A | T21: CUMPLE - NO CUMPLE - N/A | U21: CUMPLE - NO CUMPLE - N/A | V21: CUMPLE - NO CUMPLE - N/A | W21: CUMPLE - NO CUMPLE - N/A | X21: CUMPLE - NO CUMPLE - N/A | Y21: CUMPLE - NO CUMPLE - N/A | Z21: CUMPLE - NO CUMPLE - N/A | AA21: CUMPLE - NO CUMPLE - N/A | AB21: CUMPLE - NO CUMPLE - N/A | AC21: CUMPLE - NO CUMPLE - N/A | AD21: CUMPLE - NO CUMPLE - N/A | AE21: CUMPLE - NO CUMPLE - N/A | AF21: CUMPLE - NO CUMPLE - N/A | AG21: CUMPLE - NO CUMPLE - N/A | AH21: CUMPLE - NO CUMPLE - N/A | AI21: CUMPLE - NO CUMPLE - N/A | AJ21: CUMPLE - NO CUMPLE - N/A | AK21: CUMPLE - NO CUMPLE - N/A | AL21: CUMPLE - NO CUMPLE - N/A | AM21: CUMPLE - NO CUMPLE - N/A | AN21: CUMPLE - NO CUMPLE - N/A | AO21: CUMPLE - NO CUMPLE - N/A
A22: A | B22: En el Clasificador de Bienes y Servicios, el segmento correspondiente para la clasificación de la experiencia es el segmento 72. Como el proceso de contratación está relacionado con las actividades de “semaforización y/o señalización vertical” previstas en la “Matriz 1 – Experiencia”, también se incluyen los segmentos 46, 73 u 81. | L22: CUMPLE | M22: CUMPLE | N22: CUMPLE | O22: CUMPLE | P22: CUMPLE | Q22: CUMPLE | R22: CUMPLE | S22: CUMPLE | T22: CUMPLE | U22: CUMPLE | V22: CUMPLE | W22: CUMPLE | X22: CUMPLE | Y22: CUMPLE | Z22: CUMPLE | AA22: CUMPE | AB22: CUMPLE | AC22: CUMPLE | AD22: CUMPLE | AE22: CUMPLE | AF22: CUMPLE | AG22: CUMPLE | AH22: CUMPLE | AI22: CUMPLE | AJ22: CUMPLE | AK22: CUMPLE | AL22: 0 | AM22: 0 | AN22: 0 | AO22: 0
A23: B | B23: La entidad contratante únicamente podrá exigir para la verificación de la experiencia los contratos celebrados por el interesado, identificados con el Clasificador de Bienes y Servicios hasta el tercer nivel. | L23: N/A | M23: N/A | N23: N/A | O23: N/A | P23: N/A | Q23: N/A | R23: N/A | S23: N/A | T23: N/A | U23: N/A | V23: N/A | W23: N/A | X23: N/A | Y23: N/A | Z23: N/A | AA23: N/A | AB23: N/A | AC23: CUMPLE | AD23: CUMPLE | AE23: N/A | AF23: N/A | AG23: N/A | AH23: N/A | AI23: N/A | AJ23: N/A | AK23: N/A | AL23: 0 | AM23: 0 | AN23: 0 | AO23: 0
A24: C | B24: Si el Proponente relaciona o anexa más de cinco (5) contratos en el Formato 3 - Experiencia, para efectos de evaluar la experiencia se tendrá en cuenta como máximo los cinco (5) contratos aportados de mayor valor. Tratándose de Proponentes que acrediten la calidad de Mipyme o emprendimiento y empresa de mujer con domicilio en el territorio nacional, se tendrá en cuenta como máximo los seis (6) contratos aportados de mayor valor. | L24: N/A | M24: N/A | N24: N/A | O24: N/A | P24: N/A | Q24: N/A | R24: N/A | S24: N/A | T24: N/A | U24: N/A | V24: N/A | W24: N/A | X24: N/A | Y24: N/A | Z24: N/A | AA24: N/A | AB24: N/A | AC24: N/A | AD24: N/A | AE24: N/A | AF24: N/A | AG24: N/A | AH24: N/A | AI24: N/A | AJ24: N/A | AK24: N/A | AL24: 0 | AM24: 0 | AN24: 0 | AO24: 0
A25: D | B25: Tratándose de Proponentes Plurales se tendrá en cuenta lo siguiente: i) uno de los integrantes debe aportar como mínimo el cincuenta por ciento (50 %) de la experiencia solicitada; ii) los demás integrantes deben acreditar al menos el cinco por ciento (5 %) de la experiencia solicitada; y iii) sin perjuicio de lo anterior, solo uno (1) de los integrantes, si así lo considera pertinente, podrá no acreditar experiencia. En este último caso, el porcentaje de participación del integrante que no aporta experiencia en la estructura plural no podrá superar el diez por ciento (10 %). Estos porcentajes que acreditarán los integrantes del Proponente Plural se podrán cumplir con contratos válidos que acrediten cualquier requisito de experiencia solicitada en el pliego de condiciones, y se calcularán sobre el “valor mínimo a certificar (como % del Presupuesto Oficial de obra expresado en SMMLV)” de conformidad con el numeral 3.5.8. Independientemente de él o los integrantes del Proponente Plural que aporten contratos para acreditar la experiencia, estos se tendrán en cuenta para calcular el “número de contratos con los cuales el Proponente cumple la experiencia acreditada" de que trata el numeral citado. En armonía con lo anterior, para cumplir el requisito previsto en este literal no se solicitará la acreditación de longitudes, magnitudes, volúmenes o porcentajes requeridos en la experiencia específica, sino que bastará con acreditar los SMMLV. Es importante aclarar que este proceso ofertado por Lotes tendrá en cuenta que los porcentajes de experiencia se calcularán sobre el "valor mínimo a certificar (como % del Presupuesto Oficial de obra expresado en SMMLV)” de conformidad con el numeral 3.5.8., esto es, en relación con el valor del Presupuesto Oficial establecido para cada Lote. | L25: CUMPLE | M25: CUMPLE | N25: N/A | O25: CUMPLE | P25: CUMPLE | Q25: CUMPLE | R25: CUMPLE | S25: CUMPLE | T25: CUMPLE | U25: CUMPLE | V25: CUMPLE | W25: CUMPLE | X25: CUMPLE | Y25: CUMPLE | Z25: CUMPLE | AA25: CUMPLE | AB25: CUMPLE | AC25: CUMPLE | AD25: CUMPLE | AE25: CUMPLE | AF25: CUMPLE | AG25: CUMPLE | AH25: CUMPLE | AI25: N/A | AJ25: CUMPLE | AK25: CUMPLE | AL25: 0 | AM25: 0 | AN25: 0 | AO25: 0
A26: E | B26: Cuando el contrato que se pretende acreditar como experiencia haya sido ejecutado en consorcio o unión temporal, el porcentaje de participación del integrante será el registrado en el RUP de este o en alguno de los documentos válidos para la acreditación de experiencia en caso de que el integrante no esté obligado a tener RUP. | L26: CUMPLE | M26: CUMPLE | N26: CUMPLE | O26: CUMPLE | P26: CUMPLE | Q26: CUMPLE | R26: CUMPLE | S26: CUMPLE | T26: CUMPLE | U26: CUMPLE | V26: CUMPLE | W26: CUMPLE | X26: CUMPLE | Y26: CUMPLE | Z26: CUMPLE | AA26: CUMPLE | AB26: CUMPLE | AC26: CUMPLE | AD26: CUMPLE | AE26: CUMPLE | AF26: CUMPLE | AG26: CUMPLE | AH26: CUMPLE | AI26: N/A | AJ26: CUMPLE | AK26: CUMPLE | AL26: 0 | AM26: 0 | AN26: 0 | AO26: 0
A27: F | B27: Cuando el contrato que se pretende acreditar como experiencia haya sido ejecutado en consorcio o unión temporal, el valor a considerar será el registrado en el RUP, o documento válido en caso de que el integrante no esté obligado a RUP, para la acreditación de experiencia multiplicada por el porcentaje de participación que tuvo el integrante o los integrantes. | L27: CUMPLE | M27: CUMPLE | N27: CUMPLE | O27: CUMPLE | P27: CUMPLE | Q27: CUMPLE | R27: CUMPLE | S27: CUMPLE | T27: CUMPLE | U27: CUMPLE | V27: CUMPLE | W27: CUMPLE | X27: CUMPLE | Y27: CUMPLE | Z27: CUMPLE | AA27: CUMPLE | AB27: CUMPLE | AC27: CUMPLE | AD27: CUMPLE | AE27: CUMPLE | AF27: CUMPLE | AG27: CUMPLE | AH27: CUMPLE | AI27: N/A | AJ27: CUMPLE | AK27: CUMPLE | AL27: 0 | AM27: 0 | AN27: 0 | AO27: 0
A28: G | B28: Cuando el contrato que se pretende acreditar como experiencia haya sido ejecutado en consorcio, el “% de dimensionamiento (según la longitud o magnitud requerida en el proceso de contratación)” exigido en la Matriz 1 – Experiencia se afectará por el porcentaje de participación que tuvo el integrante o los integrantes. Por su parte, si el contrato fue ejecutado como unión temporal la acreditación del “% de dimensionamiento” se afectará de acuerdo con la distribución de actividades y lo materialmente ejecutado, para lo cual se deberá allegar el documento de conformación de proponente plural que discrimine las actividades a cargo de cada uno de los integrantes o que de los documentos aportados para acreditar la experiencia se pueda determinar qué actividades ejecutó cada uno de los integrantes. En caso de que lo anterior no se logre determinar, la evaluación se realizará de conformidad con lo señalado en el párrafo precedente, respecto a los consorcios. Nota: El “dimensionamiento” de este literal no aplica solamente a vías, sino a cualquier dimensión o magnitud requerida en el proceso de selección para acreditar la experiencia según detalla la Matriz 1 - Experiencia. A modo enunciativo se tiene: longitud o luces libres de puentes vehiculares, metros cúbicos (volúmenes), en procesos de dragados marítimos o fluviales, longitudes de túneles, por mencionar algunos ejemplos. | L28: CUMPLE | M28: CUMPLE | N28: N/A | O28: CUMPLE | P28: CUMPLE | Q28: CUMPLE | R28: CUMPLE | S28: CUMPLE | T28: CUMPLE | U28: CUMPLE | V28: CUMPLE | W28: CUMPLE | X28: CUMPLE | Y28: CUMPLE | Z28: CUMPLE | AA28: CUMPLE | AB28: CUMPLE | AC28: CUMPLE | AD28: CUMPLE | AE28: CUMPLE | AF28: CUMPLE | AG28: CUMPLE | AH28: CUMPLE | AI28: N/A | AJ28: CUMPLE | AK28: CUMPLE | AL28: 0 | AM28: 0 | AN28: 0 | AO28: 0
A29: H | B29: Cuando el contrato que se aporte para la experiencia haya sido ejecutado por un consorcio o unión temporal, y dos (2) o más de sus integrantes conformen un proponente plural para participar en el presente proceso, dicho contrato se entenderá aportado como un (1) solo contrato y se tendrá en cuenta para el aporte de la experiencia la sumatoria de los porcentajes de los integrantes del consorcio o unión temporal que ejecutaron el contrato y que están participando en el presente proceso. | L29: CUMPLE | M29: CUMPLE | N29: N/A | O29: CUMPLE | P29: N/A | Q29: CUMPLE | R29: CUMPLE | S29: CUMPLE | T29: CUMPLE | U29: N/A | V29: CUMPLE - CON OBSERVACIÓN ABAJO | W29: CUMPLE | X29: CUMPLE | Y29: CUMPLE | Z29: CUMPLE | AA29: CUMPLE | AB29: CUMPLE | AC29: CUMPLE | AD29: CUMPLE | AE29: CUMPLE | AF29: CUMPLE | AG29: CUMPLE | AH29: CUMPLE | AI29: N/A | AJ29: CUMPLE | AK29: CUMPLE | AL29: 0 | AM29: 0 | AN29: 0 | AO29: 0
A30: I | B30: Para los proyectos de concesiones viales, únicamente se tendrá en cuenta la experiencia adquirida en la etapa constructiva y/o de intervención de la obra de infraestructura de transporte, lo cual deberá demostrarse con los documentos que la soporten. En consecuencia, no será válida la experiencia obtenida en la etapa de operación, administración y/o mantenimiento de la infraestructura concesionada. Para estos efectos, el oferente deberá acreditar los valores ejecutados expresados en SMMLV de la etapa constructiva y/o de intervención de la obra de infraestructura de transporte, empleando alguno de los documentos válidos establecidos en el numeral 3.5.6 del Pliego de Condiciones. En el evento en que los valores de los documentos aportados se expresen en moneda extranjera, se procederá de conformidad con lo previsto en el literal A del numeral 1.13. Para este caso, la fecha de terminación de la etapa constructiva y/o de intervención de la obra hará las veces de fecha de terminación del contrato. Ahora, para la conversión de dichos valores a SMMLV se seguirá el proceso descrito en el literal B del numeral 1.13, para lo cual se emplearán los valores históricos de SMMLV señalados por el Banco de la República (http://www.banrep.gov.co/es/mercado-laboral/salarios), del año correspondiente a la fecha de terminación de la etapa constructiva y/o de intervención de la obra. En los casos en que el Proponente no cumpla la exigencia antes señalada, la Entidad permitirá la subsanación, en los términos del numeral 1.6 del Pliego de Condiciones, requiriendo al Proponente para que demuestre los valores ejecutados. De no lograrse la discriminación de los valores ejecutados en el marco del respectivo contrato, la Entidad no lo tendrá en cuenta para la evaluación. En caso de que el valor ejecutado que consta en el RUP sea distinto al verificado en el documento aportado por el Proponente, la Entidad Estatal para evaluar el requisito de la experiencia tomará el dato del valor de alguno de los documentos válidos establecidos el numeral 3.5.6 del Pliego de Condiciones. Lo anterior, debido a que estos últimos discriminan el valor ejecutado en la etapa constructiva y/o de intervención de la obra de infraestructura de transporte. | L30: N/A | M30: N/A | N30: CUMPLE | O30: N/A | P30: N/A | Q30: N/A | R30: N/A | S30: N/A | T30: CUMPLE | U30: N/A | V30: N/A | W30: N/A | X30: N/A | Y30: N/A | Z30: CUMPLE | AA30: CUMPLE | AB30: CUMPLE | AC30: CUMPLE | AD30: CUMPLE | AE30: CUMPLE | AF30: CUMPLE | AG30: CUMPLE | AH30: N/A | AI30: N/A | AJ30: N/A | AK30: N/A | AL30: 0 | AM30: 0 | AN30: 0 | AO30: 0
A31: J | B31: El cumplimiento de los requisitos de experiencia que impliquen la acreditación de valores y magnitudes intervenidas deberá evaluarse de acuerdo con lo señalado en la Matriz 1 – Experiencia para la respectiva actividad a contratar. En los contratos aportados como experiencia que contengan actividades ejecutadas ajenas a la obra de infraestructura de transporte, la Entidad Estatal solo tendrá en cuenta los valores y magnitudes ejecutadas relacionadas con este tipo de infraestructura. Para estos efectos, el oferente deberá acreditar los valores y magnitudes intervenidas dentro del respectivo contrato, empleando alguno de los documentos válidos establecidos en el numeral 3.5.6 del Pliego de Condiciones. En todo caso, la Entidad Estatal permitirá la subsanación, en los términos del numeral 1.6 del Pliego de Condiciones, requiriendo al Proponente para que acredite los valores ejecutados y magnitudes intervenidas. De no lograrse la discriminación de los valores y magnitudes ejecutadas en el marco del respectivo contrato, la Entidad Estatal no lo tendrá en cuenta para la evaluación. | L31: CUMPLE | M31: CUMPLE | N31: CUMPLE | O31: CUMPLE | P31: CUMPLE | Q31: CUMPLE | R31: CUMPLE | S31: CUMPLE | T31: CUMPLE | U31: CUMPLE | V31: CUMPLE - CON OBSERVACIÓN ABAJO | W31: CUMPLE | X31: CUMPLE | Y31: CUMPLE | Z31: CUMPLE | AA31: CUMPLE | AB31: CUMPLE | AC31: CUMPLE | AD31: CUMPLE | AE31: CUMPLE | AF31: CUMPLE | AG31: CUMPLE | AH31: CUMPLE | AI31: CUMPLE | AJ31: CUMPLE | AK31: NO CUMPLE | AL31: 0 | AM31: 0 | AN31: 0 | AO31: 0
A32: K | B32: Las auto certificaciones no servirán para acreditar la experiencia requerida, ya que con estas no puede constatarse la ejecución de contratos que deben certificar los terceros que recibieron la obra, bien o servicio. Para la aplicación de esta regla, se entiende por auto certificaciones aquellas expedidas por el mismo Proponente, sus representantes, los integrantes del Proponente Plural o del mismo grupo empresarial para demostrar su propia experiencia. | L32: N/A | M32: NA | N32: N/A | O32: N/A | P32: N/A | Q32: N/A | R32: N/A | S32: N/A | T32: N/A | U32: N/A | V32: N/A | W32: N/A | X32: N/A | Y32: N/A | Z32: N/A | AA32: N/A | AB32: N/A | AC32: N/A | AD32: N/A | AE32: N/A | AF32: N/A | AG32: N/A | AH32: N/A | AI32: N/A | AJ32: N/A | AK32: N/A | AL32: 0 | AM32: 0 | AN32: 0 | AO32: 0
A33: L | B33: Las certificaciones de experiencia expedidas por el interventor de obra no servirán para probar la experiencia requerida. | L33: N/A | M33: NA | N33: N/A | O33: N/A | P33: N/A | Q33: N/A | R33: N/A | S33: N/A | T33: N/A | U33: N/A | V33: N/A | W33: N/A | X33: N/A | Y33: N/A | Z33: N/A | AA33: N/A | AB33: N/A | AC33: N/A | AD33: N/A | AE33: N/A | AF33: N/A | AG33: N/A | AH33: N/A | AI33: N/A | AJ33: N/A | AK33: N/A | AL33: 0 | AM33: 0 | AN33: 0 | AO33: 0
A34: 3.5.4. | B34: CLASIFICACIÓN DE LA EXPERIENCIA EN EL “CLASIFICADOR DE BIENES, OBRAS Y SERVICIOS DE LAS NACIONES UNIDAS” Los contratos aportados para efectos de acreditación de la experiencia requerida deben estar clasificados en alguno de los siguientes códigos: | L34: CUMPLE - NO CUMPLE - N/A | M34: CUMPLE - NO CUMPLE - N/A | N34: CUMPLE - NO CUMPLE - N/A | O34: CUMPLE - NO CUMPLE - N/A | P34: CUMPLE - NO CUMPLE - N/A | Q34: CUMPLE - NO CUMPLE - N/A | R34: CUMPLE - NO CUMPLE - N/A | S34: CUMPLE - NO CUMPLE - N/A | T34: CUMPLE - NO CUMPLE - N/A | U34: CUMPLE - NO CUMPLE - N/A | V34: CUMPLE - NO CUMPLE - N/A | W34: CUMPLE - NO CUMPLE - N/A | X34: CUMPLE - NO CUMPLE - N/A | Y34: CUMPLE - NO CUMPLE - N/A | Z34: CUMPLE - NO CUMPLE - N/A | AA34: CUMPLE - NO CUMPLE - N/A | AB34: CUMPLE - NO CUMPLE - N/A | AC34: CUMPLE - NO CUMPLE - N/A | AD34: CUMPLE - NO CUMPLE - N/A | AE34: CUMPLE - NO CUMPLE - N/A | AF34: CUMPLE - NO CUMPLE - N/A | AG34: CUMPLE - NO CUMPLE - N/A | AH34: CUMPLE - NO CUMPLE - N/A | AI34: CUMPLE - NO CUMPLE - N/A | AJ34: CUMPLE - NO CUMPLE - N/A | AK34: CUMPLE - NO CUMPLE - N/A | AL34: CUMPLE - NO CUMPLE - N/A | AM34: CUMPLE - NO CUMPLE - N/A | AN34: CUMPLE - NO CUMPLE - N/A | AO34: CUMPLE - NO CUMPLE - N/A
B35: #VALUE! | L35: CUMPLE | M35: CUMPLE | N35: CUMPLE | O35: CUMPLE | P35: CUMPLE | Q35: CUMPLE | R35: CUMPLE | S35: CUMPLE | T35: CUMPLE | U35: CUMPLE | V35: CUMPLE | W35: CUMPLE | X35: CUMPLE | Y35: CUMPLE | Z35: CUMPLE | AA35: CUMPLE | AB35: CUMPLE | AC35: CUMPLE | AD35: CUMPLE | AE35: CUMPLE | AF35: CUMPLE | AG35: CUMPLE | AH35: CUMPLE | AI35: CUMPLE | AJ35: CUMPLE | AK35: CUMPLE | AL35: 0 | AM35: 0 | AN35: 0 | AO35: 0
B36: Las personas naturales o jurídicas extranjeras sin domicilio o sucursal en Colombia deberán indicar los códigos de clasificación relacionados con los bienes, obras o servicios ejecutados con alguno de los documentos válidos establecidos en el pliego de condiciones para cada uno de los contratos aportados para la acreditación de la experiencia requerida. En el evento en el que dichos documentos no incluyan los códigos de clasificación, el representante legal del proponente deberá incluirlos en el Formato 3 – Experiencia. | L36: N/A | M36: NA | N36: N/A | O36: N/A | P36: N/A | Q36: N/A | R36: N/A | S36: N/A | T36: N/A | U36: N/A | V36: N/A | W36: N/A | X36: N/A | Y36: N/A | Z36: N/A | AA36: N/A | AB36: N/A | AC36: N/A | AD36: N/A | AE36: N/A | AF36: N/A | AG36: NA | AH36: N/A | AI36: N/A | AJ36: N/A | AK36: N/A | AL36: 0 | AM36: 0 | AN36: 0 | AO36: 0
A37: 3.5.5. | B37: ACREDITACIÓN DE LA EXPERIENCIA REQUERIDA Los proponentes acreditarán para cada uno de los contratos aportados la siguiente información mediante alguno de los documentos señalados en la sección 3.5.6 del pliego de condiciones: | L37: CUMPLE - NO CUMPLE - N/A | M37: CUMPLE - NO CUMPLE - N/A | N37: CUMPLE - NO CUMPLE - N/A | O37: CUMPLE - NO CUMPLE - N/A | P37: CUMPLE - NO CUMPLE - N/A | Q37: CUMPLE - NO CUMPLE - N/A | R37: CUMPLE - NO CUMPLE - N/A | S37: CUMPLE - NO CUMPLE - N/A | T37: CUMPLE - NO CUMPLE - N/A | U37: CUMPLE - NO CUMPLE - N/A | V37: CUMPLE - NO CUMPLE - N/A | W37: CUMPLE - NO CUMPLE - N/A | X37: CUMPLE - NO CUMPLE - N/A | Y37: CUMPLE - NO CUMPLE - N/A | Z37: CUMPLE - NO CUMPLE - N/A | AA37: CUMPLE - NO CUMPLE - N/A | AB37: CUMPLE - NO CUMPLE - N/A | AC37: CUMPLE - NO CUMPLE - N/A | AD37: CUMPLE - NO CUMPLE - N/A | AE37: CUMPLE - NO CUMPLE - N/A | AF37: CUMPLE - NO CUMPLE - N/A | AG37: CUMPLE - NO CUMPLE - N/A | AH37: CUMPLE - NO CUMPLE - N/A | AI37: CUMPLE - NO CUMPLE - N/A | AJ37: CUMPLE - NO CUMPLE - N/A | AK37: CUMPLE - NO CUMPLE - N/A | AL37: CUMPLE - NO CUMPLE - N/A | AM37: CUMPLE - NO CUMPLE - N/A | AN37: CUMPLE - NO CUMPLE - N/A | AO37: CUMPLE - NO CUMPLE - N/A
A38: A | B38: Contratante | L38: CUMPLE | M38: CUMPLE | N38: CUMPLE | O38: CUMPLE | P38: CUMPLE | Q38: CUMPLE | R38: CUMPLE | S38: CUMPLE | T38: CUMPLE | U38: CUMPLE | V38: CUMPLE | W38: CUMPLE | X38: CUMPLE | Y38: CUMPLE | Z38: CUMPLE | AA38: CUMPLE | AB38: CUMPLE | AC38: CUMPLE | AD38: CUMPLE | AE38: CUMPLE | AF38: CUMPLE | AG38: CUMPLE | AH38: CUMPLE | AI38: NO CUMPLE | AJ38: CUMPLE | AK38: CUMPLE | AL38: 0 | AM38: 0 | AN38: 0 | AO38: 0
A39: B | B39: Objeto del contrato | L39: CUMPLE | M39: CUMPLE | N39: CUMPLE | O39: CUMPLE | P39: CUMPLE | Q39: CUMPLE | R39: CUMPLE | S39: CUMPLE | T39: CUMPLE | U39: CUMPLE | V39: CUMPLE | W39: CUMPLE | X39: CUMPLE | Y39: CUMPLE | Z39: CUMPLE | AA39: CUMPLE | AB39: CUMPLE | AC39: CUMPLE | AD39: CUMPLE | AE39: CUMPLE | AF39: CUMPLE | AG39: CUMPLE | AH39: CUMPLE | AI39: NO CUMPLE | AJ39: CUMPLE | AK39: CUMPLE | AL39: 0 | AM39: 0 | AN39: 0 | AO39: 0
A40: C | B40: Principales actividades ejecutadas | L40: CUMPLE | M40: CUMPLE | N40: CUMPLE | O40: CUMPLE | P40: CUMPLE | Q40: CUMPLE | R40: CUMPLE | S40: CUMPLE | T40: CUMPLE | U40: CUMPLE | V40: CUMPLE | W40: CUMPLE | X40: CUMPLE | Y40: CUMPLE | Z40: CUMPLE | AA40: CUMPLE | AB40: CUMPLE | AC40: CUMPLE | AD40: CUMPLE | AE40: CUMPLE | AF40: CUMPLE | AG40: CUMPLE | AH40: CUMPLE | AI40: NO CUMPLE | AJ40: CUMPLE | AK40: CUMPLE | AL40: 0 | AM40: 0 | AN40: 0 | AO40: 0
A41: D | B41: Las longitudes, volúmenes, dimensiones, tipologías y demás condiciones de experiencia establecidas en la Matriz 1 – Experiencia, si aplica. | L41: CUMPLE | M41: CUMPLE | N41: CUMPLE | O41: CUMPLE | P41: CUMPLE | Q41: CUMPLE | R41: CUMPLE | S41: CUMPLE | T41: CUMPLE | U41: CUMPLE | V41: CUMPLE | W41: CUMPLE | X41: CUMPLE | Y41: CUMPLE | Z41: CUMPLE | AA41: CUMPLE | AB41: CUMPLE | AC41: CUMPLE | AD41: CUMPLE | AE41: CUMPLE | AF41: CUMPLE | AG41: CUMPLE | AH41: CUMPLE | AI41: NO CUMPLE | AJ41: CUMPLE | AK41: CUMPLE | AL41: 0 | AM41: 0 | AN41: 0 | AO41: 0
A42: E | B42: La fecha de iniciación de la ejecución del contrato: Esta fecha es diferente a la de suscripción del contrato, a menos que de los documentos del numeral 3.5.6 de forma expresa así se determine. Si en los documentos válidos aportados para la acreditación de experiencia solo se evidencia fecha (mes, año) de suscripción y/o inicio del contrato: se tendrá en cuenta el último día del mes que se encuentre señalado en la certificación. | L42: CUMPLE | M42: CUMPLE | N42: CUMPLE | O42: CUMPLE | P42: CUMPLE | Q42: CUMPLE | R42: CUMPLE | S42: CUMPLE | T42: CUMPLE | U42: CUMPLE | V42: CUMPLE | W42: CUMPLE | X42: CUMPLE | Y42: CUMPLE | Z42: CUMPLE | AA42: CUMPLE | AB42: CUMPLE | AC42: CUMPLE | AD42: CUMPLE | AE42: CUMPLE | AF42: CUMPLE | AG42: CUMPLE | AH42: CUMPLE | AI42: NO CUMPLE | AJ42: CUMPLE | AK42: CUMPLE | AL42: 0 | AM42: 0 | AN42: 0 | AO42: 0
A43: F | B43: La fecha de terminación de la ejecución del contrato: Esta fecha de terminación no es la fecha de entrega y/o recibo final, liquidación, o acta final, salvo que de los documentos del numeral 3.5.6 de forma expresa así se determine. Si en los documentos válidos aportados para la acreditación de experiencia solo se evidencia fecha (mes, año) de terminación del contrato: se tendrá en cuenta el primer día del mes que se encuentre señalado en la certificación. | L43: CUMPLE | M43: CUMPLE | N43: CUMPLE | O43: CUMPLE | P43: CUMPLE | Q43: CUMPLE | R43: CUMPLE | S43: CUMPLE | T43: CUMPLE | U43: CUMPLE | V43: CUMPLE | W43: CUMPLE | X43: CUMPLE | Y43: CUMPLE | Z43: CUMPLE | AA43: CUMPLE | AB43: CUMPLE | AC43: CUMPLE | AD43: CUMPLE | AE43: CUMPLE | AF43: CUMPLE | AG43: CUMPLE | AH43: CUMPLE | AI43: NO CUMPLE | AJ43: CUMPLE | AK43: CUMPLE | AL43: 0 | AM43: 0 | AN43: 0 | AO43: 0
A44: G | B44: Nombre y cargo de la persona que expide la certificación. | L44: CUMPLE | M44: CUMPLE | N44: CUMPLE | O44: CUMPLE | P44: CUMPLE | Q44: CUMPLE | R44: CUMPLE | S44: CUMPLE | T44: CUMPLE | U44: CUMPLE | V44: CUMPLE | W44: CUMPLE | X44: CUMPLE | Y44: CUMPLE | Z44: CUMPLE | AA44: CUMPLE | AB44: CUMPLE | AC44: CUMPLE | AD44: CUMPLE | AE44: CUMPLE | AF44: CUMPLE | AG44: CUMPLE | AH44: CUMPLE | AI44: NO CUMPLE | AJ44: CUMPLE | AK44: CUMPLE | AL44: 0 | AM44: 0 | AN44: 0 | AO44: 0
A45: H | B45: El porcentaje de participación del integrante del contratista plural. | L45: CUMPLE | M45: CUMPLE | N45: N/A | O45: CUMPLE | P45: CUMPLE | Q45: CUMPLE | R45: CUMPLE | S45: CUMPLE | T45: CUMPLE | U45: CUMPLE | V45: CUMPLE | W45: CUMPLE | X45: CUMPLE | Y45: CUMPLE | Z45: CUMPLE | AA45: CUMPLE | AB45: CUMPLE | AC45: CUMPLE | AD45: CUMPLE | AE45: CUMPLE | AF45: CUMPLE | AG45: CUMPLE | AH45: CUMPLE | AI45: NO CUMPLE | AJ45: CUMPLE | AK45: CUMPLE | AL45: 0 | AM45: 0 | AN45: 0 | AO45: 0
A46: I | B46: El porcentaje de participación en el valor ejecutado en el caso de contratistas plurales. | L46: CUMPLE | M46: CUMPLE | N46: N/A | O46: CUMPLE | P46: CUMPLE | Q46: CUMPLE | R46: CUMPLE | S46: CUMPLE | T46: CUMPLE | U46: CUMPLE | V46: CUMPLE | W46: CUMPLE | X46: CUMPLE | Y46: CUMPLE | Z46: CUMPLE | AA46: CUMPLE | AB46: CUMPLE | AC46: CUMPLE | AD46: CUMPLE | AE46: CUMPLE | AF46: CUMPLE | AG46: CUMPLE | AH46: CUMPLE | AI46: NO CUMPLE | AJ46: CUMPLE | AK46: CUMPLE | AL46: 0 | AM46: 0 | AN46: 0 | AO46: 0
A47: 3.5.6. | B47: DOCUMENTOS VÁLIDOS PARA LA ACREDITACIÓN DE LA EXPERIENCIA REQUERIDA En aquellos casos que por las características del objeto a contratar se requiera verificar información adicional a la contenida en el RUP, el Proponente podrá aportar uno o algunos de los documentos que se establecen a continuación, para que la Entidad realice la verificación en forma directa. Los mismos deberán estar debidamente diligenciados y suscritos por el contratante, el contratista o el Interventor, según corresponda. En caso de existir discrepancias entre dos (2) o más documentos aportados por el Proponente para la acreditación de experiencia, se tendrá en cuenta el orden de prevalencia establecido a continuación: | L47: CUMPLE - NO CUMPLE - N/A | M47: CUMPLE - NO CUMPLE - N/A | N47: CUMPLE - NO CUMPLE - N/A | O47: CUMPLE - NO CUMPLE - N/A | P47: CUMPLE - NO CUMPLE - N/A | Q47: CUMPLE - NO CUMPLE - N/A | R47: CUMPLE - NO CUMPLE - N/A | S47: CUMPLE - NO CUMPLE - N/A | T47: CUMPLE - NO CUMPLE - N/A | U47: CUMPLE - NO CUMPLE - N/A | V47: CUMPLE - NO CUMPLE - N/A | W47: CUMPLE - NO CUMPLE - N/A | X47: CUMPLE - NO CUMPLE - N/A | Y47: CUMPLE - NO CUMPLE - N/A | Z47: CUMPLE - NO CUMPLE - N/A | AA47: CUMPLE - NO CUMPLE - N/A | AB47: CUMPLE - NO CUMPLE - N/A | AC47: CUMPLE - NO CUMPLE - N/A | AD47: CUMPLE - NO CUMPLE - N/A | AE47: CUMPLE - NO CUMPLE - N/A | AF47: CUMPLE - NO CUMPLE - N/A | AG47: CUMPLE - NO CUMPLE - N/A | AH47: CUMPLE - NO CUMPLE - N/A | AI47: CUMPLE - NO CUMPLE - N/A | AJ47: CUMPLE - NO CUMPLE - N/A | AK47: CUMPLE - NO CUMPLE - N/A | AL47: CUMPLE - NO CUMPLE - N/A | AM47: CUMPLE - NO CUMPLE - N/A | AN47: CUMPLE - NO CUMPLE - N/A | AO47: CUMPLE - NO CUMPLE - N/A
A48: A | B48: Acta de liquidación | L48: CUMPLE | M48: N/A | N48: N/A | O48: N/A | P48: CUMPLE | Q48: N/A | R48: CUMPLE | S48: CUMPLE | T48: CUMPLE | U48: CUMPLE | V48: CUMPLE | W48: CUMPLE | X48: CUMPLE | Y48: N/A | Z48: CUMPLE | AA48: CUMPLE | AB48: N/A | AC48: CUMPLE | AD48: CUMPLE | AE48: CUMPLE | AF48: CUMPLE | AG48: CUMPLE | AH48: N/A | AI48: NO CUMPLE | AJ48: N/A | AK48: N/A | AL48: 0 | AM48: 0 | AN48: 0 | AO48: 0
A49: B | B49: Acta de entrega, terminación, final o de recibo definitivo. | L49: CUMPLE | M49: N/A | N49: N/A | O49: N/A | P49: CUMPLE | Q49: N/A | R49: CUMPLE | S49: N/A | T49: CUMPLE | U49: CUMPLE | V49: N/A | W49: CUMPLE | X49: CUMPLE | Y49: CUMPLE | Z49: CUMPLE | AA49: N/A | AB49: N/A | AC49: CUMPLE | AD49: CUMPLE | AE49: N/A | AF49: CUMPLE | AG49: N/A | AH49: CUMPLE | AI49: NO CUMPLE | AJ49: N/A | AK49: N/A | AL49: 0 | AM49: 0 | AN49: 0 | AO49: 0
A50: C | B50: Certificación de experiencia. Expedida con posterioridad a la fecha de terminación del contrato en la que conste el recibo a satisfacción de la obra contratada debidamente suscrita por quien esté en capacidad u obligación de hacerlo. | L50: N/A | M50: CUMPLE | N50: CUMPLE | O50: CUMPLE | P50: CUMPLE | Q50: CUMPLE | R50: CUMPLE | S50: N/A | T50: CUMPLE | U50: CUMPLE | V50: CUMPLE | W50: CUMPLE | X50: CUMPLE | Y50: N/A | Z50: N/A | AA50: N/A | AB50: CUMPLE | AC50: CUMPLE | AD50: CUMPLE | AE50: CUMPLE | AF50: N/A | AG50: CUMPLE | AH50: N/A | AI50: NO CUMPLE | AJ50: CUMPLE | AK50: CUMPLE | AL50: 0 | AM50: 0 | AN50: 0 | AO50: 0
A51: D | B51: Acta de inicio o la orden de inicio. La misma sólo será válida para efectos de acreditar la fecha de inicio. | L51: N/A | M51: N/A | N51: N/A | O51: N/A | P51: N/A | Q51: N/A | R51: N/A | S51: N/A | T51: N/A | U51: N/A | V51: N/A | W51: N/A | X51: N/A | Y51: N/A | Z51: N/A | AA51: N/A | AB51: N/A | AC51: N/A | AD51: N/A | AE51: N/A | AF51: N/A | AG51: N/A | AH51: N/A | AI51: NO CUMPLE | AJ51: N/A | AK51: N/A | AL51: 0 | AM51: 0 | AN51: 0 | AO51: 0
A52: E | B52: Para los contratos que hayan sido objeto de cesión, el contrato deberá encontrarse debidamente inscrito y clasificado en el RUP o en uno o alguno de los documentos considerados como válidos para la acreditación de experiencia de la empresa cesionaria, según aplique. La experiencia se admitirá para el cesionario y no se reconocerá experiencia alguna al cedente. | L52: N/A | M52: N/A | N52: N/A | O52: N/A | P52: N/A | Q52: N/A | R52: N/A | S52: N/A | T52: N/A | U52: N/A | V52: N/A | W52: N/A | X52: N/A | Y52: N/A | Z52: N/A | AA52: N/A | AB52: N/A | AC52: N/A | AD52: N/A | AE52: N/A | AF52: N/A | AG52: N/A | AH52: N/A | AI52: NO CUMPLE | AJ52: N/A | AK52: N/A | AL52: 0 | AM52: 0 | AN52: 0 | AO52: 0
A53: EXCEPCIÓN | B53: Para efectos de acreditación de experiencia entre particulares, el Proponente deberá aportar adicionalmente alguno de los documentos que se describen a continuación: | L53: CUMPLE - NO CUMPLE - N/A | M53: CUMPLE - NO CUMPLE - N/A | N53: CUMPLE - NO CUMPLE - N/A | O53: CUMPLE - NO CUMPLE - N/A | P53: CUMPLE - NO CUMPLE - N/A | Q53: CUMPLE - NO CUMPLE - N/A | R53: CUMPLE - NO CUMPLE - N/A | S53: CUMPLE - NO CUMPLE - N/A | T53: CUMPLE - NO CUMPLE - N/A | U53: CUMPLE - NO CUMPLE - N/A | V53: CUMPLE - NO CUMPLE - N/A | W53: CUMPLE - NO CUMPLE - N/A | X53: CUMPLE - NO CUMPLE - N/A | Y53: CUMPLE - NO CUMPLE - N/A | Z53: CUMPLE - NO CUMPLE - N/A | AA53: CUMPLE - NO CUMPLE - N/A | AB53: CUMPLE - NO CUMPLE - N/A | AC53: CUMPLE - NO CUMPLE - N/A | AD53: CUMPLE - NO CUMPLE - N/A | AE53: CUMPLE - NO CUMPLE - N/A | AF53: CUMPLE - NO CUMPLE - N/A | AG53: CUMPLE - NO CUMPLE - N/A | AH53: CUMPLE - NO CUMPLE - N/A | AI53: CUMPLE - NO CUMPLE - N/A | AJ53: CUMPLE - NO CUMPLE - N/A | AK53: CUMPLE - NO CUMPLE - N/A | AL53: CUMPLE - NO CUMPLE - N/A | AM53: CUMPLE - NO CUMPLE - N/A | AN53: CUMPLE - NO CUMPLE - N/A | AO53: CUMPLE - NO CUMPLE - N/A
A54: A | B54: Certificación de facturación expedida con posterioridad a la fecha de terminación del contrato emitida por el revisor fiscal o contador público del Proponente que acredita la experiencia, según corresponda, con la copia de la tarjeta profesional y certificado de antecedentes disciplinarios vigente, expedido por la Junta Central de Contadores, o los documentos equivalentes que hagan sus veces en el país donde se expide el documento del profesional. | L54: N/A | M54: N/A | N54: N/A | O54: N/A | P54: N/A | Q54: N/A | R54: N/A | S54: N/A | T54: N/A | U54: N/A | V54: N/A | W54: N/A | X54: N/A | Y54: N/A | Z54: N/A | AA54: N/A | AB54: N/A | AC54: N/A | AD54: N/A | AE54: N/A | AF54: N/A | AG54: N/A | AH54: N/A | AI54: N/A | AJ54: N/A | AK54: N/A | AL54: 0 | AM54: 0 | AN54: 0 | AO54: 0
A55: 3.5.7. | B55: PARA SUBCONTRATOS Para acreditar la experiencia de subcontratos, cuyo contrato principal fue suscrito con particulares, se aplicarán las disposiciones establecidas en el numeral anterior. Para acreditar la experiencia de contratos derivados de contratos suscritos con Entidades Estatales, el Proponente deberá aportar los documentos que se enlistan a continuación: | L55: CUMPLE - NO CUMPLE - N/A | M55: CUMPLE - NO CUMPLE - N/A | N55: CUMPLE - NO CUMPLE - N/A | O55: CUMPLE - NO CUMPLE - N/A | P55: CUMPLE - NO CUMPLE - N/A | Q55: CUMPLE - NO CUMPLE - N/A | R55: CUMPLE - NO CUMPLE - N/A | S55: CUMPLE - NO CUMPLE - N/A | T55: CUMPLE - NO CUMPLE - N/A | U55: CUMPLE - NO CUMPLE - N/A | V55: CUMPLE - NO CUMPLE - N/A | W55: CUMPLE - NO CUMPLE - N/A | X55: CUMPLE - NO CUMPLE - N/A | Y55: CUMPLE - NO CUMPLE - N/A | Z55: CUMPLE - NO CUMPLE - N/A | AA55: CUMPLE - NO CUMPLE - N/A | AB55: CUMPLE - NO CUMPLE - N/A | AC55: CUMPLE - NO CUMPLE - N/A | AD55: CUMPLE - NO CUMPLE - N/A | AE55: CUMPLE - NO CUMPLE - N/A | AF55: CUMPLE - NO CUMPLE - N/A | AG55: CUMPLE - NO CUMPLE - N/A | AH55: CUMPLE - NO CUMPLE - N/A | AI55: CUMPLE - NO CUMPLE - N/A | AJ55: CUMPLE - NO CUMPLE - N/A | AK55: CUMPLE - NO CUMPLE - N/A | AL55: CUMPLE - NO CUMPLE - N/A | AM55: CUMPLE - NO CUMPLE - N/A | AN55: CUMPLE - NO CUMPLE - N/A | AO55: CUMPLE - NO CUMPLE - N/A
A56: A | B56: Certificación del subcontrato. Certificación expedida con posterioridad a la fecha de terminación del subcontrato, la cual deberá estar suscrita por el representante legal del contratista del contrato principal, del Concesionario, o del EPC o Consorcio Constructor. Así mismo, debe contener la información requerida en el Pliego de Condiciones para efectos de la acreditación de la experiencia. | L56: N/A | M56: N/A | N56: N/A | O56: N/A | P56: N/A | Q56: N/A | R56: N/A | S56: N/A | T56: N/A | U56: N/A | V56: N/A | W56: N/A | X56: N/A | Y56: N/A | Z56: N/A | AA56: N/A | AB56: N/A | AC56: N/A | AD56: N/A | AE56: N/A | AF56: N/A | AG56: N/A | AH56: N/A | AI56: N/A | AJ56: N/A | AK56: N/A | AL56: 0 | AM56: 0 | AN56: 0 | AO56: 0
A57: B | B57: Certificación expedida por la Entidad Estatal del contrato principal del cual se derivó el subcontrato. Esta certificación debe contener la información básica del contrato principal la siguiente: I. Alcance de las obras ejecutadas en el contrato principal. II. Información en la cual se evidencie que la figura de la subcontratación es permitida en el marco del contrato principal. En caso de que no requiera autorización para subcontratar, el Proponente podrá aportar con su propuesta alguno de los siguientes documentos que den cuenta de esa circunstancia: i) copia del contrato o ii) certificación emitida por la Entidad Estatal, donde acredite que para subcontratar no se requería autorización. La información solicitada en el literal B únicamente se exige en relación con el contrato principal suscrito con la Entidad Estatal. En caso de que se presenten varios niveles de subcontratación, las reglas de los literales A y B aplicarán hasta el primer nivel de subcontratación. Para los siguientes niveles de subcontratación, la acreditación de la experiencia se realizará con las disposiciones establecidas en el numeral anterior. Para estos efectos, entiéndase el primer nivel de subcontratación como aquel contrato suscrito entre particulares, cuyo contrato principal del cual se deriva directamente, es el contrato estatal firmado entre una Entidad Estatal y un particular. Cuando el contratista directo y el subcontratista presenten ofertas en un mismo Proceso de Contratación, la experiencia derivada de las actividades subcontratadas solo pertenecerá al subcontratista. En este contexto, el contratista directo no podrá acreditar dichas actividades, por lo que no serán tenidas en cuenta para la verificación de la experiencia. Los Proponentes deberán advertir a la Entidad cuando en otros procesos el contratista directo hubiera certificado que, dentro de su contrato, se llevó a cabo la subcontratación, por cuanto tales actividades no serán tenidas en cuenta para efectos de acreditación de experiencia del contratista directo. Para tal fin, deberán informar a la Entidad, mediante comunicación escrita, indicando el proceso en el cual el contratista certificó la respectiva subcontratación. La obligación de informar las situaciones de subcontratación estará en cabeza de los Proponentes y de ninguna manera dicha carga será de la Entidad. En aquellos casos en los que el Proponente no advierta tal situación, la Entidad no tendrá responsabilidad alguna por cuanto no fue avisada. En ese caso, el contrato se contabilizará como un todo y no se tendrá en cuenta lo relacionado con la subcontratación. Cuando la Entidad haya sido advertida por alguno los Proponentes sobre situaciones de subcontratación, aplicará el numeral 1.11 del Pliego de Condiciones. | L57: N/A | M57: N/A | N57: N/A | O57: N/A | P57: N/A | Q57: N/A | R57: N/A | S57: N/A | T57: N/A | U57: N/A | V57: N/A | W57: N/A | X57: N/A | Y57: N/A | Z57: N/A | AA57: N/A | AB57: N/A | AC57: N/A | AD57: N/A | AE57: N/A | AF57: N/A | AG57: N/A | AH57: N/A | AI57: N/A | AJ57: N/A | AK57: N/A | AL57: 0 | AM57: 0 | AN57: 0 | AO57: 0
A58: 3.5.8. | B58: RELACIÓN DE LOS CONTRATOS FRENTE AL PRESUPUESTO OFICIAL La verificación del número de contratos para acreditar la experiencia se realiza de la siguiente manera: | L58: CUMPLE - NO CUMPLE - N/A | M58: CUMPLE - NO CUMPLE - N/A | N58: CUMPLE - NO CUMPLE - N/A | O58: CUMPLE - NO CUMPLE - N/A | P58: CUMPLE - NO CUMPLE - N/A | Q58: CUMPLE - NO CUMPLE - N/A | R58: CUMPLE - NO CUMPLE - N/A | S58: CUMPLE - NO CUMPLE - N/A | T58: CUMPLE - NO CUMPLE - N/A | U58: CUMPLE - NO CUMPLE - N/A | V58: CUMPLE - NO CUMPLE - N/A | W58: CUMPLE - NO CUMPLE - N/A | X58: CUMPLE - NO CUMPLE - N/A | Y58: CUMPLE - NO CUMPLE - N/A | Z58: CUMPLE - NO CUMPLE - N/A | AA58: CUMPLE - NO CUMPLE - N/A | AB58: CUMPLE - NO CUMPLE - N/A | AC58: CUMPLE - NO CUMPLE - N/A | AD58: CUMPLE - NO CUMPLE - N/A | AE58: CUMPLE - NO CUMPLE - N/A | AF58: CUMPLE - NO CUMPLE - N/A | AG58: CUMPLE - NO CUMPLE - N/A | AH58: CUMPLE - NO CUMPLE - N/A | AI58: CUMPLE - NO CUMPLE - N/A | AJ58: CUMPLE - NO CUMPLE - N/A | AK58: CUMPLE - NO CUMPLE - N/A | AL58: CUMPLE - NO CUMPLE - N/A | AM58: CUMPLE - NO CUMPLE - N/A | AN58: CUMPLE - NO CUMPLE - N/A | AO58: CUMPLE - NO CUMPLE - N/A
A59: RELACIÓN DE LOS CONTRATOS FRENTE AL PRESUPUESTO OFICIAL | L59: SUMATORIA SMMLV | M59: SUMATORIA SMMLV | N59: SUMATORIA SMMLV | O59: SUMATORIA SMMLV | P59: SUMATORIA SMMLV | Q59: SUMATORIA SMMLV | R59: SUMATORIA SMMLV | S59: SUMATORIA SMMLV | T59: SUMATORIA SMMLV | U59: SUMATORIA SMMLV | V59: SUMATORIA SMMLV | W59: SUMATORIA SMMLV | X59: SUMATORIA SMMLV | Y59: SUMATORIA SMMLV | Z59: SUMATORIA SMMLV | AA59: SUMATORIA SMMLV | AB59: SUMATORIA SMMLV | AC59: SUMATORIA SMMLV | AD59: SUMATORIA SMMLV | AE59: SUMATORIA SMMLV | AF59: SUMATORIA SMMLV | AG59: SUMATORIA SMMLV | AH59: SUMATORIA SMMLV | AI59: SUMATORIA SMMLV | AJ59: SUMATORIA SMMLV | AK59: SUMATORIA SMMLV | AL59: SUMATORIA | AM59: SUMATORIA | AN59: SUMATORIA | AO59: SUMATORIA
A60: NÚMERO DE CONTRATOS CON LOS CUALES EL PROPONENTE CUMPLE LA EXPERIENCIA ACREDITADA | G60: VALOR MÍNIMO A CERTIFICAR (COMO % DEL PRESUPUESTO OFICIAL DE OBRA EXPRESADO EN SMMLV)
A61: DE 1 HASTA 2 | F61: SMMLV | G61: 0.75 | L61: =4615.56+3284.13 -> 7899.69 | P61: =3639.12+4379.35 -> 8018.47 | S61: =5386.15+1728.77 -> 7114.92 | V61: =2506.89+2175.62 -> 4682.51 | Y61: =9196.25+1693.91 -> 10890.16 | AA61: =2403.89+1895.75 -> 4299.64 | AB61: =3070.07+442.59 -> 3512.66 | AD61: =85761.78+2306.67 -> 88068.45 | AE61: =1450+1717.527 -> 3167.527 | AF61: =10251+3864.5 -> 14115.5 | AG61: =2378.73+33140.58 -> 35519.31 | AH61: =5659.23+10875.9 -> 16535.13 | AI61: =2888.17 -> 2888.17 | AL61: 0 | AM61: 0 | AN61: 0 | AO61: 0
A62: DE 3 HASTA 4 | F62: SMMLV | G62: 1.2 | M62: =16565.98+10551.77+2211.96+5161.24 -> 34490.95 | O62: =3398.08+2646.08+7317.36 -> 13361.52 | Q62: =3347.02+9424.36+5697.88+3935.4 -> 22404.66 | R62: =10578.03+5932.9+7366.57 -> 23877.5 | T62: =7397.11+7322.49+6635.88+7882.82 -> 29238.3 | U62: =7087.4+1356.76+3515.6+4126.89 -> 16086.65 | W62: =4038.545+2646.0786+7684.215 -> 14368.839 | Z62: =3225.62+1634.63+1056.2+677.23 -> 6593.68 | AC62: =3141.45+777+4405.03+4502.65 -> 12826.13 | AI62: 2726.26 | AJ62: =2571.68+1580.19+687.5+495.74 -> 5335.11 | AL62: 0 | AM62: 0 | AN62: 0 | AO62: 0
A63: HASTA 5 | F63: SMMLV | G63: 1.5 | N63: =2116.98+1262.04+1614.62+1465.97+851.19 -> 7310.8 | X63: =3448.28+3138.21+2411.06+1305.37+1046.98 -> 11349.9 | AK63: =4044.35+82.54+2064.97+7087.4+1981.48+1398.36+542.38+519.9+488.92+488.92 -> 18699.22 | AL63: 0 | AM63: 0 | AN63: 0 | AO63: 0
A64: Si el número de contratos aportados supera los cinco (5) inicialmente previstos en este numeral, debido a la posibilidad de allegar contratos adicionales por tratarse de una Mipyme y/o emprendimiento y empresa de mujer, estos contratos adicionales, ya sean seis (6) o siete (7) -dependiendo si acredita una o ambas condiciones-, se tendrán en cuenta para demostrar el valor del ciento cincuenta por ciento (150 %) del valor del Presupuesto Oficial. La verificación se hará con base en la sumatoria de los valores totales ejecutados (incluido IVA) en SMMLV de los contratos que cumplan con los requisitos establecidos en este Pliego de Condiciones. El Proponente cumple el requisito de experiencia si la sumatoria de los valores totales ejecutados (incluido IVA) de los contratos expresados en SMMLV es mayor o igual al valor mínimo a certificar establecido en la tabla anterior. En caso de que el número de contratos con los cuales el Proponente acredita la experiencia no satisface el porcentaje mínimo a certificar establecido en la tabla anterior, se calificará la propuesta como no hábil y el Proponente podrá subsanarla en los términos contemplados en la sección 1.6. El valor mínimo a certificar debe ser en relación con el valor del Presupuesto Oficial del respectivo para cada Lote expresado en SMMLV. | L64: CUMPLE - NO CUMPLE - N/A | M64: CUMPLE - NO CUMPLE - N/A | N64: CUMPLE - NO CUMPLE - N/A | O64: CUMPLE - NO CUMPLE - N/A | P64: CUMPLE - NO CUMPLE - N/A | Q64: CUMPLE - NO CUMPLE - N/A | R64: CUMPLE - NO CUMPLE - N/A | S64: CUMPLE - NO CUMPLE - N/A | T64: CUMPLE - NO CUMPLE - N/A | U64: CUMPLE - NO CUMPLE - N/A | V64: CUMPLE - NO CUMPLE - N/A | W64: CUMPLE - NO CUMPLE - N/A | X64: CUMPLE - NO CUMPLE - N/A | Y64: CUMPLE - NO CUMPLE - N/A | Z64: CUMPLE - NO CUMPLE - N/A | AA64: CUMPLE - NO CUMPLE - N/A | AB64: CUMPLE - NO CUMPLE - N/A | AC64: CUMPLE - NO CUMPLE - N/A | AD64: CUMPLE - NO CUMPLE - N/A | AE64: CUMPLE - NO CUMPLE - N/A | AF64: CUMPLE - NO CUMPLE - N/A | AG64: CUMPLE - NO CUMPLE - N/A | AH64: CUMPLE - NO CUMPLE - N/A | AI64: CUMPLE - NO CUMPLE - N/A | AJ64: CUMPLE - NO CUMPLE - N/A | AK64: CUMPLE - NO CUMPLE - N/A | AL64: CUMPLE - NO CUMPLE - N/A | AM64: CUMPLE - NO CUMPLE - N/A | AN64: CUMPLE - NO CUMPLE - N/A | AO64: CUMPLE - NO CUMPLE - N/A
L65: CUMPLE | M65: CUMPLE | N65: CUMPLE | O65: CUMPLE | P65: CUMPLE | Q65: CUMPLE | R65: CUMPLE | S65: CUMPLE | T65: CUMPLE | U65: CUMPLE | V65: CUMPLE | W65: CUMPLE | X65: CUMPLE | Y65: CUMPLE | Z65: CUMPLE | AA65: CUMPLE | AB65: CUMPLE | AC65: CUMPLE | AD65: CUMPLE | AE65: CUMPLE | AF65: CUMPLE | AG65: CUMPLE | AH65: CUMPLE | AI65: CUMPLE | AJ65: CUMPLE | AK65: CUMPLE | AL65: 0 | AM65: 0 | AN65: 0 | AO65: 0
A66: OBSERVACIONES | L66: N/A | M66: N/A | N66: N/A | O66: N/A | P66: N/A | Q66: N/A | R66: N/A | S66: N/A | T66: N/A | U66: N/A | V66: N/A | W66: N/A | X66: N/A | Y66: N/A | Z66: N/A | AA66: N/A | AB66: N/A | AC66: N/A | AD66: N/A | AE66: N/A | AF66: N/A | AG66: N/A | AH66: N/A | AI66: N/A | AJ66: N/A | AK66: N/A
B69: #VALUE! | F69: #VALUE!
B71: MIGUEL ANGEL RUIZ ALVAREZ | F71: DIEGO ARMANDO MONROY VILLAMIL
B72: Contratista Dirección de Política Sectorial | F72: Contratista Dirección de Política Sectorial

Sheet Eva. Puntable
A1: #VALUE! | C1: INFORME DE EVALUACIÓN TÉCNICA
C2: STM- LICITACIÓN PÚBLICA Nº STM-LP-286-2024
C3: OBJETO:IMPLEMENTAR INTERVENCIONES EN INFRAESTRUCTURA VIAL PARA MEJORAR LAS CONDICIONES DE SEGURIDAD VIAL Y MITIGAR RIESGOS EN PUNTOS CRÍTICOS PRIORIZADOS A CARGO DEL DEPARTAMENTO DE CUNDINAMARCA”
C5: EVALUACIÓN TECNICA LICITACIÓN PÚBLICA No. :
A7: PRESUPUESTO OFICIAL: | G7: 4000000000 | J7: VALOR DEL SMMLV DEL AÑO 2023: | L7: 1300000
A8: LOTE: | G8: 1 | J8: VALOR PRESUPUESTO OFICIAL EN SMMLV: | L8: =G7/L7 -> 3076.9231
A10: ITEM | B10: CRITERIO A EVALUAR | L10: P1 | M10: P2 | N10: P3 | O10: P4 | P10: P5 | Q10: P6 | R10: P7 | S10: P8 | T10: P9 | U10: P10 | V10: P11 | W10: P12 | X10: P13 | Y10: P14 | Z10: P15 | AA10: P16 | AB10: P17 | AC10: P18 | AD10: P19 | AE10: P20 | AF10: P21 | AG10: P22 | AH10: P23 | AI10: P24 | AJ10: P25 | AK10: P26 | AL10: P27 | AM10: P28 | AN10: P29 | AO10: P30
L11: {=TRANSPOSE(Proponentes!B11:B40)} -> Unión Temporal Elite 2024 | M11: Consorcio Señalizar GP | N11: CREA SAS | O11: UT Cundinamarca Segura | P11: PINTUVIAL SAS | Q11: SEGURIDAD Y SERVICIOS SEÑALIZACIÓN S.A. | R11: SOCINTER S.A. | S11: UT TRACKVIAL | T11: CONSORCIO VIAL COMPROT 2024 | U11: FREESTONE CONSTRUCCIONES S.A.S. | V11: NSP DE COLOMBIA S.A.S. | W11: INGENIEROS CIVILES EN TRAFICO, TRANSPORTE Y VIAS - ICOVIAS S.A.S. | X11: JAVIER FERNANDO BASTIDAS CAMPAÑA | Y11: CONSORCIO MS. | Z11: CONSORCIO WIGV SEÑALIZADORES | AA11: CONSORCIO SUPER AC2R 2024 | AB11: CONSORCIO VIAL CUNDINAMARCA 286 | AC11: UNIÓN TEMPORAL VSDM | AD11: CONSORCIO SEGURIVIAL SM | AE11: UNIÓN TEMPORAL INSEAN CUNDINAMARCA 2024 | AF11: CONSORCIO CUNDINAMARCA VIAL. | AG11: CONSORCIO INGENIO VIAL | AH11: CONSORCIO SEGUVIAL 2RI | AI11: SEÑAL VÍAS SAS | AJ11: CONSORCIO GEPAV-TPD. | AK11: CONSORCIO SANTIAGO | AL11: 0 | AM11: 0 | AN11: 0 | AO11: 0
A12: 4.1. | B12: PROPUESTA ECONÓMICA | L12: CUMPLE - NO CUMPLE - N/A | M12: CUMPLE - NO CUMPLE - N/A | N12: CUMPLE - NO CUMPLE - N/A | O12: CUMPLE - NO CUMPLE - N/A | P12: CUMPLE - NO CUMPLE - N/A | Q12: CUMPLE - NO CUMPLE - N/A | R12: CUMPLE - NO CUMPLE - N/A | S12: CUMPLE - NO CUMPLE - N/A | T12: CUMPLE - NO CUMPLE - N/A | U12: CUMPLE - NO CUMPLE - N/A | V12: CUMPLE - NO CUMPLE - N/A | W12: CUMPLE - NO CUMPLE - N/A | X12: CUMPLE - NO CUMPLE - N/A | Y12: CUMPLE - NO CUMPLE - N/A | Z12: CUMPLE - NO CUMPLE - N/A | AA12: CUMPLE - NO CUMPLE - N/A | AB12: CUMPLE - NO CUMPLE - N/A | AC12: CUMPLE - NO CUMPLE - N/A | AD12: CUMPLE - NO CUMPLE - N/A | AE12: CUMPLE - NO CUMPLE - N/A | AF12: CUMPLE - NO CUMPLE - N/A | AG12: CUMPLE - NO CUMPLE - N/A | AH12: CUMPLE - NO CUMPLE - N/A | AI12: CUMPLE - NO CUMPLE - N/A | AJ12: CUMPLE - NO CUMPLE - N/A | AK12: CUMPLE - NO CUMPLE - N/A | AL12: CUMPLE - NO CUMPLE - N/A | AM12: CUMPLE - NO CUMPLE - N/A | AN12: CUMPLE - NO CUMPLE - N/A | AO12: CUMPLE - NO CUMPLE - N/A
B13: PRESUPUESTO OFICIAL | K13: 4000000000 | L13: 0 | M13: 0 | N13: 0 | O13: 0 | P13: 0 | Q13: 0 | R13: 0 | S13: 0 | T13: 0 | U13: 0 | V13: 0 | W13: 0 | X13: 0 | Y13: 0 | Z13: 0 | AA13: 0 | AB13: 0 | AC13: 0 | AD13: 0 | AE13: 0 | AF13: 0 | AG13: 0 | AH13: 0 | AI13: 0 | AJ13: 0 | AK13: 0 | AL13: 0 | AM13: 0 | AN13: 0 | AO13: 0
B14: VALOR PROPUESTA
B15: TRM
B16: Para determinar el método de ponderación, la entidad tomará los centavos de la Tasa de Cambio Representativa del Mercado (TRM) | E16: Rango | G16: Número | I16: Método | L16: Puntos Totales | M16: Puntos Totales | N16: Puntos Totales | O16: Puntos Totales | P16: Puntos Totales | Q16: Puntos Totales | R16: Puntos Totales | S16: Puntos Totales | T16: Puntos Totales | U16: Puntos Totales | V16: Puntos Totales | W16: Puntos Totales | X16: Puntos Totales | Y16: Puntos Totales | Z16: Puntos Totales | AA16: Puntos Totales | AB16: Puntos Totales | AC16: Puntos Totales | AD16: Puntos Totales | AE16: Puntos Totales | AF16: Puntos Totales | AG16: Puntos Totales | AH16: Puntos Totales | AI16: Puntos Totales | AJ16: Puntos Totales | AK16: Puntos Totales | AL16: Puntos Totales | AM16: Puntos Totales | AN16: Puntos Totales | AO16: Puntos Totales
E17: De 0.00 a 0.24 | G17: 1 | I17: Mediana con valor absoluto | L17: 0 | M17: 0 | N17: 0 | O17: 0 | P17: 0 | Q17: 0 | R17: 0 | S17: 0 | T17: 0 | U17: 10 | V17: 0 | W17: 0 | X17: 0 | Y17: 0 | Z17: 0 | AA17: 0 | AB17: 0 | AC17: 0 | AD17: 0 | AE17: 0 | AF17: 0 | AG17: 0 | AH17: 0 | AI17: 0 | AJ17: 0 | AK17: 0 | AL17: 0 | AM17: 0 | AN17: 0 | AO17: 0
E18: De 0.25 a 0.49 | G18: 2 | I18: Media geométrica | L18: 0 | M18: 0 | N18: 0 | O18: 0 | P18: 0 | Q18: 0 | R18: 0 | S18: 0 | T18: 0 | U18: 0 | V18: 0 | W18: 0 | X18: 0 | Y18: 0 | Z18: 0 | AA18: 0 | AB18: 0 | AC18: 0 | AD18: 0 | AE18: 0 | AF18: 0 | AG18: 0 | AH18: 0 | AI18: 0 | AJ18: 0 | AK18: 0 | AL18: 0 | AM18: 0 | AN18: 0 | AO18: 0
E19: De 0.50 a 0.74 | G19: 3 | I19: Media aritmética baja | L19: 0 | M19: 0 | N19: 0 | O19: 0 | P19: 0 | Q19: 0 | R19: 0 | S19: 0 | T19: 0 | U19: 0 | V19: 0 | W19: 0 | X19: 0 | Y19: 0 | Z19: 0 | AA19: 0 | AB19: 0 | AC19: 0 | AD19: 0 | AE19: 0 | AF19: 0 | AG19: 0 | AH19: 0 | AI19: 0 | AJ19: 0 | AK19: 0 | AL19: 0 | AM19: 0 | AN19: 0 | AO19: 0
E20: De 0.75 a 0.99 | G20: 4 | I20: Menor valor | L20: 0 | M20: 0 | N20: 0 | O20: 0 | P20: 0 | Q20: 0 | R20: 0 | S20: 0 | T20: 0 | U20: 0 | V20: 0 | W20: 0 | X20: 0 | Y20: 0 | Z20: 0 | AA20: 0 | AB20: 0 | AC20: 0 | AD20: 0 | AE20: 0 | AF20: 0 | AG20: 0 | AH20: 0 | AI20: 0 | AJ20: 0 | AK20: 0 | AL20: 0 | AM20: 0 | AN20: 0 | AO20: 0
B21: TOTAL | L21: =SUM(L17:L20) -> 0 | M21: =SUM(M17:M20) -> 0 | N21: =SUM(N17:N20) -> 0 | O21: =SUM(O17:O20) -> 0 | P21: =SUM(P17:P20) -> 0 | Q21: =SUM(Q17:Q20) -> 0 | R21: =SUM(R17:R20) -> 0 | S21: =SUM(S17:S20) -> 0 | ... AO21: =SUM(AO17:AO20) -> 0
A22: 4.2. | B22: FACTOR DE CALIDAD | L22: Puntos Totales | M22: Puntos Totales | N22: Puntos Totales | O22: Puntos Totales | P22: Puntos Totales | Q22: Puntos Totales | R22: Puntos Totales | S22: Puntos Totales | T22: Puntos Totales | U22: Puntos Totales | V22: Puntos Totales | W22: Puntos Totales | X22: Puntos Totales | Y22: Puntos Totales | Z22: Puntos Totales | AA22: Puntos Totales | AB22: Puntos Totales | AC22: Puntos Totales | AD22: Puntos Totales | AE22: Puntos Totales | AF22: Puntos Totales | AG22: Puntos Totales | AH22: Puntos Totales | AI22: Puntos Totales | AJ22: Puntos Totales | AK22: Puntos Totales | AL22: Puntos Totales | AM22: Puntos Totales | AN22: Puntos Totales | AO22: Puntos Totales
B23: La Entidad asignará el puntaje de factor de calidad como sigue: | E23: CONCEPTO | K23: PUNTAJE
E24: Implementación del programa de gerencia de proyectos | K24: 10 | L24: 10 | M24: 10 | N24: 10 | O24: 10 | P24: 10 | Q24: 10 | R24: 10 | S24: 10 | T24: 10 | U24: 10 | V24: 10 | W24: 10 | X24: 10 | Y24: 10 | Z24: 10 | AA24: 10 | AB24: 10 | AC24: 10 | AD24: 10 | AE24: 10 | AF24: 10 | AG24: 10 | AH24: 10 | AI24: 10 | AJ24: 10 | AK24: 10 | AL24: 0 | AM24: 0 | AN24: 0 | AO24: 0
E25: Presentación de un plan de calidad. | K25: 9 | L25: 9 | M25: 9 | N25: 9 | O25: 9 | P25: 9 | Q25: 9 | R25: 9 | S25: 9 | T25: 9 | U25: 9 | V25: 9 | W25: 9 | X25: 9 | Y25: 9 | Z25: 9 | AA25: 9 | AB25: 9 | AC25: 9 | AD25: 9 | AE25: 9 | AF25: 9 | AG25: 9 | AH25: 9 | AI25: 9 | AJ25: 9 | AK25: 9 | AL25: 0 | AM25: 0 | AN25: 0 | AO25: 0
E26: TOTAL | K26: 19 | L26: =SUM(L24:L25) -> 19 | M26: =SUM(M24:M25) -> 19 | N26: =SUM(N24:N25) -> 19 | O26: =SUM(O24:O25) -> 19 | P26: =SUM(P24:P25) -> 19 | Q26: =SUM(Q24:Q25) -> 19 | R26: =SUM(R24:R25) -> 19 | S26: =SUM(S24:S25) -> 19 | ... AK26: =SUM(AK24:AK25) -> 19 | AL26: 0 | AM26: 0 | AN26: 0 | AO26: 0
A27: 4.3 | B27: APOYO A LA INDUSTRIA NACIONAL | L27: Puntos Totales | M27: Puntos Totales | N27: Puntos Totales | O27: Puntos Totales | P27: Puntos Totales | Q27: Puntos Totales | R27: Puntos Totales | S27: Puntos Totales | T27: Puntos Totales | U27: Puntos Totales | V27: Puntos Totales | W27: Puntos Totales | X27: Puntos Totales | Y27: Puntos Totales | Z27: Puntos Totales | AA27: Puntos Totales | AB27: Puntos Totales | AC27: Puntos Totales | AD27: Puntos Totales | AE27: Puntos Totales | AF27: Puntos Totales | AG27: Puntos Totales | AH27: Puntos Totales | AI27: Puntos Totales | AJ27: Puntos Totales | AK27: Puntos Totales | AL27: Puntos Totales | AM27: Puntos Totales | AN27: Puntos Totales | AO27: Puntos Totales
B28: Los puntajes para estimular a la industria nacional se relacionan en la siguiente tabla: | E28: CONCEPTO | K28: PUNTAJE
E29: Promoción de Servicios Nacionales o con Trato Nacional | K29: 20 | L29: 20 | M29: 20 | N29: 20 | O29: 20 | P29: 20 | Q29: 20 | R29: 20 | S29: 20 | T29: 20 | U29: 20 | V29: 20 | W29: 20 | X29: 20 | Y29: 20 | Z29: 20 | AA29: 20 | AB29: 20 | AC29: 20 | AD29: 20 | AE29: 20 | AF29: 20 | AG29: 20 | AH29: 20 | AI29: 20 | AJ29: 20 | AK29: 20 | AL29: 0 | AM29: 0 | AN29: 0 | AO29: 0
E30: Incorporación de componente nacional en servicios extranjeros | K30: 5 | L30: 0 | M30: 0 | N30: 0 | O30: 0 | P30: 0 | Q30: 0 | R30: 0 | S30: 0 | T30: 0 | U30: 0 | V30: 0 | W30: 0 | X30: 0 | Y30: 0 | Z30: 0 | AA30: 0 | AB30: 0 | AC30: 0 | AD30: 0 | AE30: 0 | AF30: 0 | AG30: 0 | AH30: 0 | AI30: 0 | AJ30: 0 | AK30: 0 | AL30: 0 | AM30: 0 | AN30: 0 | AO30: 0
E31: TOTAL | K31: 25 | L31: =SUM(L29:L30) -> 20 | M31: =SUM(M29:M30) -> 20 | N31: =SUM(N29:N30) -> 20 | O31: =SUM(O29:O30) -> 20 | P31: =SUM(P29:P30) -> 20 | Q31: =SUM(Q29:Q30) -> 20 | R31: =SUM(R29:R30) -> 20 | S31: =SUM(S29:S30) -> 20 | ... AK31: =SUM(AK29:AK30) -> 20 | AL31: 0 | AM31: 0 | AN31: =SUM(AN29:AN30) -> 0 | AO31: 0
A32: 4.4. | B32: VINCULACIÓN DE PERSONAS CON DISCAPACIDAD | J32: PUNTAJE | L32: Puntos Totales | M32: Puntos Totales | N32: Puntos Totales | O32: Puntos Totales | P32: Puntos Totales | Q32: Puntos Totales | R32: Puntos Totales | S32: Puntos Totales | T32: Puntos Totales | U32: Puntos Totales | V32: Puntos Totales | W32: Puntos Totales | X32: Puntos Totales | Y32: Puntos Totales | Z32: Puntos Totales | AA32: Puntos Totales | AB32: Puntos Totales | AC32: Puntos Totales | AD32: Puntos Totales | AE32: Puntos Totales | AF32: Puntos Totales | AG32: Puntos Totales | AH32: Puntos Totales | AI32: Puntos Totales | AJ32: Puntos Totales | AK32: Puntos Totales | AL32: Puntos Totales | AM32: Puntos Totales | AN32: Puntos Totales | AO32: Puntos Totales
B33: La entidad asignará un (1) punto al proponente que acredite el número mínimo de personas con discapacidad de acuerdo con el número total de trabajadores de la planta de su personal en los términos señalados en el artículo 2.2.1.2.4.2.6. del Decreto 1082 de 2015 (adicionado por el Decreto 392 de 2018). | J33: 1 | L33: 1 | M33: 1 | N33: 1 | O33: 1 | P33: 1 | Q33: 1 | R33: 1 | S33: 1 | T33: 1 | U33: 1 | V33: 1 | W33: 1 | X33: 1 | Y33: 1 | Z33: 1 | AA33: 1 | AB33: 1 | AC33: 1 | AD33: 1 | AE33: 1 | AF33: 1 | AG33: 1 | AH33: 1 | AI33: 1 | AJ33: 1 | AK33: 1 | AL33: 0 | AM33: 0 | AN33: 0 | AO33: 0
A34: 4.5. | B34: EMPRENDIMIENTOS Y EMPRESAS DE MUJERES | J34: PUNTAJE | L34: Puntos Totales | M34: Puntos Totales | N34: Puntos Totales | O34: Puntos Totales | P34: Puntos Totales | Q34: Puntos Totales | R34: Puntos Totales | S34: Puntos Totales | T34: Puntos Totales | U34: Puntos Totales | V34: Puntos Totales | W34: Puntos Totales | X34: Puntos Totales | Y34: Puntos Totales | Z34: Puntos Totales | AA34: Puntos Totales | AB34: Puntos Totales | AC34: Puntos Totales | AD34: Puntos Totales | AE34: Puntos Totales | AF34: Puntos Totales | AG34: Puntos Totales | AH34: Puntos Totales | AI34: Puntos Totales | AJ34: Puntos Totales | AK34: Puntos Totales | AL34: Puntos Totales | AM34: Puntos Totales | AN34: Puntos Totales | AO34: Puntos Totales
B35: La Entidad asignará un puntaje de cero punto veinticinco (0.25) puntos al Proponente que acredite la calidad de emprendimientos y empresas de mujeres con domicilio en el territorio nacional de conformidad con lo previsto en el artículo 2.2.1.2.4.2.14. del Decreto 1082 de 2015 o la norma que lo modifique, sustituya o complemente. | J35: 0.25 | L35: 0.25 | M35: 0.25 | N35: 0.25 | O35: 0.25 | P35: 0.25 | Q35: 0.25 | R35: 0.25 | S35: 0.25 | T35: 0.25 | U35: 0.25 | V35: 0.25 | W35: 0.25 | X35: 0 | Y35: 0.25 | Z35: 0.25 | AA35: 0.25 | AB35: 0.25 | AC35: 0.25 | AD35: 0.25 | AE35: 0.25 | AF35: 0.25 | AG35: 0.25 | AH35: 0.25 | AI35: 0.25 | AJ35: 0.25 | AK35: 0.25 | AL35: 0 | AM35: 0 | AN35: 0 | AO35: 0
A36: 4.6. | B36: MIPYME DOMICILIADA EN COLOMBIA | J36: PUNTAJE | L36: Puntos Totales | M36: Puntos Totales | N36: Puntos Totales | O36: Puntos Totales | P36: Puntos Totales | Q36: Puntos Totales | R36: Puntos Totales | S36: Puntos Totales | T36: Puntos Totales | U36: Puntos Totales | V36: Puntos Totales | W36: Puntos Totales | X36: Puntos Totales | Y36: Puntos Totales | Z36: Puntos Totales | AA36: Puntos Totales | AB36: Puntos Totales | AC36: Puntos Totales | AD36: Puntos Totales | AE36: Puntos Totales | AF36: Puntos Totales | AG36: Puntos Totales | AH36: Puntos Totales | AI36: Puntos Totales | AJ36: Puntos Totales | AK36: Puntos Totales | AL36: Puntos Totales | AM36: Puntos Totales | AN36: Puntos Totales | AO36: Puntos Totales
B37: La Entidad otorgará un puntaje de cero punto veinticinco (0.25) puntos al Proponente que acredite la calidad de Mipyme domiciliada en Colombia de conformidad con el artículo 2.2.1.2.4.2.4 del Decreto 1082 de 2015, en concordancia con el parágrafo del artículo 2.2.1.13.2.4 del Decreto 1074 de 2015, o la norma que lo modifique, complemente o sustituya. | J37: 0.25 | L37: 0.25 | M37: 0.25 | N37: 0.25 | O37: 0.25 | P37: 0.25 | Q37: 0.25 | R37: 0.25 | S37: 0.25 | T37: 0.25 | U37: 0.25 | V37: 0.25 | W37: 0.25 | X37: 0.25 | Y37: 0.25 | Z37: 0.25 | AA37: 0.25 | AB37: 0.25 | AC37: 0.25 | AD37: 0.25 | AE37: 0.25 | AF37: 0.25 | AG37: 0.25 | AH37: 0.25 | AI37: 0.25 | AJ37: 0.25 | AK37: 0.25 | AL37: 0 | AM37: 0 | AN37: 0 | AO37: 30
A38: PUNTAJE PARCIAL | L38: =L26+L31+L33+L35+L37 -> 40.5 | M38: =M26+M31+M33+M35+M37 -> 40.5 | N38: =N26+N31+N33+N35+N37 -> 40.5 | O38: =O26+O31+O33+O35+O37 -> 40.5 | P38: =P26+P31+P33+P35+P37 -> 40.5 | Q38: =Q26+Q31+Q33+Q35+Q37 -> 40.5 | R38: =R26+R31+R33+R35+R37 -> 40.5 | S38: =S26+S31+S33+S35+S37 -> 40.5 | ... AO38: =AO26+AO31+AO33+AO35+AO37 -> 30
A39: VERIFICACIÓN OBRAS INCONCLUSAS (-1)
A40: Las Entidades deberán reducir durante la evaluación de las ofertas dos (2) puntos a los Proponentes que se les haya impuesto una o más multas o cláusulas penales durante el último año, contado a partir de la fecha prevista para el cierre del proceso, sin importar la cuantía y sin perjuicio de las demás consecuencias derivadas del incumplimiento. Esta reducción también afectará a los Consorcios y a las Uniones Temporales si alguno de sus integrantes se encuentra en la situación anterior. (-2)
A41: TOTAL PUNTAJE - VERIFICACIÓN OBRAS INCONCLUSAS | L41: =L38-L39-L40 -> 40.5 | M41: =M38-M39-M40 -> 40.5 | N41: =N38-N39-N40 -> 40.5 | O41: =O38-O39-O40 -> 40.5 | P41: =P38-P39-P40 -> 40.5 | Q41: =Q38-Q39-Q40 -> 40.5 | R41: =R38-R39-R40 -> 40.5 | S41: =S38-S39-S40 -> 40.5 | ... AO41: =AO38-AO39-AO40 -> 30
A42: OBSERVACIONES

Sheet Comparativo Precios L1
A1: #VALUE! | C1: INFORME DE EVALUACIÓN TÉCNICA
C2: STM- LICITACIÓN PÚBLICA Nº STM-LP-286-2024
C3: OBJETO:IMPLEMENTAR INTERVENCIONES EN INFRAESTRUCTURA VIAL PARA MEJORAR LAS CONDICIONES DE SEGURIDAD VIAL Y MITIGAR RIESGOS EN PUNTOS CRÍTICOS PRIORIZADOS A CARGO DEL DEPARTAMENTO DE CUNDINAMARCA”
C5: EVALUACIÓN TECNICA LICITACIÓN PÚBLICA No. :
A7: PRESUPUESTO OFICIAL: | G7: 4000000000 | J7: VALOR DEL SMMLV DEL AÑO 2023: | L7: 1300000
A8: LOTE: | G8: 1 | J8: VALOR PRESUPUESTO OFICIAL EN SMMLV: | L8: =G7/L7 -> 3076.9231
A10: ITEM | B10: CRITERIO A EVALUAR | L10: P1 | P10: P2 | T10: P3 | X10: P4 | AB10: P5 | AF10: P6 | AJ10: P7 | AN10: P8 | AR10: P9 | AV10: P10 | AZ10: P11 | BD10: P12 | BH10: P13 | BL10: P14 | BP10: P15 | BT10: P16 | BX10: P17 | CB10: P18 | CF10: P19 | CJ10: P20 | CN10: P21 | CR10: P22 | CV10: P23 | CZ10: P24 | DD10: P25 | DH10: P26 | DL10: P27 | DP10: P28 | DT10: P29 | DX10: P30
L11: =Proponentes!B11 -> Unión Temporal Elite 2024 | P11: =Proponentes!B12 -> Consorcio Señalizar GP | T11: =Proponentes!B13 -> CREA SAS | X11: =Proponentes!B14 -> UT Cundinamarca Segura | AB11: =Proponentes!B15 -> PINTUVIAL SAS | AF11: =Proponentes!B16 -> SEGURIDAD Y SERVICIOS SEÑALIZACIÓN S.A. | AJ11: =Proponentes!B17 -> SOCINTER S.A. | AN11: =Proponentes!B18 -> UT TRACKVIAL | AR11: =Proponentes!B19 -> CONSORCIO VIAL COMPROT 2024 | AV11: =Proponentes!B20 -> FREESTONE CONSTRUCCIONES S.A.S. | AZ11: =Proponentes!B21 -> NSP DE COLOMBIA S.A.S. | BD11: =Proponentes!B22 -> INGENIEROS CIVILES EN TRAFICO, TRANSPORTE Y VIAS - ICOVIAS S.A.S. | BH11: =Proponentes!B23 -> JAVIER FERNANDO BASTIDAS CAMPAÑA | BL11: =Proponentes!B24 -> CONSORCIO MS. | BP11: =Proponentes!B25 -> CONSORCIO WIGV SEÑALIZADORES | BT11: =Proponentes!B26 -> CONSORCIO SUPER AC2R 2024 | BX11: =Proponentes!B27 -> CONSORCIO VIAL CUNDINAMARCA 286 | CB11: =Proponentes!B28 -> UNIÓN TEMPORAL VSDM | CF11: =Proponentes!B29 -> CONSORCIO SEGURIVIAL SM | CJ11: =Proponentes!B30 -> UNIÓN TEMPORAL INSEAN CUNDINAMARCA 2024 | CN11: =Proponentes!B31 -> CONSORCIO CUNDINAMARCA VIAL. | CR11: =Proponentes!B32 -> CONSORCIO INGENIO VIAL | CV11: =Proponentes!B33 -> CONSORCIO SEGUVIAL 2RI | CZ11: =Proponentes!B34 -> SEÑAL VÍAS SAS | DD11: =Proponentes!B35 -> CONSORCIO GEPAV-TPD. | DH11: =Proponentes!B36 -> CONSORCIO SANTIAGO | DL11: =Proponentes!B37 -> 0 | DP11: =Proponentes!B38 -> 0 | DT11: =Proponentes!B39 -> 0 | DX11: =Proponentes!B40 -> 0
B12: PRESUPUESTO OFICIAL | L12: VALOR UNITARIO | M12: AJUSTE AL PESO DEL VALOR UNITARIO | N12: VALOR UNITARIO MAYOR AL P.O | O12: VALOR TOTAL | P12: VALOR UNITARIO | Q12: AJUSTE AL PESO DEL VALOR UNITARIO | R12: VALOR UNITARIO MAYOR AL P.O | S12: VALOR TOTAL | T12: VALOR UNITARIO | U12: AJUSTE AL PESO DEL VALOR UNITARIO | V12: VALOR UNITARIO MAYOR AL P.O | W12: VALOR TOTAL | X12: VALOR UNITARIO | Y12: AJUSTE AL PESO DEL VALOR UNITARIO | Z12: VALOR UNITARIO MAYOR AL P.O | AA12: VALOR TOTAL | AB12: VALOR UNITARIO | AC12: AJUSTE AL PESO DEL VALOR UNITARIO | AD12: VALOR UNITARIO MAYOR AL P.O | AE12: VALOR TOTAL | AF12: VALOR UNITARIO | AG12: AJUSTE AL PESO DEL VALOR UNITARIO | AH12: VALOR UNITARIO MAYOR AL P.O | AI12: VALOR TOTAL | AJ12: VALOR UNITARIO | AK12: AJUSTE AL PESO DEL VALOR UNITARIO | AL12: VALOR UNITARIO MAYOR AL P.O | AM12: VALOR TOTAL | AN12: VALOR UNITARIO | AO12: AJUSTE AL PESO DEL VALOR UNITARIO | AP12: VALOR UNITARIO MAYOR AL P.O | AQ12: VALOR TOTAL | AR12: VALOR UNITARIO | AS12: AJUSTE AL PESO DEL VALOR UNITARIO | AT12: VALOR UNITARIO MAYOR AL P.O | AU12: VALOR TOTAL | AV12: VALOR UNITARIO | AW12: AJUSTE AL PESO DEL VALOR UNITARIO | AX12: VALOR UNITARIO MAYOR AL P.O | AY12: VALOR TOTAL | AZ12: VALOR UNITARIO | BA12: AJUSTE AL PESO DEL VALOR UNITARIO | BB12: VALOR UNITARIO MAYOR AL P.O | BC12: VALOR TOTAL | BD12: VALOR UNITARIO | BE12: AJUSTE AL PESO DEL VALOR UNITARIO | BF12: VALOR UNITARIO MAYOR AL P.O | BG12: VALOR TOTAL | BH12: VALOR UNITARIO | BI12: AJUSTE AL PESO DEL VALOR UNITARIO | BJ12: VALOR UNITARIO MAYOR AL P.O | BK12: VALOR TOTAL | BL12: VALOR UNITARIO | BM12: AJUSTE AL PESO DEL VALOR UNITARIO | BN12: VALOR UNITARIO MAYOR AL P.O | BO12: VALOR TOTAL | BP12: VALOR UNITARIO | BQ12: AJUSTE AL PESO DEL VALOR UNITARIO | BR12: VALOR UNITARIO MAYOR AL P.O | BS12: VALOR TOTAL | BT12: VALOR UNITARIO | BU12: AJUSTE AL PESO DEL VALOR UNITARIO | BV12: VALOR UNITARIO MAYOR AL P.O | BW12: VALOR TOTAL | BX12: VALOR UNITARIO | BY12: AJUSTE AL PESO DEL VALOR UNITARIO | BZ12: VALOR UNITARIO MAYOR AL P.O | CA12: VALOR TOTAL | CB12: VALOR UNITARIO | CC12: AJUSTE AL PESO DEL VALOR UNITARIO | CD12: VALOR UNITARIO MAYOR AL P.O | CE12: VALOR TOTAL | CF12: VALOR UNITARIO | CG12: AJUSTE AL PESO DEL VALOR UNITARIO | CH12: VALOR UNITARIO MAYOR AL P.O | CI12: VALOR TOTAL | CJ12: VALOR UNITARIO | CK12: AJUSTE AL PESO DEL VALOR UNITARIO | CL12: VALOR UNITARIO MAYOR AL P.O | CM12: VALOR TOTAL | CN12: VALOR UNITARIO | CO12: AJUSTE AL PESO DEL VALOR UNITARIO | CP12: VALOR UNITARIO MAYOR AL P.O | CQ12: VALOR TOTAL | CR12: VALOR UNITARIO | CS12: AJUSTE AL PESO DEL VALOR UNITARIO | CT12: VALOR UNITARIO MAYOR AL P.O | CU12: VALOR TOTAL | CV12: VALOR UNITARIO | CW12: AJUSTE AL PESO DEL VALOR UNITARIO | CX12: VALOR UNITARIO MAYOR AL P.O | CY12: VALOR TOTAL | CZ12: VALOR UNITARIO | DA12: AJUSTE AL PESO DEL VALOR UNITARIO | DB12: VALOR UNITARIO MAYOR AL P.O | DC12: VALOR TOTAL | DD12: VALOR UNITARIO | DE12: AJUSTE AL PESO DEL VALOR UNITARIO | DF12: VALOR UNITARIO MAYOR AL P.O | DG12: VALOR TOTAL | DH12: VALOR UNITARIO | DI12: AJUSTE AL PESO DEL VALOR UNITARIO | DJ12: VALOR UNITARIO MAYOR AL P.O | DK12: VALOR TOTAL | DL12: VALOR UNITARIO | DM12: AJUSTE AL PESO DEL VALOR UNITARIO | DN12: VALOR UNITARIO MAYOR AL P.O | DO12: VALOR TOTAL | DP12: VALOR UNITARIO | DQ12: AJUSTE AL PESO DEL VALOR UNITARIO | DR12: VALOR UNITARIO MAYOR AL P.O | DS12: VALOR TOTAL | DT12: VALOR UNITARIO | DU12: AJUSTE AL PESO DEL VALOR UNITARIO | DV12: VALOR UNITARIO MAYOR AL P.O | DW12: VALOR TOTAL | DX12: VALOR UNITARIO | DY12: AJUSTE AL PESO DEL VALOR UNITARIO | DZ12: VALOR UNITARIO MAYOR AL P.O | EA12: VALOR TOTAL
A13: Nº | B13: DESCRIPCIÓN | H13: UND. | I13: CANTIDAD | J13: VALOR UNITARIO | K13: VALOR TOTAL
A14: IMPRIMANTE
A15: 1 | B15: Suministro y aplicación imprimante acrílico negro de 15 cm, espesor seco 4 mils y 50% de solidos por volumen. | H15: m | I15: 33600 | J15: 2132 | K15: =ROUND(I15*J15,2) -> 71635200 | L15: 2111 | M15: =ROUND(L15,0) -> 2111 | N15: =IF(M15>$J15,"SI","NO") -> NO | O15: =M15*$I15 -> 70929600 | P15: 2047 | Q15: =ROUND(P15,0) -> 2047 | R15: =IF(Q15>$J15,"SI","NO") -> NO | S15: =Q15*$I15 -> 68779200 | T15: 1910 | U15: =ROUND(T15,0) -> 1910 | V15: =IF(U15>$J15,"SI","NO") -> NO | W15: =U15*$I15 -> 64176000 | X15: 1940 | Y15: =ROUND(X15,0) -> 1940 | Z15: =IF(Y15>$J15,"SI","NO") -> NO | AA15: =Y15*$I15 -> 65184000 | AB15: 2020 | AC15: =ROUND(AB15,0) -> 2020 | AD15: =IF(AC15>$J15,"SI","NO") -> NO | AE15: =AC15*$I15 -> 67872000 | AF15: 2100 | AG15: =ROUND(AF15,0) -> 2100 | AH15: =IF(AF15>$J15,"SI","NO") -> NO | AI15: =AF15*$I15 -> 70560000 | AJ15: 2100 | AK15: =ROUND(AJ15,0) -> 2100 | AL15: =IF(AK15>$J15,"SI","NO") -> NO | AM15: =AK15*$I15 -> 70560000 | AN15: 1963.15 | AO15: =ROUND(AN15,0) -> 1963 | AP15: =IF(AO15>$J15,"SI","NO") -> NO | AQ15: =AO15*$I15 -> 65956800 | AR15: 1926 | AS15: =ROUND(AR15,0) -> 1926 | AT15: =IF(AS15>$J15,"SI","NO") -> NO | AU15: =AS15*$I15 -> 64713600 | AV15: 2004 | AW15: =ROUND(AV15,0) -> 2004 | AX15: =IF(AW15>$J15,"SI","NO") -> NO | AY15: =AW15*$I15 -> 67334400 | AZ15: 2007.06 | BA15: =ROUND(AZ15,0) -> 2007 | BB15: =IF(BA15>$J15,"SI","NO") -> NO | BC15: =BA15*$I15 -> 67435200 | BD15: 2131 | BE15: =ROUND(BD15,0) -> 2131 | BF15: =IF(BE15>$J15,"SI","NO") -> NO | BG15: =BE15*$I15 -> 71601600 | BH15: 2100 | BI15: =ROUND(BH15,0) -> 2100 | BJ15: =IF(BI15>$J15,"SI","NO") -> NO | BK15: =BI15*$I15 -> 70560000 | BL15: 1880 | BM15: =ROUND(BL15,0) -> 1880 | BN15: =IF(BM15>$J15,"SI","NO") -> NO | BO15: =BM15*$I15 -> 63168000 | BP15: 1900 | BQ15: =ROUND(BP15,0) -> 1900 | BR15: =IF(BQ15>$J15,"SI","NO") -> NO | BS15: =BQ15*$I15 -> 63840000 | BT15: 2020 | BU15: =ROUND(BT15,0) -> 2020 | BV15: =IF(BU15>$J15,"SI","NO") -> NO | BW15: =BU15*$I15 -> 67872000 | BX15: 2000 | BY15: =ROUND(BX15,0) -> 2000 | BZ15: =IF(BY15>$J15,"SI","NO") -> NO | CA15: =BY15*$I15 -> 67200000 | CB15: 1951 | CC15: =ROUND(CB15,0) -> 1951 | CD15: =IF(CC15>$J15,"SI","NO") -> NO | CE15: =CC15*$I15 -> 65553600 | CF15: 1812 | CG15: =ROUND(CF15,0) -> 1812 | CH15: =IF(CG15>$J15,"SI","NO") -> NO | CI15: =CG15*$I15 -> 60883200 | CJ15: 2100 | CK15: =ROUND(CJ15,0) -> 2100 | CL15: =IF(CK15>$J15,"SI","NO") -> NO | CM15: =CK15*$I15 -> 70560000 | CN15: 1870 | CO15: =ROUND(CN15,0) -> 1870 | CP15: =IF(CO15>$J15,"SI","NO") -> NO | CQ15: =CO15*$I15 -> 62832000 | CR15: 1814 | CS15: =ROUND(CR15,0) -> 1814 | CT15: =IF(CS15>$J15,"SI","NO") -> NO | CU15: =CS15*$I15 -> 60950400 | CZ15: 1708 | DA15: =ROUND(CZ15,0) -> 1708 | DB15: =IF(DA15>$J15,"SI","NO") -> NO | DC15: =DA15*$I15 -> 57388800 | DD15: 2025 | DE15: =ROUND(DD15,0) -> 2025 | DF15: =IF(DE15>$J15,"SI","NO") -> NO | DG15: =DE15*$I15 -> 68040000 | DH15: 1823 | DI15: =ROUND(DH15,0) -> 1823 | DJ15: =IF(DI15>$J15,"SI","NO") -> NO | DK15: =DI15*$I15 -> 61252800
A16: 2 | B16: Suministro y aplicación imprimante acrílico negro de 20 cm, espesor seco 4 mils y 50% de solidos por volumen. | H16: m | I16: 840 | J16: 2341 | K16: =ROUND(I16*J16,2) -> 1966440 | L16: 2318 | M16: =ROUND(L16,0) -> 2318 | N16: =IF(M16>$J16,"SI","NO") -> NO | O16: =M16*$I16 -> 1947120 | P16: 2107 | Q16: =ROUND(P16,0) -> 2107 | R16: =IF(Q16>$J16,"SI","NO") -> NO | S16: =Q16*$I16 -> 1769880 | T16: 2200 | U16: =ROUND(T16,0) -> 2200 | V16: =IF(U16>$J16,"SI","NO") -> NO | W16: =U16*$I16 -> 1848000 | X16: 2130 | Y16: =ROUND(X16,0) -> 2130 | Z16: =IF(Y16>$J16,"SI","NO") -> NO | AA16: =Y16*$I16 -> 1789200 | AB16: 2218 | AC16: =ROUND(AB16,0) -> 2218 | AD16: =IF(AC16>$J16,"SI","NO") -> NO | AE16: =AC16*$I16 -> 1863120 | AF16: 2300 | AG16: =ROUND(AF16,0) -> 2300 | AH16: =IF(AF16>$J16,"SI","NO") -> NO | AI16: =AF16*$I16 -> 1932000 | AJ16: 2290 | AK16: =ROUND(AJ16,0) -> 2290 | AL16: =IF(AK16>$J16,"SI","NO") -> NO | AM16: =AK16*$I16 -> 1923600 | AN16: 2155.59 | AO16: =ROUND(AN16,0) -> 2156 | AP16: =IF(AO16>$J16,"SI","NO") -> NO | AQ16: =AO16*$I16 -> 1811040 | AR16: 2115 | AS16: =ROUND(AR16,0) -> 2115 | AT16: =IF(AS16>$J16,"SI","NO") -> NO | AU16: =AS16*$I16 -> 1776600 | AV16: 2130 | AW16: =ROUND(AV16,0) -> 2130 | AX16: =IF(AW16>$J16,"SI","NO") -> NO | AY16: =AW16*$I16 -> 1789200 | AZ16: 2203.82 | BA16: =ROUND(AZ16,0) -> 2204 | BB16: =IF(BA16>$J16,"SI","NO") -> NO | BC16: =BA16*$I16 -> 1851360 | BD16: 1584 | BE16: =ROUND(BD16,0) -> 1584 | BF16: =IF(BE16>$J16,"SI","NO") -> NO | BG16: =BE16*$I16 -> 1330560 | BH16: 2306 | BI16: =ROUND(BH16,0) -> 2306 | BJ16: =IF(BI16>$J16,"SI","NO") -> NO | BK16: =BI16*$I16 -> 1937040 | BL16: 2120 | BM16: =ROUND(BL16,0) -> 2120 | BN16: =IF(BM16>$J16,"SI","NO") -> NO | BO16: =BM16*$I16 -> 1780800 | BP16: 2086 | BQ16: =ROUND(BP16,0) -> 2086 | BR16: =IF(BQ16>$J16,"SI","NO") -> NO | BS16: =BQ16*$I16 -> 1752240 | BT16: 2218 | BU16: =ROUND(BT16,0) -> 2218 | BV16: =IF(BU16>$J16,"SI","NO") -> NO | BW16: =BU16*$I16 -> 1863120 | BX16: 2100 | BY16: =ROUND(BX16,0) -> 2100 | BZ16: =IF(BY16>$J16,"SI","NO") -> NO | CA16: =BY16*$I16 -> 1764000 | CB16: 2152 | CC16: =ROUND(CB16,0) -> 2152 | CD16: =IF(CC16>$J16,"SI","NO") -> NO | CE16: =CC16*$I16 -> 1807680 | CF16: 1990 | CG16: =ROUND(CF16,0) -> 1990 | CH16: =IF(CG16>$J16,"SI","NO") -> NO | CI16: =CG16*$I16 -> 1671600 | CJ16: 2300 | CK16: =ROUND(CJ16,0) -> 2300 | CL16: =IF(CK16>$J16,"SI","NO") -> NO | CM16: =CK16*$I16 -> 1932000 | CN16: 2060 | CO16: =ROUND(CN16,0) -> 2060 | CP16: =IF(CO16>$J16,"SI","NO") -> NO | CQ16: =CO16*$I16 -> 1730400 | CR16: 1991 | CS16: =ROUND(CR16,0) -> 1991 | CT16: =IF(CS16>$J16,"SI","NO") -> NO | CU16: =CS16*$I16 -> 1672440 | CZ16: 2217 | DA16: =ROUND(CZ16,0) -> 2217 | DB16: =IF(DA16>$J16,"SI","NO") -> NO | DC16: =DA16*$I16 -> 1862280 | DD16: 2224 | DE16: =ROUND(DD16,0) -> 2224 | DF16: =IF(DE16>$J16,"SI","NO") -> NO | DG16: =DE16*$I16 -> 1868160 | DH16: 2002 | DI16: =ROUND(DH16,0) -> 2002 | DJ16: =IF(DI16>$J16,"SI","NO") -> NO | DK16: =DI16*$I16 -> 1681680
A17: 3 | B17: Suministro y aplicación imprimante acrílico negro, espesor seco 4 mils y 50% de solidos por volumen. | H17: m2 | I17: 5846.4 | J17: 23973 | K17: =ROUND(I17*J17,2) -> 1.4015575e+08 | L17: 23733 | M17: =ROUND(L17,0) -> 23733 | N17: =IF(M17>$J17,"SI","NO") -> NO | O17: =M17*$I17 -> 1.3875261e+08 | P17: 23014 | Q17: =ROUND(P17,0) -> 23014 | R17: =IF(Q17>$J17,"SI","NO") -> NO | S17: =Q17*$I17 -> 1.3454905e+08 | T17: 21550 | U17: =ROUND(T17,0) -> 21550 | V17: =IF(U17>$J17,"SI","NO") -> NO | W17: =U17*$I17 -> 1.2598992e+08 | X17: 21815 | Y17: =ROUND(X17,0) -> 21815 | Z17: =IF(Y17>$J17,"SI","NO") -> NO | AA17: =Y17*$I17 -> 1.2753922e+08 | AB17: 22710 | AC17: =ROUND(AB17,0) -> 22710 | AD17: =IF(AC17>$J17,"SI","NO") -> NO | AE17: =AC17*$I17 -> 1.3277174e+08 | AF17: 22800 | AG17: =ROUND(AF17,0) -> 22800 | AH17: =IF(AF17>$J17,"SI","NO") -> NO | AI17: =AF17*$I17 -> 1.3329792e+08 | AJ17: 21500 | AK17: =ROUND(AJ17,0) -> 21500 | AL17: =IF(AK17>$J17,"SI","NO") -> NO | AM17: =AK17*$I17 -> 1.256976e+08 | AN17: 22074.34 | AO17: =ROUND(AN17,0) -> 22074 | AP17: =IF(AO17>$J17,"SI","NO") -> NO | AQ17: =AO17*$I17 -> 1.2905343e+08 | AR17: 21655 | AS17: =ROUND(AR17,0) -> 21655 | AT17: =IF(AS17>$J17,"SI","NO") -> NO | AU17: =AS17*$I17 -> 1.2660379e+08 | AV17: 22535 | AW17: =ROUND(AV17,0) -> 22535 | AX17: =IF(AW17>$J17,"SI","NO") -> NO | AY17: =AW17*$I17 -> 1.3174862e+08 | AZ17: 22568.18 | BA17: =ROUND(AZ17,0) -> 22568 | BB17: =IF(BA17>$J17,"SI","NO") -> NO | BC17: =BA17*$I17 -> 1.3194156e+08 | BD17: 23972 | BE17: =ROUND(BD17,0) -> 23972 | BF17: =IF(BE17>$J17,"SI","NO") -> NO | BG17: =BE17*$I17 -> 1.401499e+08 | BH17: 23014 | BI17: =ROUND(BH17,0) -> 23014 | BJ17: =IF(BI17>$J17,"SI","NO") -> NO | BK17: =BI17*$I17 -> 1.3454905e+08 | BL17: 20450 | BM17: =ROUND(BL17,0) -> 20450 | BN17: =IF(BM17>$J17,"SI","NO") -> NO | BO17: =BM17*$I17 -> 119558880 | BP17: 21360 | BQ17: =ROUND(BP17,0) -> 21360 | BR17: =IF(BQ17>$J17,"SI","NO") -> NO | BS17: =BQ17*$I17 -> 1.248791e+08 | BT17: 22710 | BU17: =ROUND(BT17,0) -> 22710 | BV17: =IF(BU17>$J17,"SI","NO") -> NO | BW17: =BU17*$I17 -> 1.3277174e+08 | BX17: 17850 | BY17: =ROUND(BX17,0) -> 17850 | BZ17: =IF(BY17>$J17,"SI","NO") -> NO | CA17: =BY17*$I17 -> 104358240 | CB17: 22919 | CC17: =ROUND(CB17,0) -> 22919 | CD17: =IF(CC17>$J17,"SI","NO") -> NO | CE17: =CC17*$I17 -> 1.3399364e+08 | CF17: 20377 | CG17: =ROUND(CF17,0) -> 20377 | CH17: =IF(CG17>$J17,"SI","NO") -> NO | CI17: =CG17*$I17 -> 1.1913209e+08 | CJ17: 23000 | CK17: =ROUND(CJ17,0) -> 23000 | CL17: =IF(CK17>$J17,"SI","NO") -> NO | CM17: =CK17*$I17 -> 134467200 | CN17: 21050 | CO17: =ROUND(CN17,0) -> 21050 | CP17: =IF(CO17>$J17,"SI","NO") -> NO | CQ17: =CO17*$I17 -> 1.2306672e+08 | CR17: 20394 | CS17: =ROUND(CR17,0) -> 20394 | CT17: =IF(CS17>$J17,"SI","NO") -> NO | CU17: =CS17*$I17 -> 1.1923148e+08 | CZ17: 19202 | DA17: =ROUND(CZ17,0) -> 19202 | DB17: =IF(DA17>$J17,"SI","NO") -> NO | DC17: =DA17*$I17 -> 1.1226257e+08 | DD17: 19178 | DE17: =ROUND(DD17,0) -> 19178 | DF17: =IF(DE17>$J17,"SI","NO") -> NO | DG17: =DE17*$I17 -> 1.1212226e+08 | DH17: 20497 | DI17: =ROUND(DH17,0) -> 20497 | DJ17: =IF(DI17>$J17,"SI","NO") -> NO | DK17: =DI17*$I17 -> 1.1983366e+08
A18: DEMARCACIONES - Pintura acrílica base solvente.
A19: 4 | B19: Suministro y aplicación de pintura acrílica base solvente de 12 cm para líneas de demarcación, con microesfera, espesor seco 9 mils y 51% de sólidos por volumen. | H19: m | I19: 5040 | J19: 3181 | K19: =ROUND(I19*J19,2) -> 16032240 | L19: 3149 | M19: =ROUND(L19,0) -> 3149 | N19: =IF(M19>$J19,"SI","NO") -> NO | O19: =M19*$I19 -> 15870960 | P19: 1909 | Q19: =ROUND(P19,0) -> 1909 | R19: =IF(Q19>$J19,"SI","NO") -> NO | S19: =Q19*$I19 -> 9621360 | T19: 2926 | U19: =ROUND(T19,0) -> 2926 | V19: =IF(U19>$J19,"SI","NO") -> NO | W19: =U19*$I19 -> 14747040 | X19: 2895 | Y19: =ROUND(X19,0) -> 2895 | Z19: =IF(Y19>$J19,"SI","NO") -> NO | AA19: =Y19*$I19 -> 14590800 | AB19: 2227 | AC19: =ROUND(AB19,0) -> 2227 | AD19: =IF(AC19>$J19,"SI","NO") -> NO | AE19: =AC19*$I19 -> 11224080 | AF19: 3100 | AG19: =ROUND(AF19,0) -> 3100 | AH19: =IF(AF19>$J19,"SI","NO") -> NO | AI19: =AF19*$I19 -> 15624000 | AJ19: 2544 | AK19: =ROUND(AJ19,0) -> 2544 | AL19: =IF(AK19>$J19,"SI","NO") -> NO | AM19: =AK19*$I19 -> 12821760 | AN19: 2929.06 | AO19: =ROUND(AN19,0) -> 2929 | AP19: =IF(AO19>$J19,"SI","NO") -> NO | AQ19: =AO19*$I19 -> 14762160 | AR19: 2873 | AS19: =ROUND(AR19,0) -> 2873 | AT19: =IF(AS19>$J19,"SI","NO") -> NO | AU19: =AS19*$I19 -> 14479920 | AV19: 2990 | AW19: =ROUND(AV19,0) -> 2990 | AX19: =IF(AW19>$J19,"SI","NO") -> NO | AY19: =AW19*$I19 -> 15069600 | AZ19: 2994.59 | BA19: =ROUND(AZ19,0) -> 2995 | BB19: =IF(BA19>$J19,"SI","NO") -> NO | BC19: =BA19*$I19 -> 15094800 | BD19: 3180 | BE19: =ROUND(BD19,0) -> 3180 | BF19: =IF(BE19>$J19,"SI","NO") -> NO | BG19: =BE19*$I19 -> 16027200 | BH19: 3117 | BI19: =ROUND(BH19,0) -> 3117 | BJ19: =IF(BI19>$J19,"SI","NO") -> NO | BK19: =BI19*$I19 -> 15709680 | BL19: 2980 | BM19: =ROUND(BL19,0) -> 2980 | BN19: =IF(BM19>$J19,"SI","NO") -> NO | BO19: =BM19*$I19 -> 15019200 | BP19: 2834 | BQ19: =ROUND(BP19,0) -> 2834 | BR19: =IF(BQ19>$J19,"SI","NO") -> NO | BS19: =BQ19*$I19 -> 14283360 | BT19: 3014 | BU19: =ROUND(BT19,0) -> 3014 | BV19: =IF(BU19>$J19,"SI","NO") -> NO | BW19: =BU19*$I19 -> 15190560 | BX19: 3181 | BY19: =ROUND(BX19,0) -> 3181 | BZ19: =IF(BY19>$J19,"SI","NO") -> NO | CA19: =BY19*$I19 -> 16032240 | CB19: 2958 | CC19: =ROUND(CB19,0) -> 2958 | CD19: =IF(CC19>$J19,"SI","NO") -> NO | CE19: =CC19*$I19 -> 14908320 | CF19: 2704 | CG19: =ROUND(CF19,0) -> 2704 | CH19: =IF(CG19>$J19,"SI","NO") -> NO | CI19: =CG19*$I19 -> 13628160 | CJ19: 2500 | CK19: =ROUND(CJ19,0) -> 2500 | CL19: =IF(CK19>$J19,"SI","NO") -> NO | CM19: =CK19*$I19 -> 12600000 | CN19: 2800 | CO19: =ROUND(CN19,0) -> 2800 | CP19: =IF(CO19>$J19,"SI","NO") -> NO | CQ19: =CO19*$I19 -> 14112000 | CR19: 2706 | CS19: =ROUND(CR19,0) -> 2706 | CT19: =IF(CS19>$J19,"SI","NO") -> NO | CU19: =CS19*$I19 -> 13638240 | CZ19: 3012 | DA19: =ROUND(CZ19,0) -> 3012 | DB19: =IF(DA19>$J19,"SI","NO") -> NO | DC19: =DA19*$I19 -> 15180480 | DD19: 3022 | DE19: =ROUND(DD19,0) -> 3022 | DF19: =IF(DE19>$J19,"SI","NO") -> NO | DG19: =DE19*$I19 -> 15230880 | DH19: 2720 | DI19: =ROUND(DH19,0) -> 2720 | DJ19: =IF(DI19>$J19,"SI","NO") -> NO | DK19: =DI19*$I19 -> 13708800
A20: 5 | B20: Suministro y aplicación de pintura acrílica base solvente de 15 cm para líneas de demarcación, con microesfera, espesor seco 9 mils y 51% sólidos por volumen. | H20: m | I20: 126 | J20: 3570 | K20: =ROUND(I20*J20,2) -> 449820 | L20: 3534 | M20: =ROUND(L20,0) -> 3534 | N20: =IF(M20>$J20,"SI","NO") -> NO | O20: =M20*$I20 -> 445284 | P20: 2142 | Q20: =ROUND(P20,0) -> 2142 | R20: =IF(Q20>$J20,"SI","NO") -> NO | S20: =Q20*$I20 -> 269892 | T20: 3284 | U20: =ROUND(T20,0) -> 3284 | V20: =IF(U20>$J20,"SI","NO") -> NO | W20: =U20*$I20 -> 413784 | X20: 3249 | Y20: =ROUND(X20,0) -> 3249 | Z20: =IF(Y20>$J20,"SI","NO") -> NO | AA20: =Y20*$I20 -> 409374 | AB20: 2499 | AC20: =ROUND(AB20,0) -> 2499 | AD20: =IF(AC20>$J20,"SI","NO") -> NO | AE20: =AC20*$I20 -> 314874 | AF20: 3400 | AG20: =ROUND(AF20,0) -> 3400 | AH20: =IF(AF20>$J20,"SI","NO") -> NO | AI20: =AF20*$I20 -> 428400 | AJ20: 2850 | AK20: =ROUND(AJ20,0) -> 2850 | AL20: =IF(AK20>$J20,"SI","NO") -> NO | AM20: =AK20*$I20 -> 359100 | AN20: 3287.26 | AO20: =ROUND(AN20,0) -> 3287 | AP20: =IF(AO20>$J20,"SI","NO") -> NO | AQ20: =AO20*$I20 -> 414162 | AR20: 3225 | AS20: =ROUND(AR20,0) -> 3225 | AT20: =IF(AS20>$J20,"SI","NO") -> NO | AU20: =AS20*$I20 -> 406350 | AV20: 3249 | AW20: =ROUND(AV20,0) -> 3249 | AX20: =IF(AW20>$J20,"SI","NO") -> NO | AY20: =AW20*$I20 -> 409374 | AZ20: 3360.8 | BA20: =ROUND(AZ20,0) -> 3361 | BB20: =IF(BA20>$J20,"SI","NO") -> NO | BC20: =BA20*$I20 -> 423486 | BD20: 3569 | BE20: =ROUND(BD20,0) -> 3569 | BF20: =IF(BE20>$J20,"SI","NO") -> NO | BG20: =BE20*$I20 -> 449694 | BH20: 3516 | BI20: =ROUND(BH20,0) -> 3516 | BJ20: =IF(BI20>$J20,"SI","NO") -> NO | BK20: =BI20*$I20 -> 443016 | BL20: 3020 | BM20: =ROUND(BL20,0) -> 3020 | BN20: =IF(BM20>$J20,"SI","NO") -> NO | BO20: =BM20*$I20 -> 380520 | BP20: 3181 | BQ20: =ROUND(BP20,0) -> 3181 | BR20: =IF(BQ20>$J20,"SI","NO") -> NO | BS20: =BQ20*$I20 -> 400806 | BT20: 3382 | BU20: =ROUND(BT20,0) -> 3382 | BV20: =IF(BU20>$J20,"SI","NO") -> NO | BW20: =BU20*$I20 -> 426132 | BX20: 3570 | BY20: =ROUND(BX20,0) -> 3570 | BZ20: =IF(BY20>$J20,"SI","NO") -> NO | CA20: =BY20*$I20 -> 449820 | CB20: 3332 | CC20: =ROUND(CB20,0) -> 3332 | CD20: =IF(CC20>$J20,"SI","NO") -> NO | CE20: =CC20*$I20 -> 419832 | CF20: 3035 | CG20: =ROUND(CF20,0) -> 3035 | CH20: =IF(CG20>$J20,"SI","NO") -> NO | CI20: =CG20*$I20 -> 382410 | CJ20: 2500 | CK20: =ROUND(CJ20,0) -> 2500 | CL20: =IF(CK20>$J20,"SI","NO") -> NO | CM20: =CK20*$I20 -> 315000 | CN20: 3100 | CO20: =ROUND(CN20,0) -> 3100 | CP20: =IF(CO20>$J20,"SI","NO") -> NO | CQ20: =CO20*$I20 -> 390600 | CR20: 3037 | CS20: =ROUND(CR20,0) -> 3037 | CT20: =IF(CS20>$J20,"SI","NO") -> NO | CU20: =CS20*$I20 -> 382662 | CZ20: 3381 | DA20: =ROUND(CZ20,0) -> 3381 | DB20: =IF(DA20>$J20,"SI","NO") -> NO | DC20: =DA20*$I20 -> 426006 | DD20: 3392 | DE20: =ROUND(DD20,0) -> 3392 | DF20: =IF(DE20>$J20,"SI","NO") -> NO | DG20: =DE20*$I20 -> 427392 | DH20: 3052 | DI20: =ROUND(DH20,0) -> 3052 | DJ20: =IF(DI20>$J20,"SI","NO") -> NO | DK20: =DI20*$I20 -> 384552
A21: 6 | B21: Suministro y aplicación de pintura acrílica base solvente marcas viales con microesfera, espesor seco 9 mils y 51% de sólidos por volumen, incluye pictogramas. | H21: m2 | I21: 584.64 | J21: 39961 | K21: =ROUND(I21*J21,2) -> 23362799 | L21: 39561 | M21: =ROUND(L21,0) -> 39561 | N21: =IF(M21>$J21,"SI","NO") -> NO | O21: =M21*$I21 -> 23128943 | P21: 23977 | Q21: =ROUND(P21,0) -> 23977 | R21: =IF(Q21>$J21,"SI","NO") -> NO | S21: =Q21*$I21 -> 14017913 | T21: 36764 | U21: =ROUND(T21,0) -> 36764 | V21: =IF(U21>$J21,"SI","NO") -> NO | W21: =U21*$I21 -> 21493705 | X21: 36365 | Y21: =ROUND(X21,0) -> 36365 | Z21: =IF(Y21>$J21,"SI","NO") -> NO | AA21: =Y21*$I21 -> 21260434 | AB21: 27973 | AC21: =ROUND(AB21,0) -> 27973 | AD21: =IF(AC21>$J21,"SI","NO") -> NO | AE21: =AC21*$I21 -> 16354135 | AF21: 37900 | AG21: =ROUND(AF21,0) -> 37900 | AH21: =IF(AF21>$J21,"SI","NO") -> NO | AI21: =AF21*$I21 -> 22157856 | AJ21: 31900 | AK21: =ROUND(AJ21,0) -> 31900 | AL21: =IF(AK21>$J21,"SI","NO") -> NO | AM21: =AK21*$I21 -> 18650016 | AN21: 36796.09 | AO21: =ROUND(AN21,0) -> 36796 | AP21: =IF(AO21>$J21,"SI","NO") -> NO | AQ21: =AO21*$I21 -> 21512413 | AR21: 36097 | AS21: =ROUND(AR21,0) -> 36097 | AT21: =IF(AS21>$J21,"SI","NO") -> NO | AU21: =AS21*$I21 -> 21103750 | AV21: 37563 | AW21: =ROUND(AV21,0) -> 37563 | AX21: =IF(AW21>$J21,"SI","NO") -> NO | AY21: =AW21*$I21 -> 21960832 | AZ21: 37619.29 | BA21: =ROUND(AZ21,0) -> 37619 | BB21: =IF(BA21>$J21,"SI","NO") -> NO | BC21: =BA21*$I21 -> 21993572 | BD21: 39960 | BE21: =ROUND(BD21,0) -> 39960 | BF21: =IF(BE21>$J21,"SI","NO") -> NO | BG21: =BE21*$I21 -> 23362214 | BH21: 39162 | BI21: =ROUND(BH21,0) -> 39162 | BJ21: =IF(BI21>$J21,"SI","NO") -> NO | BK21: =BI21*$I21 -> 22895672 | BL21: 35450 | BM21: =ROUND(BL21,0) -> 35450 | BN21: =IF(BM21>$J21,"SI","NO") -> NO | BO21: =BM21*$I21 -> 20725488 | BP21: 35605 | BQ21: =ROUND(BP21,0) -> 35605 | BR21: =IF(BQ21>$J21,"SI","NO") -> NO | BS21: =BQ21*$I21 -> 20816107 | BT21: 37856 | BU21: =ROUND(BT21,0) -> 37856 | BV21: =IF(BU21>$J21,"SI","NO") -> NO | BW21: =BU21*$I21 -> 22132132 | BX21: 39961 | BY21: =ROUND(BX21,0) -> 39961 | BZ21: =IF(BY21>$J21,"SI","NO") -> NO | CA21: =BY21*$I21 -> 23362799 | CB21: 38267 | CC21: =ROUND(CB21,0) -> 38267 | CD21: =IF(CC21>$J21,"SI","NO") -> NO | CE21: =CC21*$I21 -> 22372419 | CF21: 33967 | CG21: =ROUND(CF21,0) -> 33967 | CH21: =IF(CG21>$J21,"SI","NO") -> NO | CI21: =CG21*$I21 -> 19858467 | CJ21: 27000 | CK21: =ROUND(CJ21,0) -> 27000 | CL21: =IF(CK21>$J21,"SI","NO") -> NO | CM21: =CK21*$I21 -> 15785280 | CN21: 35150 | CO21: =ROUND(CN21,0) -> 35150 | CP21: =IF(CO21>$J21,"SI","NO") -> NO | CQ21: =CO21*$I21 -> 20550096 | CR21: 33995 | CS21: =ROUND(CR21,0) -> 33995 | CT21: =IF(CS21>$J21,"SI","NO") -> NO | CU21: =CS21*$I21 -> 19874837 | CZ21: 37843 | DA21: =ROUND(CZ21,0) -> 37843 | DB21: =IF(DA21>$J21,"SI","NO") -> NO | DC21: =DA21*$I21 -> 22124532 | DD21: 37963 | DE21: =ROUND(DD21,0) -> 37963 | DF21: =IF(DE21>$J21,"SI","NO") -> NO | DG21: =DE21*$I21 -> 22194688 | DH21: 34167 | DI21: =ROUND(DH21,0) -> 34167 | DJ21: =IF(DI21>$J21,"SI","NO") -> NO | DK21: =DI21*$I21 -> 19975395
A22: 7 | B22: Suministro y aplicación de pintura acrílica base solvente marcas viales sin microesfera, espesor seco 9 mils y 51% de solidos por volumen, incluye pictogramas. | H22: m2 | I22: 292.32 | J22: 37367 | K22: =ROUND(I22*J22,2) -> 10923121 | L22: 36993 | M22: =ROUND(L22,0) -> 36993 | N22: =IF(M22>$J22,"SI","NO") -> NO | O22: =M22*$I22 -> 10813794 | P22: 22420 | Q22: =ROUND(P22,0) -> 22420 | R22: =IF(Q22>$J22,"SI","NO") -> NO | S22: =Q22*$I22 -> 6553814.4 | T22: 34377 | U22: =ROUND(T22,0) -> 34377 | V22: =IF(U22>$J22,"SI","NO") -> NO | W22: =U22*$I22 -> 10049085 | X22: 34004 | Y22: =ROUND(X22,0) -> 34004 | Z22: =IF(Y22>$J22,"SI","NO") -> NO | AA22: =Y22*$I22 -> 9940049.3 | AB22: 26157 | AC22: =ROUND(AB22,0) -> 26157 | AD22: =IF(AC22>$J22,"SI","NO") -> NO | AE22: =AC22*$I22 -> 7646214.2 | AF22: 35400 | AG22: =ROUND(AF22,0) -> 35400 | AH22: =IF(AF22>$J22,"SI","NO") -> NO | AI22: =AF22*$I22 -> 10348128 | AJ22: 29800 | AK22: =ROUND(AJ22,0) -> 29800 | AL22: =IF(AK22>$J22,"SI","NO") -> NO | AM22: =AK22*$I22 -> 8711136 | AN22: 34407.53 | AO22: =ROUND(AN22,0) -> 34408 | AP22: =IF(AO22>$J22,"SI","NO") -> NO | AQ22: =AO22*$I22 -> 10058147 | AR22: 33754 | AS22: =ROUND(AR22,0) -> 33754 | AT22: =IF(AS22>$J22,"SI","NO") -> NO | AU22: =AS22*$I22 -> 9866969.3 | AV22: 35125 | AW22: =ROUND(AV22,0) -> 35125 | AX22: =IF(AW22>$J22,"SI","NO") -> NO | AY22: =AW22*$I22 -> 10267740 | AZ22: 35177.29 | BA22: =ROUND(AZ22,0) -> 35177 | BB22: =IF(BA22>$J22,"SI","NO") -> NO | BC22: =BA22*$I22 -> 10282941 | BD22: 37366 | BE22: =ROUND(BD22,0) -> 37366 | BF22: =IF(BE22>$J22,"SI","NO") -> NO | BG22: =BE22*$I22 -> 10922829 | BH22: 36806 | BI22: =ROUND(BH22,0) -> 36806 | BJ22: =IF(BI22>$J22,"SI","NO") -> NO | BK22: =BI22*$I22 -> 10759130 | BL22: 33140 | BM22: =ROUND(BL22,0) -> 33140 | BN22: =IF(BM22>$J22,"SI","NO") -> NO | BO22: =BM22*$I22 -> 9687484.8 | BP22: 33294 | BQ22: =ROUND(BP22,0) -> 33294 | BR22: =IF(BQ22>$J22,"SI","NO") -> NO | BS22: =BQ22*$I22 -> 9732502.1 | BT22: 35398 | BU22: =ROUND(BT22,0) -> 35398 | BV22: =IF(BU22>$J22,"SI","NO") -> NO | BW22: =BU22*$I22 -> 10347543 | BX22: 37367 | BY22: =ROUND(BX22,0) -> 37367 | BZ22: =IF(BY22>$J22,"SI","NO") -> NO | CA22: =BY22*$I22 -> 10923121 | CB22: 35777 | CC22: =ROUND(CB22,0) -> 35777 | CD22: =IF(CC22>$J22,"SI","NO") -> NO | CE22: =CC22*$I22 -> 10458333 | CF22: 31762 | CG22: =ROUND(CF22,0) -> 31762 | CH22: =IF(CG22>$J22,"SI","NO") -> NO | CI22: =CG22*$I22 -> 9284667.8 | CJ22: 25000 | CK22: =ROUND(CJ22,0) -> 25000 | CL22: =IF(CK22>$J22,"SI","NO") -> NO | CM22: =CK22*$I22 -> 7308000 | CN22: 32900 | CO22: =ROUND(CN22,0) -> 32900 | CP22: =IF(CO22>$J22,"SI","NO") -> NO | CQ22: =CO22*$I22 -> 9617328 | CR22: 31788 | CS22: =ROUND(CR22,0) -> 31788 | CT22: =IF(CS22>$J22,"SI","NO") -> NO | CU22: =CS22*$I22 -> 9292268.2 | CZ22: 35387 | DA22: =ROUND(CZ22,0) -> 35387 | DB22: =IF(DA22>$J22,"SI","NO") -> NO | DC22: =DA22*$I22 -> 10344328 | DD22: 35499 | DE22: =ROUND(DD22,0) -> 35499 | DF22: =IF(DE22>$J22,"SI","NO") -> NO | DG22: =DE22*$I22 -> 10377068 | DH22: 31949 | DI22: =ROUND(DH22,0) -> 31949 | DJ22: =IF(DI22>$J22,"SI","NO") -> NO | DK22: =DI22*$I22 -> 9339331.7
A23: DEMARCACIONES - Pintura acrílica base agua.
A24: 8 | B24: Suministro y aplicación de pintura acrílica base agua de 12 cm para líneas de demarcación, con microesfera, espesor seco de 9 mils y 60% de sólidos por volumen. | H24: m | I24: 5040 | J24: 2772 | K24: =ROUND(I24*J24,2) -> 13970880 | L24: 2744 | M24: =ROUND(L24,0) -> 2744 | N24: =IF(M24>$J24,"SI","NO") -> NO | O24: =M24*$I24 -> 13829760 | P24: 1677 | Q24: =ROUND(P24,0) -> 1677 | R24: =IF(Q24>$J24,"SI","NO") -> NO | S24: =Q24*$I24 -> 8452080 | T24: 2605 | U24: =ROUND(T24,0) -> 2605 | V24: =IF(U24>$J24,"SI","NO") -> NO | W24: =U24*$I24 -> 13129200 | X24: 2523 | Y24: =ROUND(X24,0) -> 2523 | Z24: =IF(Y24>$J24,"SI","NO") -> NO | AA24: =Y24*$I24 -> 12715920 | AB24: 1940 | AC24: =ROUND(AB24,0) -> 1940 | AD24: =IF(AC24>$J24,"SI","NO") -> NO | AE24: =AC24*$I24 -> 9777600 | AF24: 2700 | AG24: =ROUND(AF24,0) -> 2700 | AH24: =IF(AF24>$J24,"SI","NO") -> NO | AI24: =AF24*$I24 -> 13608000 | AJ24: 2210 | AK24: =ROUND(AJ24,0) -> 2210 | AL24: =IF(AK24>$J24,"SI","NO") -> NO | AM24: =AK24*$I24 -> 11138400 | AN24: 2552.46 | AO24: =ROUND(AN24,0) -> 2552 | AP24: =IF(AO24>$J24,"SI","NO") -> NO | AQ24: =AO24*$I24 -> 12862080 | AR24: 2504 | AS24: =ROUND(AR24,0) -> 2504 | AT24: =IF(AS24>$J24,"SI","NO") -> NO | AU24: =AS24*$I24 -> 12620160 | AV24: 2523 | AW24: =ROUND(AV24,0) -> 2523 | AX24: =IF(AW24>$J24,"SI","NO") -> NO | AY24: =AW24*$I24 -> 12715920 | AZ24: 2609.556 | BA24: =ROUND(AZ24,0) -> 2610 | BB24: =IF(BA24>$J24,"SI","NO") -> NO | BC24: =BA24*$I24 -> 13154400 | BD24: 1875 | BE24: =ROUND(BD24,0) -> 1875 | BF24: =IF(BE24>$J24,"SI","NO") -> NO | BG24: =BE24*$I24 -> 9450000 | BH24: 2730 | BI24: =ROUND(BH24,0) -> 2730 | BJ24: =IF(BI24>$J24,"SI","NO") -> NO | BK24: =BI24*$I24 -> 13759200 | BL24: 2650 | BM24: =ROUND(BL24,0) -> 2650 | BN24: =IF(BM24>$J24,"SI","NO") -> NO | BO24: =BM24*$I24 -> 13356000 | BP24: 2470 | BQ24: =ROUND(BP24,0) -> 2470 | BR24: =IF(BQ24>$J24,"SI","NO") -> NO | BS24: =BQ24*$I24 -> 12448800 | BT24: 2626 | BU24: =ROUND(BT24,0) -> 2626 | BV24: =IF(BU24>$J24,"SI","NO") -> NO | BW24: =BU24*$I24 -> 13235040 | BX24: 2772 | BY24: =ROUND(BX24,0) -> 2772 | BZ24: =IF(BY24>$J24,"SI","NO") -> NO | CA24: =BY24*$I24 -> 13970880 | CB24: 2566 | CC24: =ROUND(CB24,0) -> 2566 | CD24: =IF(CC24>$J24,"SI","NO") -> NO | CE24: =CC24*$I24 -> 12932640 | CF24: 2356 | CG24: =ROUND(CF24,0) -> 2356 | CH24: =IF(CG24>$J24,"SI","NO") -> NO | CI24: =CG24*$I24 -> 11874240 | CJ24: 2200 | CK24: =ROUND(CJ24,0) -> 2200 | CL24: =IF(CK24>$J24,"SI","NO") -> NO | CM24: =CK24*$I24 -> 11088000 | CN24: 2400 | CO24: =ROUND(CN24,0) -> 2400 | CP24: =IF(CO24>$J24,"SI","NO") -> NO | CQ24: =CO24*$I24 -> 12096000 | CR24: 2358 | CS24: =ROUND(CR24,0) -> 2358 | CT24: =IF(CS24>$J24,"SI","NO") -> NO | CU24: =CS24*$I24 -> 11884320 | CZ24: 2625 | DA24: =ROUND(CZ24,0) -> 2625 | DB24: =IF(DA24>$J24,"SI","NO") -> NO | DC24: =DA24*$I24 -> 13230000 | DD24: 2633 | DE24: =ROUND(DD24,0) -> 2633 | DF24: =IF(DE24>$J24,"SI","NO") -> NO | DG24: =DE24*$I24 -> 13270320 | DH24: 2370 | DI24: =ROUND(DH24,0) -> 2370 | DJ24: =IF(DI24>$J24,"SI","NO") -> NO | DK24: =DI24*$I24 -> 11944800
A25: 9 | B25: Suministro y aplicación de pintura acrílica base agua de 15 cm para líneas de demarcación, con microesfera, espesor seco de 9 mils y 60% de sólidos por volumen. | H25: m | I25: 126 | J25: 3572 | K25: =ROUND(I25*J25,2) -> 450072 | L25: 3536 | M25: =ROUND(L25,0) -> 3536 | N25: =IF(M25>$J25,"SI","NO") -> NO | O25: =M25*$I25 -> 445536 | P25: 2161 | Q25: =ROUND(P25,0) -> 2161 | R25: =IF(Q25>$J25,"SI","NO") -> NO | S25: =Q25*$I25 -> 272286 | T25: 3358 | U25: =ROUND(T25,0) -> 3358 | V25: =IF(U25>$J25,"SI","NO") -> NO | W25: =U25*$I25 -> 423108 | X25: 3251 | Y25: =ROUND(X25,0) -> 3251 | Z25: =IF(Y25>$J25,"SI","NO") -> NO | AA25: =Y25*$I25 -> 409626 | AB25: 2500 | AC25: =ROUND(AB25,0) -> 2500 | AD25: =IF(AC25>$J25,"SI","NO") -> NO | AE25: =AC25*$I25 -> 315000 | AF25: 3400 | AG25: =ROUND(AF25,0) -> 3400 | AH25: =IF(AF25>$J25,"SI","NO") -> NO | AI25: =AF25*$I25 -> 428400 | AJ25: 2850 | AK25: =ROUND(AJ25,0) -> 2850 | AL25: =IF(AK25>$J25,"SI","NO") -> NO | AM25: =AK25*$I25 -> 359100 | AN25: 3289.1 | AO25: =ROUND(AN25,0) -> 3289 | AP25: =IF(AO25>$J25,"SI","NO") -> NO | AQ25: =AO25*$I25 -> 414414 | AR25: 3227 | AS25: =ROUND(AR25,0) -> 3227 | AT25: =IF(AS25>$J25,"SI","NO") -> NO | AU25: =AS25*$I25 -> 406602 | AV25: 3251 | AW25: =ROUND(AV25,0) -> 3251 | AX25: =IF(AW25>$J25,"SI","NO") -> NO | AY25: =AW25*$I25 -> 409626 | AZ25: 3362.68 | BA25: =ROUND(AZ25,0) -> 3363 | BB25: =IF(BA25>$J25,"SI","NO") -> NO | BC25: =BA25*$I25 -> 423738 | BD25: 2416 | BE25: =ROUND(BD25,0) -> 2416 | BF25: =IF(BE25>$J25,"SI","NO") -> NO | BG25: =BE25*$I25 -> 304416 | BH25: 3429 | BI25: =ROUND(BH25,0) -> 3429 | BJ25: =IF(BI25>$J25,"SI","NO") -> NO | BK25: =BI25*$I25 -> 432054 | BL25: 3010 | BM25: =ROUND(BL25,0) -> 3010 | BN25: =IF(BM25>$J25,"SI","NO") -> NO | BO25: =BM25*$I25 -> 379260 | BP25: 3183 | BQ25: =ROUND(BP25,0) -> 3183 | BR25: =IF(BQ25>$J25,"SI","NO") -> NO | BS25: =BQ25*$I25 -> 401058 | BT25: 3384 | BU25: =ROUND(BT25,0) -> 3384 | BV25: =IF(BU25>$J25,"SI","NO") -> NO | BW25: =BU25*$I25 -> 426384 | BX25: 3572 | BY25: =ROUND(BX25,0) -> 3572 | BZ25: =IF(BY25>$J25,"SI","NO") -> NO | CA25: =BY25*$I25 -> 450072 | CB25: 3334 | CC25: =ROUND(CB25,0) -> 3334 | CD25: =IF(CC25>$J25,"SI","NO") -> NO | CE25: =CC25*$I25 -> 420084 | CF25: 3036 | CG25: =ROUND(CF25,0) -> 3036 | CH25: =IF(CG25>$J25,"SI","NO") -> NO | CI25: =CG25*$I25 -> 382536 | CJ25: 2250 | CK25: =ROUND(CJ25,0) -> 2250 | CL25: =IF(CK25>$J25,"SI","NO") -> NO | CM25: =CK25*$I25 -> 283500 | CN25: 3150 | CO25: =ROUND(CN25,0) -> 3150 | CP25: =IF(CO25>$J25,"SI","NO") -> NO | CQ25: =CO25*$I25 -> 396900 | CR25: 3039 | CS25: =ROUND(CR25,0) -> 3039 | CT25: =IF(CS25>$J25,"SI","NO") -> NO | CU25: =CS25*$I25 -> 382914 | CZ25: 3383 | DA25: =ROUND(CZ25,0) -> 3383 | DB25: =IF(DA25>$J25,"SI","NO") -> NO | DC25: =DA25*$I25 -> 426258 | DD25: 3393 | DE25: =ROUND(DD25,0) -> 3393 | DF25: =IF(DE25>$J25,"SI","NO") -> NO | DG25: =DE25*$I25 -> 427518 | DH25: 3054 | DI25: =ROUND(DH25,0) -> 3054 | DJ25: =IF(DI25>$J25,"SI","NO") -> NO | DK25: =DI25*$I25 -> 384804
A26: 10 | B26: Suministro y aplicación de pintura acrílica base agua para marcas viales con microesfera, espesor seco de 9 mils y 60% de sólidos por volumen, incluye pictogramas. | H26: m2 | I26: 584.64 | J26: 39851 | K26: =ROUND(I26*J26,2) -> 23298489 | L26: 39452 | M26: =ROUND(L26,0) -> 39452 | N26: =IF(M26>$J26,"SI","NO") -> NO | O26: =M26*$I26 -> 23065217 | P26: 24110 | Q26: =ROUND(P26,0) -> 24110 | R26: =IF(Q26>$J26,"SI","NO") -> NO | S26: =Q26*$I26 -> 14095670 | T26: 37460 | U26: =ROUND(T26,0) -> 37460 | V26: =IF(U26>$J26,"SI","NO") -> NO | W26: =U26*$I26 -> 21900614 | X26: 36264 | Y26: =ROUND(X26,0) -> 36264 | Z26: =IF(Y26>$J26,"SI","NO") -> NO | AA26: =Y26*$I26 -> 21201385 | AB26: 27896 | AC26: =ROUND(AB26,0) -> 27896 | AD26: =IF(AC26>$J26,"SI","NO") -> NO | AE26: =AC26*$I26 -> 16309117 | AF26: 37800 | AG26: =ROUND(AF26,0) -> 37800 | AH26: =IF(AF26>$J26,"SI","NO") -> NO | AI26: =AF26*$I26 -> 22099392 | AJ26: 31800 | AK26: =ROUND(AJ26,0) -> 31800 | AL26: =IF(AK26>$J26,"SI","NO") -> NO | AM26: =AK26*$I26 -> 18591552 | AN26: 36694.8 | AO26: =ROUND(AN26,0) -> 36695 | AP26: =IF(AO26>$J26,"SI","NO") -> NO | AQ26: =AO26*$I26 -> 21453365 | AR26: 35997 | AS26: =ROUND(AR26,0) -> 35997 | AT26: =IF(AS26>$J26,"SI","NO") -> NO | AU26: =AS26*$I26 -> 21045286 | AV26: 36264 | AW26: =ROUND(AV26,0) -> 36264 | AX26: =IF(AW26>$J26,"SI","NO") -> NO | AY26: =AW26*$I26 -> 21201385 | AZ26: 37515.73 | BA26: =ROUND(AZ26,0) -> 37516 | BB26: =IF(BA26>$J26,"SI","NO") -> NO | BC26: =BA26*$I26 -> 21933354 | BD26: 26956 | BE26: =ROUND(BD26,0) -> 26956 | BF26: =IF(BE26>$J26,"SI","NO") -> NO | BG26: =BE26*$I26 -> 15759556 | BH26: 39054 | BI26: =ROUND(BH26,0) -> 39054 | BJ26: =IF(BI26>$J26,"SI","NO") -> NO | BK26: =BI26*$I26 -> 22832531 | BL26: 35450 | BM26: =ROUND(BL26,0) -> 35450 | BN26: =IF(BM26>$J26,"SI","NO") -> NO | BO26: =BM26*$I26 -> 20725488 | BP26: 35507 | BQ26: =ROUND(BP26,0) -> 35507 | BR26: =IF(BQ26>$J26,"SI","NO") -> NO | BS26: =BQ26*$I26 -> 20758812 | BT26: 37752 | BU26: =ROUND(BT26,0) -> 37752 | BV26: =IF(BU26>$J26,"SI","NO") -> NO | BW26: =BU26*$I26 -> 22071329 | BX26: 39851 | BY26: =ROUND(BX26,0) -> 39851 | BZ26: =IF(BY26>$J26,"SI","NO") -> NO | CA26: =BY26*$I26 -> 23298489 | CB26: 38161 | CC26: =ROUND(CB26,0) -> 38161 | CD26: =IF(CC26>$J26,"SI","NO") -> NO | CE26: =CC26*$I26 -> 22310447 | CF26: 33873 | CG26: =ROUND(CF26,0) -> 33873 | CH26: =IF(CG26>$J26,"SI","NO") -> NO | CI26: =CG26*$I26 -> 19803511 | CJ26: 23000 | CK26: =ROUND(CJ26,0) -> 23000 | CL26: =IF(CK26>$J26,"SI","NO") -> NO | CM26: =CK26*$I26 -> 13446720 | CN26: 35070 | CO26: =ROUND(CN26,0) -> 35070 | CP26: =IF(CO26>$J26,"SI","NO") -> NO | CQ26: =CO26*$I26 -> 20503325 | CR26: 33901 | CS26: =ROUND(CR26,0) -> 33901 | CT26: =IF(CS26>$J26,"SI","NO") -> NO | CU26: =CS26*$I26 -> 19819881 | CZ26: 37739 | DA26: =ROUND(CZ26,0) -> 37739 | DB26: =IF(DA26>$J26,"SI","NO") -> NO | DC26: =DA26*$I26 -> 22063729 | DD26: 37858 | DE26: =ROUND(DD26,0) -> 37858 | DF26: =IF(DE26>$J26,"SI","NO") -> NO | DG26: =DE26*$I26 -> 22133301 | DH26: 34073 | DI26: =ROUND(DH26,0) -> 34073 | DJ26: =IF(DI26>$J26,"SI","NO") -> NO | DK26: =DI26*$I26 -> 19920439
A27: 11 | B27: Suministro y aplicación de pintura acrílica base agua para marcas viales sin microesfera, espesor seco de 9 mils y 60% de sólidos por volumen, incluye pictogramas. | H27: m2 | I27: 292.32 | J27: 37153 | K27: =ROUND(I27*J27,2) -> 10860565 | L27: 36781 | M27: =ROUND(L27,0) -> 36781 | N27: =IF(M27>$J27,"SI","NO") -> NO | O27: =M27*$I27 -> 10751822 | P27: 22478 | Q27: =ROUND(P27,0) -> 22478 | R27: =IF(Q27>$J27,"SI","NO") -> NO | S27: =Q27*$I27 -> 6570769 | T27: 34924 | U27: =ROUND(T27,0) -> 34924 | V27: =IF(U27>$J27,"SI","NO") -> NO | W27: =U27*$I27 -> 10208984 | X27: 33809 | Y27: =ROUND(X27,0) -> 33809 | Z27: =IF(Y27>$J27,"SI","NO") -> NO | AA27: =Y27*$I27 -> 9883046.9 | AB27: 26007 | AC27: =ROUND(AB27,0) -> 26007 | AD27: =IF(AC27>$J27,"SI","NO") -> NO | AE27: =AC27*$I27 -> 7602366.2 | AF27: 35200 | AG27: =ROUND(AF27,0) -> 35200 | AH27: =IF(AF27>$J27,"SI","NO") -> NO | AI27: =AF27*$I27 -> 10289664 | AJ27: 29700 | AK27: =ROUND(AJ27,0) -> 29700 | AL27: =IF(AK27>$J27,"SI","NO") -> NO | AM27: =AK27*$I27 -> 8681904 | AN27: 34210.48 | AO27: =ROUND(AN27,0) -> 34210 | AP27: =IF(AO27>$J27,"SI","NO") -> NO | AQ27: =AO27*$I27 -> 10000267 | AR27: 33560 | AS27: =ROUND(AR27,0) -> 33560 | AT27: =IF(AS27>$J27,"SI","NO") -> NO | AU27: =AS27*$I27 -> 9810259.2 | AV27: 33809 | AW27: =ROUND(AV27,0) -> 33809 | AX27: =IF(AW27>$J27,"SI","NO") -> NO | AY27: =AW27*$I27 -> 9883046.9 | AZ27: 34975.83 | BA27: =ROUND(AZ27,0) -> 34976 | BB27: =IF(BA27>$J27,"SI","NO") -> NO | BC27: =BA27*$I27 -> 10224184 | BD27: 25131 | BE27: =ROUND(BD27,0) -> 25131 | BF27: =IF(BE27>$J27,"SI","NO") -> NO | BG27: =BE27*$I27 -> 7346293.9 | BH27: 36410 | BI27: =ROUND(BH27,0) -> 36410 | BJ27: =IF(BI27>$J27,"SI","NO") -> NO | BK27: =BI27*$I27 -> 10643371 | BL27: 33140 | BM27: =ROUND(BL27,0) -> 33140 | BN27: =IF(BM27>$J27,"SI","NO") -> NO | BO27: =BM27*$I27 -> 9687484.8 | BP27: 33103 | BQ27: =ROUND(BP27,0) -> 33103 | BR27: =IF(BQ27>$J27,"SI","NO") -> NO | BS27: =BQ27*$I27 -> 9676669 | BT27: 35196 | BU27: =ROUND(BT27,0) -> 35196 | BV27: =IF(BU27>$J27,"SI","NO") -> NO | BW27: =BU27*$I27 -> 10288495 | BX27: 37153 | BY27: =ROUND(BX27,0) -> 37153 | BZ27: =IF(BY27>$J27,"SI","NO") -> NO | CA27: =BY27*$I27 -> 10860565 | CB27: 35571 | CC27: =ROUND(CB27,0) -> 35571 | CD27: =IF(CC27>$J27,"SI","NO") -> NO | CE27: =CC27*$I27 -> 10398115 | CF27: 31580 | CG27: =ROUND(CF27,0) -> 31580 | CH27: =IF(CG27>$J27,"SI","NO") -> NO | CI27: =CG27*$I27 -> 9231465.6 | CJ27: 20000 | CK27: =ROUND(CJ27,0) -> 20000 | CL27: =IF(CK27>$J27,"SI","NO") -> NO | CM27: =CK27*$I27 -> 5846400 | CN27: 32700 | CO27: =ROUND(CN27,0) -> 32700 | CP27: =IF(CO27>$J27,"SI","NO") -> NO | CQ27: =CO27*$I27 -> 9558864 | CR27: 31606 | CS27: =ROUND(CR27,0) -> 31606 | CT27: =IF(CS27>$J27,"SI","NO") -> NO | CU27: =CS27*$I27 -> 9239065.9 | CZ27: 35184 | DA27: =ROUND(CZ27,0) -> 35184 | DB27: =IF(DA27>$J27,"SI","NO") -> NO | DC27: =DA27*$I27 -> 10284987 | DD27: 35295 | DE27: =ROUND(DD27,0) -> 35295 | DF27: =IF(DE27>$J27,"SI","NO") -> NO | DG27: =DE27*$I27 -> 10317434 | DH27: 31766 | DI27: =ROUND(DH27,0) -> 31766 | DJ27: =IF(DI27>$J27,"SI","NO") -> NO | DK27: =DI27*$I27 -> 9285837.1
A28: DEMARCACIONES - Resina termoplástica.
A29: 12 | B29: Suministro y aplicación de resina termoplástica de 12 cm, para líneas de demarcación, incluye microesfera y espesor seco 90 mils (2.3 mm). | H29: m | I29: 10080 | J29: 9873 | K29: =ROUND(I29*J29,2) -> 99519840 | L29: 7898 | M29: =ROUND(L29,0) -> 7898 | N29: =IF(M29>$J29,"SI","NO") -> NO | O29: =M29*$I29 -> 79611840 | P29: 9478 | Q29: =ROUND(P29,0) -> 9478 | R29: =IF(Q29>$J29,"SI","NO") -> NO | S29: =Q29*$I29 -> 95538240 | T29: 8390 | U29: =ROUND(T29,0) -> 8390 | V29: =IF(U29>$J29,"SI","NO") -> NO | W29: =U29*$I29 -> 84571200 | X29: 8984 | Y29: =ROUND(X29,0) -> 8984 | Z29: =IF(Y29>$J29,"SI","NO") -> NO | AA29: =Y29*$I29 -> 90558720 | AB29: 6911 | AC29: =ROUND(AB29,0) -> 6911 | AD29: =IF(AC29>$J29,"SI","NO") -> NO | AE29: =AC29*$I29 -> 69662880 | AF29: 9400 | AG29: =ROUND(AF29,0) -> 9400 | AH29: =IF(AF29>$J29,"SI","NO") -> NO | AI29: =AF29*$I29 -> 94752000 | AJ29: 8400 | AK29: =ROUND(AJ29,0) -> 8400 | AL29: =IF(AK29>$J29,"SI","NO") -> NO | AM29: =AK29*$I29 -> 84672000 | AN29: 9091.06 | AO29: =ROUND(AN29,0) -> 9091 | AP29: =IF(AO29>$J29,"SI","NO") -> NO | AQ29: =AO29*$I29 -> 91637280 | AR29: 8918 | AS29: =ROUND(AR29,0) -> 8918 | AT29: =IF(AS29>$J29,"SI","NO") -> NO | AU29: =AS29*$I29 -> 89893440 | AV29: 8787 | AW29: =ROUND(AV29,0) -> 8787 | AX29: =IF(AW29>$J29,"SI","NO") -> NO | AY29: =AW29*$I29 -> 88572960 | AZ29: 9294.44 | BA29: =ROUND(AZ29,0) -> 9294 | BB29: =IF(BA29>$J29,"SI","NO") -> NO | BC29: =BA29*$I29 -> 93683520 | BD29: 6678 | BE29: =ROUND(BD29,0) -> 6678 | BF29: =IF(BE29>$J29,"SI","NO") -> NO | BG29: =BE29*$I29 -> 67314240 | BH29: 9281 | BI29: =ROUND(BH29,0) -> 9281 | BJ29: =IF(BI29>$J29,"SI","NO") -> NO | BK29: =BI29*$I29 -> 93552480 | BL29: 8950 | BM29: =ROUND(BL29,0) -> 8950 | BN29: =IF(BM29>$J29,"SI","NO") -> NO | BO29: =BM29*$I29 -> 90216000 | BP29: 8797 | BQ29: =ROUND(BP29,0) -> 8797 | BR29: =IF(BQ29>$J29,"SI","NO") -> NO | BS29: =BQ29*$I29 -> 88673760 | BT29: 9354 | BU29: =ROUND(BT29,0) -> 9354 | BV29: =IF(BU29>$J29,"SI","NO") -> NO | BW29: =BU29*$I29 -> 94288320 | BX29: 9873 | BY29: =ROUND(BX29,0) -> 9873 | BZ29: =IF(BY29>$J29,"SI","NO") -> NO | CA29: =BY29*$I29 -> 99519840 | CB29: 9773 | CC29: =ROUND(CB29,0) -> 9773 | CD29: =IF(CC29>$J29,"SI","NO") -> NO | CE29: =CC29*$I29 -> 98511840 | CF29: 9774 | CG29: =ROUND(CF29,0) -> 9774 | CH29: =IF(CG29>$J29,"SI","NO") -> NO | CI29: =CG29*$I29 -> 98521920 | CJ29: 7000 | CK29: =ROUND(CJ29,0) -> 7000 | CL29: =IF(CK29>$J29,"SI","NO") -> NO | CM29: =CK29*$I29 -> 70560000 | CN29: 8680 | CO29: =ROUND(CN29,0) -> 8680 | CP29: =IF(CO29>$J29,"SI","NO") -> NO | CQ29: =CO29*$I29 -> 87494400 | CR29: 8399 | CS29: =ROUND(CR29,0) -> 8399 | CT29: =IF(CS29>$J29,"SI","NO") -> NO | CU29: =CS29*$I29 -> 84661920 | CZ29: 7908 | DA29: =ROUND(CZ29,0) -> 7908 | DB29: =IF(DA29>$J29,"SI","NO") -> NO | DC29: =DA29*$I29 -> 79712640 | DD29: 9379 | DE29: =ROUND(DD29,0) -> 9379 | DF29: =IF(DE29>$J29,"SI","NO") -> NO | DG29: =DE29*$I29 -> 94540320 | DH29: 8441 | DI29: =ROUND(DH29,0) -> 8441 | DJ29: =IF(DI29>$J29,"SI","NO") -> NO | DK29: =DI29*$I29 -> 85085280
A30: 13 | B30: Suministro y aplicación de resina termoplástica de 15 cm, para líneas de demarcación, incluye microesfera y espesor seco 90 mils (2.3 mm). | H30: m | I30: 168 | J30: 10618 | K30: =ROUND(I30*J30,2) -> 1783824 | L30: 10512 | M30: =ROUND(L30,0) -> 10512 | N30: =IF(M30>$J30,"SI","NO") -> NO | O30: =M30*$I30 -> 1766016 | P30: 9556 | Q30: =ROUND(P30,0) -> 9556 | R30: =IF(Q30>$J30,"SI","NO") -> NO | S30: =Q30*$I30 -> 1605408 | T30: 9025 | U30: =ROUND(T30,0) -> 9025 | V30: =IF(U30>$J30,"SI","NO") -> NO | W30: =U30*$I30 -> 1516200 | X30: 9662 | Y30: =ROUND(X30,0) -> 9662 | Z30: =IF(Y30>$J30,"SI","NO") -> NO | AA30: =Y30*$I30 -> 1623216 | AB30: 7433 | AC30: =ROUND(AB30,0) -> 7433 | AD30: =IF(AC30>$J30,"SI","NO") -> NO | AE30: =AC30*$I30 -> 1248744 | AF30: 10100 | AG30: =ROUND(AF30,0) -> 10100 | AH30: =IF(AF30>$J30,"SI","NO") -> NO | AI30: =AF30*$I30 -> 1696800 | AJ30: 9300 | AK30: =ROUND(AJ30,0) -> 9300 | AL30: =IF(AK30>$J30,"SI","NO") -> NO | AM30: =AK30*$I30 -> 1562400 | AN30: 9777.05 | AO30: =ROUND(AN30,0) -> 9777 | AP30: =IF(AO30>$J30,"SI","NO") -> NO | AQ30: =AO30*$I30 -> 1642536 | AR30: 9591 | AS30: =ROUND(AR30,0) -> 9591 | AT30: =IF(AS30>$J30,"SI","NO") -> NO | AU30: =AS30*$I30 -> 1611288 | AV30: 9450 | AW30: =ROUND(AV30,0) -> 9450 | AX30: =IF(AW30>$J30,"SI","NO") -> NO | AY30: =AW30*$I30 -> 1587600 | AZ30: 9995.79 | BA30: =ROUND(AZ30,0) -> 9996 | BB30: =IF(BA30>$J30,"SI","NO") -> NO | BC30: =BA30*$I30 -> 1679328 | BD30: 7182 | BE30: =ROUND(BD30,0) -> 7182 | BF30: =IF(BE30>$J30,"SI","NO") -> NO | BG30: =BE30*$I30 -> 1206576 | BH30: 10299 | BI30: =ROUND(BH30,0) -> 10299 | BJ30: =IF(BI30>$J30,"SI","NO") -> NO | BK30: =BI30*$I30 -> 1730232 | BL30: 9650 | BM30: =ROUND(BL30,0) -> 9650 | BN30: =IF(BM30>$J30,"SI","NO") -> NO | BO30: =BM30*$I30 -> 1621200 | BP30: 9461 | BQ30: =ROUND(BP30,0) -> 9461 | BR30: =IF(BQ30>$J30,"SI","NO") -> NO | BS30: =BQ30*$I30 -> 1589448 | BT30: 10060 | BU30: =ROUND(BT30,0) -> 10060 | BV30: =IF(BU30>$J30,"SI","NO") -> NO | BW30: =BU30*$I30 -> 1690080 | BX30: 10618 | BY30: =ROUND(BX30,0) -> 10618 | BZ30: =IF(BY30>$J30,"SI","NO") -> NO | CA30: =BY30*$I30 -> 1783824 | CB30: 10518 | CC30: =ROUND(CB30,0) -> 10518 | CD30: =IF(CC30>$J30,"SI","NO") -> NO | CE30: =CC30*$I30 -> 1767024 | CF30: 10512 | CG30: =ROUND(CF30,0) -> 10512 | CH30: =IF(CG30>$J30,"SI","NO") -> NO | CI30: =CG30*$I30 -> 1766016 | CJ30: 7200 | CK30: =ROUND(CJ30,0) -> 7200 | CL30: =IF(CK30>$J30,"SI","NO") -> NO | CM30: =CK30*$I30 -> 1209600 | CN30: 9350 | CO30: =ROUND(CN30,0) -> 9350 | CP30: =IF(CO30>$J30,"SI","NO") -> NO | CQ30: =CO30*$I30 -> 1570800 | CR30: 9033 | CS30: =ROUND(CR30,0) -> 9033 | CT30: =IF(CS30>$J30,"SI","NO") -> NO | CU30: =CS30*$I30 -> 1517544 | CZ30: 10055 | DA30: =ROUND(CZ30,0) -> 10055 | DB30: =IF(DA30>$J30,"SI","NO") -> NO | DC30: =DA30*$I30 -> 1689240 | DD30: 10087 | DE30: =ROUND(DD30,0) -> 10087 | DF30: =IF(DE30>$J30,"SI","NO") -> NO | DG30: =DE30*$I30 -> 1694616 | DH30: 9078 | DI30: =ROUND(DH30,0) -> 9078 | DJ30: =IF(DI30>$J30,"SI","NO") -> NO | DK30: =DI30*$I30 -> 1525104
A31: 14 | B31: Suministro y aplicación de resina termoplástica para marcas viales, con microesfera y espesor seco de 90 mils (2.3 mm), incluye pictogramas. | H31: m2 | I31: 876.96 | J31: 86595 | K31: =ROUND(I31*J31,2) -> 75940351 | L31: 69276 | M31: =ROUND(L31,0) -> 69276 | N31: =IF(M31>$J31,"SI","NO") -> NO | O31: =M31*$I31 -> 60752281 | P31: 83131 | Q31: =ROUND(P31,0) -> 83131 | R31: =IF(Q31>$J31,"SI","NO") -> NO | S31: =Q31*$I31 -> 72902562 | T31: 73600 | U31: =ROUND(T31,0) -> 73600 | V31: =IF(U31>$J31,"SI","NO") -> NO | W31: =U31*$I31 -> 64544256 | X31: 78801 | Y31: =ROUND(X31,0) -> 78801 | Z31: =IF(Y31>$J31,"SI","NO") -> NO | AA31: =Y31*$I31 -> 69105325 | AB31: 60617 | AC31: =ROUND(AB31,0) -> 60617 | AD31: =IF(AC31>$J31,"SI","NO") -> NO | AE31: =AC31*$I31 -> 53158684 | AF31: 82000 | AG31: =ROUND(AF31,0) -> 82000 | AH31: =IF(AG31>$J31,"SI","NO") -> NO | AI31: =AG31*$I31 -> 71910720 | AJ31: 72000 | AK31: =ROUND(AJ31,0) -> 72000 | AL31: =IF(AK31>$J31,"SI","NO") -> NO | AM31: =AK31*$I31 -> 63141120 | AN31: 79736.68 | AO31: =ROUND(AN31,0) -> 79737 | AP31: =IF(AO31>$J31,"SI","NO") -> NO | AQ31: =AO31*$I31 -> 69926160 | AR31: 78221 | AS31: =ROUND(AR31,0) -> 78221 | AT31: =IF(AS31>$J31,"SI","NO") -> NO | AU31: =AS31*$I31 -> 68596688 | AV31: 77070 | AW31: =ROUND(AV31,0) -> 77070 | AX31: =IF(AW31>$J31,"SI","NO") -> NO | AY31: =AW31*$I31 -> 67587307 | AZ31: 81520.53 | BA31: =ROUND(AZ31,0) -> 81521 | BB31: =IF(BA31>$J31,"SI","NO") -> NO | BC31: =BA31*$I31 -> 71490656 | BD31: 58575 | BE31: =ROUND(BD31,0) -> 58575 | BF31: =IF(BE31>$J31,"SI","NO") -> NO | BG31: =BE31*$I31 -> 51367932 | BH31: 81399 | BI31: =ROUND(BH31,0) -> 81399 | BJ31: =IF(BI31>$J31,"SI","NO") -> NO | BK31: =BI31*$I31 -> 71383667 | BL31: 80040 | BM31: =ROUND(BL31,0) -> 80040 | BN31: =IF(BM31>$J31,"SI","NO") -> NO | BO31: =BM31*$I31 -> 70191878 | BP31: 77156 | BQ31: =ROUND(BP31,0) -> 77156 | BR31: =IF(BQ31>$J31,"SI","NO") -> NO | BS31: =BQ31*$I31 -> 67662726 | BT31: 82032 | BU31: =ROUND(BT31,0) -> 82032 | BV31: =IF(BU31>$J31,"SI","NO") -> NO | BW31: =BU31*$I31 -> 71938783 | BX31: 86595 | BY31: =ROUND(BX31,0) -> 86595 | BZ31: =IF(BY31>$J31,"SI","NO") -> NO | CA31: =BY31*$I31 -> 75940351 | CB31: 86495 | CC31: =ROUND(CB31,0) -> 86495 | CD31: =IF(CC31>$J31,"SI","NO") -> NO | CE31: =CC31*$I31 -> 75852655 | CF31: 85729 | CG31: =ROUND(CF31,0) -> 85729 | CH31: =IF(CG31>$J31,"SI","NO") -> NO | CI31: =CG31*$I31 -> 75180904 | CJ31: 60000 | CK31: =ROUND(CJ31,0) -> 60000 | CL31: =IF(CK31>$J31,"SI","NO") -> NO | CM31: =CK31*$I31 -> 52617600 | CN31: 76200 | CO31: =ROUND(CN31,0) -> 76200 | CP31: =IF(CO31>$J31,"SI","NO") -> NO | CQ31: =CO31*$I31 -> 66824352 | CR31: 73666 | CS31: =ROUND(CR31,0) -> 73666 | CT31: =IF(CS31>$J31,"SI","NO") -> NO | CU31: =CS31*$I31 -> 64602135 | CZ31: 69363 | DA31: =ROUND(CZ31,0) -> 69363 | DB31: =IF(DA31>$J31,"SI","NO") -> NO | DC31: =DA31*$I31 -> 60828576 | DD31: 82265 | DE31: =ROUND(DD31,0) -> 82265 | DF31: =IF(DE31>$J31,"SI","NO") -> NO | DG31: =DE31*$I31 -> 72143114 | DH31: 74039 | DI31: =ROUND(DH31,0) -> 74039 | DJ31: =IF(DI31>$J31,"SI","NO") -> NO | DK31: =DI31*$I31 -> 64929241
A32: 15 | B32: Suministro y aplicación de resina termoplástica para marcas viales, sin microesfera y espesor seco de 90 mils (2.3 mm), incluye pictogramas. | H32: m2 | I32: 292.32 | J32: 73121 | K32: =ROUND(I32*J32,2) -> 21374731 | L32: 72390 | M32: =ROUND(L32,0) -> 72390 | N32: =IF(M32>$J32,"SI","NO") -> NO | O32: =M32*$I32 -> 21161045 | P32: 65809 | Q32: =ROUND(P32,0) -> 65809 | R32: =IF(Q32>$J32,"SI","NO") -> NO | S32: =Q32*$I32 -> 19237287 | T32: 62150 | U32: =ROUND(T32,0) -> 62150 | V32: =IF(U32>$J32,"SI","NO") -> NO | W32: =U32*$I32 -> 18167688 | X32: 66540 | Y32: =ROUND(X32,0) -> 66540 | Z32: =IF(Y32>$J32,"SI","NO") -> NO | AA32: =Y32*$I32 -> 19450973 | AB32: 51185 | AC32: =ROUND(AB32,0) -> 51185 | AD32: =IF(AC32>$J32,"SI","NO") -> NO | AE32: =AC32*$I32 -> 14962399 | AF32: 69300 | AG32: =ROUND(AF32,0) -> 69300 | AH32: =IF(AG32>$J32,"SI","NO") -> NO | AI32: =AG32*$I32 -> 20257776 | AJ32: 64300 | AK32: =ROUND(AJ32,0) -> 64300 | AL32: =IF(AK32>$J32,"SI","NO") -> NO | AM32: =AK32*$I32 -> 18796176 | AN32: 67329.82 | AO32: =ROUND(AN32,0) -> 67330 | AP32: =IF(AO32>$J32,"SI","NO") -> NO | AQ32: =AO32*$I32 -> 19681906 | AR32: 66050 | AS32: =ROUND(AR32,0) -> 66050 | AT32: =IF(AS32>$J32,"SI","NO") -> NO | AU32: =AS32*$I32 -> 19307736 | AV32: 65078 | AW32: =ROUND(AV32,0) -> 65078 | AX32: =IF(AW32>$J32,"SI","NO") -> NO | AY32: =AW32*$I32 -> 19023601 | AZ32: 68836.11 | BA32: =ROUND(AZ32,0) -> 68836 | BB32: =IF(BA32>$J32,"SI","NO") -> NO | BC32: =BA32*$I32 -> 20122140 | BD32: 49461 | BE32: =ROUND(BD32,0) -> 49461 | BF32: =IF(BE32>$J32,"SI","NO") -> NO | BG32: =BE32*$I32 -> 14458440 | BH32: 70927 | BI32: =ROUND(BH32,0) -> 70927 | BJ32: =IF(BI32>$J32,"SI","NO") -> NO | BK32: =BI32*$I32 -> 20733381 | BL32: 70040 | BM32: =ROUND(BL32,0) -> 70040 | BN32: =IF(BM32>$J32,"SI","NO") -> NO | BO32: =BM32*$I32 -> 20474093 | BP32: 65151 | BQ32: =ROUND(BP32,0) -> 65151 | BR32: =IF(BQ32>$J32,"SI","NO") -> NO | BS32: =BQ32*$I32 -> 19044940 | BT32: 69268 | BU32: =ROUND(BT32,0) -> 69268 | BV32: =IF(BU32>$J32,"SI","NO") -> NO | BW32: =BU32*$I32 -> 20248422 | BX32: 73121 | BY32: =ROUND(BX32,0) -> 73121 | BZ32: =IF(BY32>$J32,"SI","NO") -> NO | CA32: =BY32*$I32 -> 21374731 | CB32: 73021 | CC32: =ROUND(CB32,0) -> 73021 | CD32: =IF(CC32>$J32,"SI","NO") -> NO | CE32: =CC32*$I32 -> 21345499 | CF32: 72390 | CG32: =ROUND(CF32,0) -> 72390 | CH32: =IF(CG32>$J32,"SI","NO") -> NO | CI32: =CG32*$I32 -> 21161045 | CJ32: 58000 | CK32: =ROUND(CJ32,0) -> 58000 | CL32: =IF(CK32>$J32,"SI","NO") -> NO | CM32: =CK32*$I32 -> 16954560 | CN32: 64350 | CO32: =ROUND(CN32,0) -> 64350 | CP32: =IF(CO32>$J32,"SI","NO") -> NO | CQ32: =CO32*$I32 -> 18810792 | CR32: 62204 | CS32: =ROUND(CR32,0) -> 62204 | CT32: =IF(CS32>$J32,"SI","NO") -> NO | CU32: =CS32*$I32 -> 18183473 | CZ32: 69246 | DA32: =ROUND(CZ32,0) -> 69246 | DB32: =IF(DA32>$J32,"SI","NO") -> NO | DC32: =DA32*$I32 -> 20241991 | DD32: 69465 | DE32: =ROUND(DD32,0) -> 69465 | DF32: =IF(DE32>$J32,"SI","NO") -> NO | DG32: =DE32*$I32 -> 20306009 | DH32: 62518 | DI32: =ROUND(DH32,0) -> 62518 | DJ32: =IF(DI32>$J32,"SI","NO") -> NO | DK32: =DI32*$I32 -> 18275262
A33: DEMARCACIONES - Pintura plástico en frío metilmetacrilato.
A34: 16 | B34: Suministro y aplicación de pintura en plástico en frio metilmetacrilato de 12 cm para líneas de demarcación, con microesfera y espesor seco mínimo de 22 mils (por pulverización o spray) según norma NTC 4744 y/o normatividad vigente. | H34: m | I34: 13440 | J34: 6744 | K34: =ROUND(I34*J34,2) -> 90639360 | L34: 5395 | M34: =ROUND(L34,0) -> 5395 | N34: =IF(M34>$J34,"SI","NO") -> NO | O34: =M34*$I34 -> 72508800 | P34: 6474 | Q34: =ROUND(P34,0) -> 6474 | R34: =IF(Q34>$J34,"SI","NO") -> NO | S34: =Q34*$I34 -> 87010560 | T34: 6180 | U34: =ROUND(T34,0) -> 6180 | V34: =IF(U34>$J34,"SI","NO") -> NO | W34: =U34*$I34 -> 83059200 | X34: 6137 | Y34: =ROUND(X34,0) -> 6137 | Z34: =IF(Y34>$J34,"SI","NO") -> NO | AA34: =Y34*$I34 -> 82481280 | AB34: 6389 | AC34: =ROUND(AB34,0) -> 6389 | AD34: =IF(AC34>$J34,"SI","NO") -> NO | AE34: =AC34*$I34 -> 85868160 | AF34: 6400 | AG34: =ROUND(AF34,0) -> 6400 | AH34: =IF(AG34>$J34,"SI","NO") -> NO | AI34: =AG34*$I34 -> 86016000 | AJ34: 5500 | AK34: =ROUND(AJ34,0) -> 5500 | AL34: =IF(AK34>$J34,"SI","NO") -> NO | AM34: =AK34*$I34 -> 73920000 | AN34: 6209.88 | AO34: =ROUND(AN34,0) -> 6210 | AP34: =IF(AO34>$J34,"SI","NO") -> NO | AQ34: =AO34*$I34 -> 83462400 | AR34: 6092 | AS34: =ROUND(AR34,0) -> 6092 | AT34: =IF(AS34>$J34,"SI","NO") -> NO | AU34: =AS34*$I34 -> 81876480 | AV34: 6339 | AW34: =ROUND(AV34,0) -> 6339 | AX34: =IF(AW34>$J34,"SI","NO") -> NO | AY34: =AW34*$I34 -> 85196160 | AZ34: 6348.8 | BA34: =ROUND(AZ34,0) -> 6349 | BB34: =IF(BA34>$J34,"SI","NO") -> NO | BC34: =BA34*$I34 -> 85330560 | BD34: 6743 | BE34: =ROUND(BD34,0) -> 6743 | BF34: =IF(BE34>$J34,"SI","NO") -> NO | BG34: =BE34*$I34 -> 90625920 | BH34: 6609 | BI34: =ROUND(BH34,0) -> 6609 | BJ34: =IF(BI34>$J34,"SI","NO") -> NO | BK34: =BI34*$I34 -> 88824960 | BL34: 6050 | BM34: =ROUND(BL34,0) -> 6050 | BN34: =IF(BM34>$J34,"SI","NO") -> NO | BO34: =BM34*$I34 -> 81312000 | BP34: 6009 | BQ34: =ROUND(BP34,0) -> 6009 | BR34: =IF(BQ34>$J34,"SI","NO") -> NO | BS34: =BQ34*$I34 -> 80760960 | BT34: 6390 | BU34: =ROUND(BT34,0) -> 6390 | BV34: =IF(BU34>$J34,"SI","NO") -> NO | BW34: =BU34*$I34 -> 85881600 | BX34: 6500 | BY34: =ROUND(BX34,0) -> 6500 | BZ34: =IF(BY34>$J34,"SI","NO") -> NO | CA34: =BY34*$I34 -> 87360000 | CB34: 6326 | CC34: =ROUND(CB34,0) -> 6326 | CD34: =IF(CC34>$J34,"SI","NO") -> NO | CE34: =CC34*$I34 -> 85021440 | CF34: 5935 | CG34: =ROUND(CF34,0) -> 5935 | CH34: =IF(CG34>$J34,"SI","NO") -> NO | CI34: =CG34*$I34 -> 79766400 | CJ34: 6700 | CK34: =ROUND(CJ34,0) -> 6700 | CL34: =IF(CK34>$J34,"SI","NO") -> NO | CM34: =CK34*$I34 -> 90048000 | CN34: 5950 | CO34: =ROUND(CN34,0) -> 5950 | CP34: =IF(CO34>$J34,"SI","NO") -> NO | CQ34: =CO34*$I34 -> 79968000 | CR34: 5737 | CS34: =ROUND(CR34,0) -> 5737 | CT34: =IF(CS34>$J34,"SI","NO") -> NO | CU34: =CS34*$I34 -> 77105280 | CZ34: 5402 | DA34: =ROUND(CZ34,0) -> 5402 | DB34: =IF(DA34>$J34,"SI","NO") -> NO | DC34: =DA34*$I34 -> 72602880 | DD34: 6407 | DE34: =ROUND(DD34,0) -> 6407 | DF34: =IF(DE34>$J34,"SI","NO") -> NO | DG34: =DE34*$I34 -> 86110080 | DH34: 5766 | DI34: =ROUND(DH34,0) -> 5766 | DJ34: =IF(DI34>$J34,"SI","NO") -> NO | DK34: =DI34*$I34 -> 77495040
A35: 17 | B35: Suministro y aplicación de pintura en plástico en frio metilmetacrilato de 15 cm para líneas de demarcación, con microesfera y espesor seco mínimo de 22 mils (por pulverización o spray) según norma NTC 4744 y/o normatividad vigente. | H35: m | I35: 210 | J35: 8174 | K35: =ROUND(I35*J35,2) -> 1716540 | L35: 8092 | M35: =ROUND(L35,0) -> 8092 | N35: =IF(M35>$J35,"SI","NO") -> NO | O35: =M35*$I35 -> 1699320 | P35: 6539 | Q35: =ROUND(P35,0) -> 6539 | R35: =IF(Q35>$J35,"SI","NO") -> NO | S35: =Q35*$I35 -> 1373190 | T35: 7684 | U35: =ROUND(T35,0) -> 7684 | V35: =IF(U35>$J35,"SI","NO") -> NO | W35: =U35*$I35 -> 1613640 | X35: 7438 | Y35: =ROUND(X35,0) -> 7438 | Z35: =IF(Y35>$J35,"SI","NO") -> NO | AA35: =Y35*$I35 -> 1561980 | AB35: 7743 | AC35: =ROUND(AB35,0) -> 7743 | AD35: =IF(AC35>$J35,"SI","NO") -> NO | AE35: =AC35*$I35 -> 1626030 | AF35: 7800 | AG35: =ROUND(AF35,0) -> 7800 | AH35: =IF(AG35>$J35,"SI","NO") -> NO | AI35: =AG35*$I35 -> 1638000 | AJ35: 6500 | AK35: =ROUND(AJ35,0) -> 6500 | AL35: =IF(AK35>$J35,"SI","NO") -> NO | AM35: =AK35*$I35 -> 1365000 | AN35: 7526.62 | AO35: =ROUND(AN35,0) -> 7527 | AP35: =IF(AO35>$J35,"SI","NO") -> NO | AQ35: =AO35*$I35 -> 1580670 | AR35: 7384 | AS35: =ROUND(AR35,0) -> 7384 | AT35: =IF(AS35>$J35,"SI","NO") -> NO | AU35: =AS35*$I35 -> 1550640 | AV35: 7438 | AW35: =ROUND(AV35,0) -> 7438 | AX35: =IF(AW35>$J35,"SI","NO") -> NO | AY35: =AW35*$I35 -> 1561980 | AZ35: 7695 | BA35: =ROUND(AZ35,0) -> 7695 | BB35: =IF(BA35>$J35,"SI","NO") -> NO | BC35: =BA35*$I35 -> 1615950 | BD35: 8173 | BE35: =ROUND(BD35,0) -> 8173 | BF35: =IF(BE35>$J35,"SI","NO") -> NO | BG35: =BE35*$I35 -> 1716330 | BH35: 8051 | BI35: =ROUND(BH35,0) -> 8051 | BJ35: =IF(BI35>$J35,"SI","NO") -> NO | BK35: =BI35*$I35 -> 1690710 | BL35: 7650 | BM35: =ROUND(BL35,0) -> 7650 | BN35: =IF(BM35>$J35,"SI","NO") -> NO | BO35: =BM35*$I35 -> 1606500 | BP35: 7283 | BQ35: =ROUND(BP35,0) -> 7283 | BR35: =IF(BQ35>$J35,"SI","NO") -> NO | BS35: =BQ35*$I35 -> 1529430 | BT35: 7744 | BU35: =ROUND(BT35,0) -> 7744 | BV35: =IF(BU35>$J35,"SI","NO") -> NO | BW35: =BU35*$I35 -> 1626240 | BX35: 8174 | BY35: =ROUND(BX35,0) -> 8174 | BZ35: =IF(BY35>$J35,"SI","NO") -> NO | CA35: =BY35*$I35 -> 1716540 | CB35: 7687 | CC35: =ROUND(CB35,0) -> 7687 | CD35: =IF(CC35>$J35,"SI","NO") -> NO | CE35: =CC35*$I35 -> 1614270 | CF35: 7193 | CG35: =ROUND(CF35,0) -> 7193 | CH35: =IF(CG35>$J35,"SI","NO") -> NO | CI35: =CG35*$I35 -> 1510530 | CJ35: 8100 | CK35: =ROUND(CJ35,0) -> 8100 | CL35: =IF(CK35>$J35,"SI","NO") -> NO | CM35: =CK35*$I35 -> 1701000 | CN35: 7200 | CO35: =ROUND(CN35,0) -> 7200 | CP35: =IF(CO35>$J35,"SI","NO") -> NO | CQ35: =CO35*$I35 -> 1512000 | CR35: 6954 | CS35: =ROUND(CR35,0) -> 6954 | CT35: =IF(CS35>$J35,"SI","NO") -> NO | CU35: =CS35*$I35 -> 1460340 | CZ35: 7741 | DA35: =ROUND(CZ35,0) -> 7741 | DB35: =IF(DA35>$J35,"SI","NO") -> NO | DC35: =DA35*$I35 -> 1625610 | DD35: 7765 | DE35: =ROUND(DD35,0) -> 7765 | DF35: =IF(DE35>$J35,"SI","NO") -> NO | DG35: =DE35*$I35 -> 1630650 | DH35: 6989 | DI35: =ROUND(DH35,0) -> 6989 | DJ35: =IF(DI35>$J35,"SI","NO") -> NO | DK35: =DI35*$I35 -> 1467690
A36: 18 | B36: Suministro y aplicación de pintura de plástico en frio metilmetacrilato para marcas viales con microesfera y espesor seco mínimo de 22 mils (por pulverización o spray) según norma NTC 4744 y/o normatividad vigente, incluye pictogramas. | H36: m2 | I36: 146.16 | J36: 76305 | K36: =ROUND(I36*J36,2) -> 11152739 | L36: 75542 | M36: =ROUND(L36,0) -> 75542 | N36: =IF(M36>$J36,"SI","NO") -> NO | O36: =M36*$I36 -> 11041219 | P36: 73253 | Q36: =ROUND(P36,0) -> 73253 | R36: =IF(Q36>$J36,"SI","NO") -> NO | S36: =Q36*$I36 -> 10706658 | T36: 71730 | U36: =ROUND(T36,0) -> 71730 | V36: =IF(U36>$J36,"SI","NO") -> NO | W36: =U36*$I36 -> 10484057 | X36: 69438 | Y36: =ROUND(X36,0) -> 69438 | Z36: =IF(Y36>$J36,"SI","NO") -> NO | AA36: =Y36*$I36 -> 10149058 | AB36: 72284 | AC36: =ROUND(AB36,0) -> 72284 | AD36: =IF(AC36>$J36,"SI","NO") -> NO | AE36: =AC36*$I36 -> 10565029 | AF36: 72300 | AG36: =ROUND(AF36,0) -> 72300 | AH36: =IF(AG36>$J36,"SI","NO") -> NO | AI36: =AG36*$I36 -> 10567368 | AJ36: 62000 | AK36: =ROUND(AJ36,0) -> 62000 | AL36: =IF(AK36>$J36,"SI","NO") -> NO | AM36: =AK36*$I36 -> 9061920 | AN36: 70261.64 | AO36: =ROUND(AN36,0) -> 70262 | AP36: =IF(AO36>$J36,"SI","NO") -> NO | AQ36: =AO36*$I36 -> 10269494 | AR36: 68926 | AS36: =ROUND(AR36,0) -> 68926 | AT36: =IF(AS36>$J36,"SI","NO") -> NO | AU36: =AS36*$I36 -> 10074224 | AV36: 71727 | AW36: =ROUND(AV36,0) -> 71727 | AX36: =IF(AW36>$J36,"SI","NO") -> NO | AY36: =AW36*$I36 -> 10483618 | AZ36: 71833.53 | BA36: =ROUND(AZ36,0) -> 71834 | BB36: =IF(BA36>$J36,"SI","NO") -> NO | BC36: =BA36*$I36 -> 10499257 | BD36: 76304 | BE36: =ROUND(BD36,0) -> 76304 | BF36: =IF(BE36>$J36,"SI","NO") -> NO | BG36: =BE36*$I36 -> 11152593 | BH36: 74779 | BI36: =ROUND(BH36,0) -> 74779 | BJ36: =IF(BI36>$J36,"SI","NO") -> NO | BK36: =BI36*$I36 -> 10929699 | BL36: 72450 | BM36: =ROUND(BL36,0) -> 72450 | BN36: =IF(BM36>$J36,"SI","NO") -> NO | BO36: =BM36*$I36 -> 10589292 | BP36: 67988 | BQ36: =ROUND(BP36,0) -> 67988 | BR36: =IF(BQ36>$J36,"SI","NO") -> NO | BS36: =BQ36*$I36 -> 9937126.1 | BT36: 72284 | BU36: =ROUND(BT36,0) -> 72284 | BV36: =IF(BU36>$J36,"SI","NO") -> NO | BW36: =BU36*$I36 -> 10565029 | BX36: 76305 | BY36: =ROUND(BX36,0) -> 76305 | BZ36: =IF(BY36>$J36,"SI","NO") -> NO | CA36: =BY36*$I36 -> 11152739 | CB36: 72548 | CC36: =ROUND(CB36,0) -> 72548 | CD36: =IF(CC36>$J36,"SI","NO") -> NO | CE36: =CC36*$I36 -> 10603616 | CF36: 67148 | CG36: =ROUND(CF36,0) -> 67148 | CH36: =IF(CG36>$J36,"SI","NO") -> NO | CI36: =CG36*$I36 -> 9814351.7 | CJ36: 76000 | CK36: =ROUND(CJ36,0) -> 76000 | CL36: =IF(CK36>$J36,"SI","NO") -> NO | CM36: =CK36*$I36 -> 11108160 | CN36: 67140 | CO36: =ROUND(CN36,0) -> 67140 | CP36: =IF(CO36>$J36,"SI","NO") -> NO | CQ36: =CO36*$I36 -> 9813182.4 | CR36: 64913 | CS36: =ROUND(CR36,0) -> 64913 | CT36: =IF(CS36>$J36,"SI","NO") -> NO | CU36: =CS36*$I36 -> 9487684.1 | CZ36: 72261 | DA36: =ROUND(CZ36,0) -> 72261 | DB36: =IF(DA36>$J36,"SI","NO") -> NO | DC36: =DA36*$I36 -> 10561668 | DD36: 72490 | DE36: =ROUND(DD36,0) -> 72490 | DF36: =IF(DE36>$J36,"SI","NO") -> NO | DG36: =DE36*$I36 -> 10595138 | DH36: 65241 | DI36: =ROUND(DH36,0) -> 65241 | DJ36: =IF(DI36>$J36,"SI","NO") -> NO | DK36: =DI36*$I36 -> 9535624.6
A37: 19 | B37: Suministro y aplicación de pintura de plástico en frio metilmetacrilato para marcas viales sin microesfera y espesor seco de mínimo de 22 mils (por pulverización o spray) según norma NTC 4744 y/o normatividad vigente, incluye pictogramas. | H37: m2 | I37: 146.16 | J37: 65602 | K37: =ROUND(I37*J37,2) -> 9588388.3 | L37: 64946 | M37: =ROUND(L37,0) -> 64946 | N37: =IF(M37>$J37,"SI","NO") -> NO | O37: =M37*$I37 -> 9492507.4 | P37: 52482 | Q37: =ROUND(P37,0) -> 52482 | R37: =IF(Q37>$J37,"SI","NO") -> NO | S37: =Q37*$I37 -> 7670769.1 | T37: 61666 | U37: =ROUND(T37,0) -> 61666 | V37: =IF(U37>$J37,"SI","NO") -> NO | W37: =U37*$I37 -> 9013102.6 | X37: 59698 | Y37: =ROUND(X37,0) -> 59698 | Z37: =IF(Y37>$J37,"SI","NO") -> NO | AA37: =Y37*$I37 -> 8725459.7 | AB37: 62145 | AC37: =ROUND(AB37,0) -> 62145 | AD37: =IF(AC37>$J37,"SI","NO") -> NO | AE37: =AC37*$I37 -> 9083113.2 | AF37: 62200 | AG37: =ROUND(AF37,0) -> 62200 | AH37: =IF(AG37>$J37,"SI","NO") -> NO | AI37: =AG37*$I37 -> 9091152 | AJ37: 53000 | AK37: =ROUND(AJ37,0) -> 53000 | AL37: =IF(AK37>$J37,"SI","NO") -> NO | AM37: =AK37*$I37 -> 7746480 | AN37: 60406.32 | AO37: =ROUND(AN37,0) -> 60406 | AP37: =IF(AO37>$J37,"SI","NO") -> NO | AQ37: =AO37*$I37 -> 8828941 | AR37: 59258 | AS37: =ROUND(AR37,0) -> 59258 | AT37: =IF(AS37>$J37,"SI","NO") -> NO | AU37: =AS37*$I37 -> 8661149.3 | AV37: 61666 | AW37: =ROUND(AV37,0) -> 61666 | AX37: =IF(AW37>$J37,"SI","NO") -> NO | AY37: =AW37*$I37 -> 9013102.6 | AZ37: 61757.72 | BA37: =ROUND(AZ37,0) -> 61758 | BB37: =IF(BA37>$J37,"SI","NO") -> NO | BC37: =BA37*$I37 -> 9026549.3 | BD37: 65601 | BE37: =ROUND(BD37,0) -> 65601 | BF37: =IF(BE37>$J37,"SI","NO") -> NO | BG37: =BE37*$I37 -> 9588242.2 | BH37: 64618 | BI37: =ROUND(BH37,0) -> 64618 | BJ37: =IF(BI37>$J37,"SI","NO") -> NO | BK37: =BI37*$I37 -> 9444566.9 | BL37: 63120 | BM37: =ROUND(BL37,0) -> 63120 | BN37: =IF(BM37>$J37,"SI","NO") -> NO | BO37: =BM37*$I37 -> 9225619.2 | BP37: 58451 | BQ37: =ROUND(BP37,0) -> 58451 | BR37: =IF(BQ37>$J37,"SI","NO") -> NO | BS37: =BQ37*$I37 -> 8543198.2 | BT37: 62146 | BU37: =ROUND(BT37,0) -> 62146 | BV37: =IF(BU37>$J37,"SI","NO") -> NO | BW37: =BU37*$I37 -> 9083259.4 | BX37: 65602 | BY37: =ROUND(BX37,0) -> 65602 | BZ37: =IF(BY37>$J37,"SI","NO") -> NO | CA37: =BY37*$I37 -> 9588388.3 | CB37: 62358 | CC37: =ROUND(CB37,0) -> 62358 | CD37: =IF(CC37>$J37,"SI","NO") -> NO | CE37: =CC37*$I37 -> 9114245.3 | CF37: 57730 | CG37: =ROUND(CF37,0) -> 57730 | CH37: =IF(CG37>$J37,"SI","NO") -> NO | CI37: =CG37*$I37 -> 8437816.8 | CJ37: 65000 | CK37: =ROUND(CJ37,0) -> 65000 | CL37: =IF(CK37>$J37,"SI","NO") -> NO | CM37: =CK37*$I37 -> 9500400 | CN37: 57700 | CO37: =ROUND(CN37,0) -> 57700 | CP37: =IF(CO37>$J37,"SI","NO") -> NO | CQ37: =CO37*$I37 -> 8433432 | CR37: 55808 | CS37: =ROUND(CR37,0) -> 55808 | CT37: =IF(CS37>$J37,"SI","NO") -> NO | CU37: =CS37*$I37 -> 8156897.3 | CZ37: 62125 | DA37: =ROUND(CZ37,0) -> 62125 | DB37: =IF(DA37>$J37,"SI","NO") -> NO | DC37: =DA37*$I37 -> 9080190 | DD37: 62322 | DE37: =ROUND(DD37,0) -> 62322 | DF37: =IF(DE37>$J37,"SI","NO") -> NO | DG37: =DE37*$I37 -> 9108983.5 | DH37: 56090 | DI37: =ROUND(DH37,0) -> 56090 | DJ37: =IF(DI37>$J37,"SI","NO") -> NO | DK37: =DI37*$I37 -> 8198114.4
A38: 20 | B38: Suministro y aplicación manual (método llana) de pintura de plástico en frio metilmetacrilato con microesferas para marcas viales de espesor seco de 50 mils, según norma NTC 4744 y/o normatividad vigente, incluye pictogramas. | H38: m2 | I38: 584.64 | J38: 88940 | K38: =ROUND(I38*J38,2) -> 51997882 | L38: 71152 | M38: =ROUND(L38,0) -> 71152 | N38: =IF(M38>$J38,"SI","NO") -> NO | O38: =M38*$I38 -> 41598305 | P38: 66705 | Q38: =ROUND(P38,0) -> 66705 | R38: =IF(Q38>$J38,"SI","NO") -> NO | S38: =Q38*$I38 -> 38998411 | T38: 80046 | U38: =ROUND(T38,0) -> 80046 | V38: =IF(U38>$J38,"SI","NO") -> NO | W38: =U38*$I38 -> 46798093 | X38: 80935 | Y38: =ROUND(X38,0) -> 80935 | Z38: =IF(Y38>$J38,"SI","NO") -> NO | AA38: =Y38*$I38 -> 47317838 | AB38: 84253 | AC38: =ROUND(AB38,0) -> 84253 | AD38: =IF(AC38>$J38,"SI","NO") -> NO | AE38: =AC38*$I38 -> 49257674 | AF38: 84300 | AG38: =ROUND(AF38,0) -> 84300 | AH38: =IF(AG38>$J38,"SI","NO") -> NO | AI38: =AG38*$I38 -> 49285152 | AJ38: 72000 | AK38: =ROUND(AJ38,0) -> 72000 | AL38: =IF(AK38>$J38,"SI","NO") -> NO | AM38: =AK38*$I38 -> 42094080 | AN38: 81895.95 | AO38: =ROUND(AN38,0) -> 81896 | AP38: =IF(AO38>$J38,"SI","NO") -> NO | AQ38: =AO38*$I38 -> 47879677 | AR38: 80340 | AS38: =ROUND(AR38,0) -> 80340 | AT38: =IF(AS38>$J38,"SI","NO") -> NO | AU38: =AS38*$I38 -> 46969978 | AV38: 83604 | AW38: =ROUND(AV38,0) -> 83604 | AX38: =IF(AW38>$J38,"SI","NO") -> NO | AY38: =AW38*$I38 -> 48878243 | AZ38: 83728.12 | BA38: =ROUND(AZ38,0) -> 83728 | BB38: =IF(BA38>$J38,"SI","NO") -> NO | BC38: =BA38*$I38 -> 48950738 | BD38: 88939 | BE38: =ROUND(BD38,0) -> 88939 | BF38: =IF(BE38>$J38,"SI","NO") -> NO | BG38: =BE38*$I38 -> 51997297 | BH38: 87161 | BI38: =ROUND(BH38,0) -> 87161 | BJ38: =IF(BI38>$J38,"SI","NO") -> NO | BK38: =BI38*$I38 -> 50957807 | BL38: 75450 | BM38: =ROUND(BL38,0) -> 75450 | BN38: =IF(BM38>$J38,"SI","NO") -> NO | BO38: =BM38*$I38 -> 44111088 | BP38: 79246 | BQ38: =ROUND(BP38,0) -> 79246 | BR38: =IF(BQ38>$J38,"SI","NO") -> NO | BS38: =BQ38*$I38 -> 46330381 | BT38: 84254 | BU38: =ROUND(BT38,0) -> 84254 | BV38: =IF(BU38>$J38,"SI","NO") -> NO | BW38: =BU38*$I38 -> 49258259 | BX38: 85000 | BY38: =ROUND(BX38,0) -> 85000 | BZ38: =IF(BY38>$J38,"SI","NO") -> NO | CA38: =BY38*$I38 -> 49694400 | CB38: 84576 | CC38: =ROUND(CB38,0) -> 84576 | CD38: =IF(CC38>$J38,"SI","NO") -> NO | CE38: =CC38*$I38 -> 49446513 | CF38: 78267 | CG38: =ROUND(CF38,0) -> 78267 | CH38: =IF(CG38>$J38,"SI","NO") -> NO | CI38: =CG38*$I38 -> 45758019 | CJ38: 88000 | CK38: =ROUND(CJ38,0) -> 88000 | CL38: =IF(CK38>$J38,"SI","NO") -> NO | CM38: =CK38*$I38 -> 51448320 | CN38: 78250 | CO38: =ROUND(CN38,0) -> 78250 | CP38: =IF(CO38>$J38,"SI","NO") -> NO | CQ38: =CO38*$I38 -> 45748080 | CR38: 75661 | CS38: =ROUND(CR38,0) -> 75661 | CT38: =IF(CS38>$J38,"SI","NO") -> NO | CU38: =CS38*$I38 -> 44234447 | CZ38: 84226 | DA38: =ROUND(CZ38,0) -> 84226 | DB38: =IF(DA38>$J38,"SI","NO") -> NO | DC38: =DA38*$I38 -> 49241889 | DD38: 84493 | DE38: =ROUND(DD38,0) -> 84493 | DF38: =IF(DE38>$J38,"SI","NO") -> NO | DG38: =DE38*$I38 -> 49397988 | DH38: 76044 | DI38: =ROUND(DH38,0) -> 76044 | DJ38: =IF(DI38>$J38,"SI","NO") -> NO | DK38: =DI38*$I38 -> 44458364
A39: 21 | B39: Suministro y aplicación manual (método llana) de pintura de plástico en frio metilmetacrilato sin microesferas para marcas viales de espesor seco de 50 mils según norma NTC 4744 y/o normatividad vigente, incluye pictogramas. | H39: m2 | I39: 438.48 | J39: 83383 | K39: =ROUND(I39*J39,2) -> 36561778 | L39: 66706 | M39: =ROUND(L39,0) -> 66706 | N39: =IF(M39>$J39,"SI","NO") -> NO | O39: =M39*$I39 -> 29249247 | P39: 58368 | Q39: =ROUND(P39,0) -> 58368 | R39: =IF(Q39>$J39,"SI","NO") -> NO | S39: =Q39*$I39 -> 25593201 | T39: 76700 | U39: =ROUND(T39,0) -> 76700 | V39: =IF(U39>$J39,"SI","NO") -> NO | W39: =U39*$I39 -> 33631416 | X39: 75879 | Y39: =ROUND(X39,0) -> 75879 | Z39: =IF(Y39>$J39,"SI","NO") -> NO | AA39: =Y39*$I39 -> 33271424 | AB39: 78989 | AC39: =ROUND(AB39,0) -> 78989 | AD39: =IF(AC39>$J39,"SI","NO") -> NO | AE39: =AC39*$I39 -> 34635097 | AF39: 79000 | AG39: =ROUND(AF39,0) -> 79000 | AH39: =IF(AG39>$J39,"SI","NO") -> NO | AI39: =AG39*$I39 -> 34639920 | AJ39: 68000 | AK39: =ROUND(AJ39,0) -> 68000 | AL39: =IF(AK39>$J39,"SI","NO") -> NO | AM39: =AK39*$I39 -> 29816640 | AN39: 76779.07 | AO39: =ROUND(AN39,0) -> 76779 | AP39: =IF(AO39>$J39,"SI","NO") -> NO | AQ39: =AO39*$I39 -> 33666056 | AR39: 75320 | AS39: =ROUND(AR39,0) -> 75320 | AT39: =IF(AS39>$J39,"SI","NO") -> NO | AU39: =AS39*$I39 -> 33026314 | AV39: 78380 | AW39: =ROUND(AV39,0) -> 78380 | AX39: =IF(AW39>$J39,"SI","NO") -> NO | AY39: =AW39*$I39 -> 34368062 | AZ39: 78496.76 | BA39: =ROUND(AZ39,0) -> 78497 | BB39: =IF(BA39>$J39,"SI","NO") -> NO | BC39: =BA39*$I39 -> 34419365 | BD39: 83382 | BE39: =ROUND(BD39,0) -> 83382 | BF39: =IF(BE39>$J39,"SI","NO") -> NO | BG39: =BE39*$I39 -> 36561339 | BH39: 81715 | BI39: =ROUND(BH39,0) -> 81715 | BJ39: =IF(BI39>$J39,"SI","NO") -> NO | BK39: =BI39*$I39 -> 35830393 | BL39: 73450 | BM39: =ROUND(BL39,0) -> 73450 | BN39: =IF(BM39>$J39,"SI","NO") -> NO | BO39: =BM39*$I39 -> 32206356 | BP39: 74294 | BQ39: =ROUND(BP39,0) -> 74294 | BR39: =IF(BQ39>$J39,"SI","NO") -> NO | BS39: =BQ39*$I39 -> 32576433 | BT39: 78990 | BU39: =ROUND(BT39,0) -> 78990 | BV39: =IF(BU39>$J39,"SI","NO") -> NO | BW39: =BU39*$I39 -> 34635535 | BX39: 83383 | BY39: =ROUND(BX39,0) -> 83383 | BZ39: =IF(BY39>$J39,"SI","NO") -> NO | CA39: =BY39*$I39 -> 36561778 | CB39: 79286 | CC39: =ROUND(CB39,0) -> 79286 | CD39: =IF(CC39>$J39,"SI","NO") -> NO | CE39: =CC39*$I39 -> 34765325 | CF39: 73377 | CG39: =ROUND(CF39,0) -> 73377 | CH39: =IF(CG39>$J39,"SI","NO") -> NO | CI39: =CG39*$I39 -> 32174347 | CJ39: 83300 | CK39: =ROUND(CJ39,0) -> 83300 | CL39: =IF(CK39>$J39,"SI","NO") -> NO | CM39: =CK39*$I39 -> 36525384 | CN39: 73370 | CO39: =ROUND(CN39,0) -> 73370 | CP39: =IF(CO39>$J39,"SI","NO") -> NO | CQ39: =CO39*$I39 -> 32171278 | CR39: 70934 | CS39: =ROUND(CR39,0) -> 70934 | CT39: =IF(CS39>$J39,"SI","NO") -> NO | CU39: =CS39*$I39 -> 31103140 | CZ39: 78964 | DA39: =ROUND(CZ39,0) -> 78964 | DB39: =IF(DA39>$J39,"SI","NO") -> NO | DC39: =DA39*$I39 -> 34624135 | DD39: 79214 | DE39: =ROUND(DD39,0) -> 79214 | DF39: =IF(DE39>$J39,"SI","NO") -> NO | DG39: =DE39*$I39 -> 34733755 | DH39: 71292 | DI39: =ROUND(DH39,0) -> 71292 | DJ39: =IF(DI39>$J39,"SI","NO") -> NO | DK39: =DI39*$I39 -> 31260116
A40: DEMARCACIONES - Otros.
A41: 22 | B41: Suministro y aplicación de antideslizante para marcas viales según norma NTC 2072 y/o normatividad vigente. | H41: m2 | I41: 1169.28 | J41: 11107 | K41: =ROUND(I41*J41,2) -> 12987193 | L41: 10996 | M41: =ROUND(L41,0) -> 10996 | N41: =IF(M41>$J41,"SI","NO") -> NO | O41: =M41*$I41 -> 12857403 | P41: 8886 | Q41: =ROUND(P41,0) -> 8886 | R41: =IF(Q41>$J41,"SI","NO") -> NO | S41: =Q41*$I41 -> 10390222 | T41: 10107 | U41: =ROUND(T41,0) -> 10107 | V41: =IF(U41>$J41,"SI","NO") -> NO | W41: =U41*$I41 -> 11817913 | X41: 10107 | Y41: =ROUND(X41,0) -> 10107 | Z41: =IF(Y41>$J41,"SI","NO") -> NO | AA41: =Y41*$I41 -> 11817913 | AB41: 10522 | AC41: =ROUND(AB41,0) -> 10522 | AD41: =IF(AC41>$J41,"SI","NO") -> NO | AE41: =AC41*$I41 -> 12303164 | AF41: 10600 | AG41: =ROUND(AF41,0) -> 10600 | AH41: =IF(AG41>$J41,"SI","NO") -> NO | AI41: =AG41*$I41 -> 12394368 | AJ41: 9100 | AK41: =ROUND(AJ41,0) -> 9100 | AL41: =IF(AK41>$J41,"SI","NO") -> NO | AM41: =AK41*$I41 -> 10640448 | AN41: 10227.33 | AO41: =ROUND(AN41,0) -> 10227 | AP41: =IF(AO41>$J41,"SI","NO") -> NO | AQ41: =AO41*$I41 -> 11958227 | AR41: 10033 | AS41: =ROUND(AR41,0) -> 10033 | AT41: =IF(AS41>$J41,"SI","NO") -> NO | AU41: =AS41*$I41 -> 11731386 | AV41: 10441 | AW41: =ROUND(AV41,0) -> 10441 | AX41: =IF(AW41>$J41,"SI","NO") -> NO | AY41: =AW41*$I41 -> 12208452 | AZ41: 10456.13 | BA41: =ROUND(AZ41,0) -> 10456 | BB41: =IF(BA41>$J41,"SI","NO") -> NO | BC41: =BA41*$I41 -> 12225992 | BD41: 11106 | BE41: =ROUND(BD41,0) -> 11106 | BF41: =IF(BE41>$J41,"SI","NO") -> NO | BG41: =BE41*$I41 -> 12986024 | BH41: 10885 | BI41: =ROUND(BH41,0) -> 10885 | BJ41: =IF(BI41>$J41,"SI","NO") -> NO | BK41: =BI41*$I41 -> 12727613 | BL41: 10140 | BM41: =ROUND(BL41,0) -> 10140 | BN41: =IF(BM41>$J41,"SI","NO") -> NO | BO41: =BM41*$I41 -> 11856499 | BP41: 9896 | BQ41: =ROUND(BP41,0) -> 9896 | BR41: =IF(BQ41>$J41,"SI","NO") -> NO | BS41: =BQ41*$I41 -> 11571195 | BT41: 10522 | BU41: =ROUND(BT41,0) -> 10522 | BV41: =IF(BU41>$J41,"SI","NO") -> NO | BW41: =BU41*$I41 -> 12303164 | BX41: 11107 | BY41: =ROUND(BX41,0) -> 11107 | BZ41: =IF(BY41>$J41,"SI","NO") -> NO | CA41: =BY41*$I41 -> 12987193 | CB41: 10479 | CC41: =ROUND(CB41,0) -> 10479 | CD41: =IF(CC41>$J41,"SI","NO") -> NO | CE41: =CC41*$I41 -> 12252885 | CF41: 10996 | CG41: =ROUND(CF41,0) -> 10996 | CH41: =IF(CG41>$J41,"SI","NO") -> NO | CI41: =CG41*$I41 -> 12857403 | CJ41: 11100 | CK41: =ROUND(CJ41,0) -> 11100 | CL41: =IF(CK41>$J41,"SI","NO") -> NO | CM41: =CK41*$I41 -> 12979008 | CN41: 9750 | CO41: =ROUND(CN41,0) -> 9750 | CP41: =IF(CO41>$J41,"SI","NO") -> NO | CQ41: =CO41*$I41 -> 11400480 | CR41: 9449 | CS41: =ROUND(CR41,0) -> 9449 | CT41: =IF(CS41>$J41,"SI","NO") -> NO | CU41: =CS41*$I41 -> 11048527 | CZ41: 10518 | DA41: =ROUND(CZ41,0) -> 10518 | DB41: =IF(DA41>$J41,"SI","NO") -> NO | DC41: =DA41*$I41 -> 12298487 | DD41: 10552 | DE41: =ROUND(DD41,0) -> 10552 | DF41: =IF(DE41>$J41,"SI","NO") -> NO | DG41: =DE41*$I41 -> 12338243 | DH41: 9496 | DI41: =ROUND(DH41,0) -> 9496 | DJ41: =IF(DI41>$J41,"SI","NO") -> NO | DK41: =DI41*$I41 -> 11103483
A42: 23 | B42: Borrado mecánico de marcas viales. | H42: m2 | I42: 180 | J42: 42559 | K42: =ROUND(I42*J42,2) -> 7660620 | L42: 42133 | M42: =ROUND(L42,0) -> 42133 | N42: =IF(M42>$J42,"SI","NO") -> NO | O42: =M42*$I42 -> 7583940 | P42: 34047 | Q42: =ROUND(P42,0) -> 34047 | R42: =IF(Q42>$J42,"SI","NO") -> NO | S42: =Q42*$I42 -> 6128460 | T42: 38728 | U42: =ROUND(T42,0) -> 38728 | V42: =IF(U42>$J42,"SI","NO") -> NO | W42: =U42*$I42 -> 6971040 | X42: 38729 | Y42: =ROUND(X42,0) -> 38729 | Z42: =IF(Y42>$J42,"SI","NO") -> NO | AA42: =Y42*$I42 -> 6971220 | AB42: 29791 | AC42: =ROUND(AB42,0) -> 29791 | AD42: =IF(AC42>$J42,"SI","NO") -> NO | AE42: =AC42*$I42 -> 5362380 | AF42: 40300 | AG42: =ROUND(AF42,0) -> 40300 | AH42: =IF(AG42>$J42,"SI","NO") -> NO | AI42: =AG42*$I42 -> 7254000 | AJ42: 42100 | AK42: =ROUND(AJ42,0) -> 42100 | AL42: =IF(AK42>$J42,"SI","NO") -> NO | AM42: =AK42*$I42 -> 7578000 | AN42: 39188.33 | AO42: =ROUND(AN42,0) -> 39188 | AP42: =IF(AO42>$J42,"SI","NO") -> NO | AQ42: =AO42*$I42 -> 7053840 | AR42: 38444 | AS42: =ROUND(AR42,0) -> 38444 | AT42: =IF(AS42>$J42,"SI","NO") -> NO | AU42: =AS42*$I42 -> 6919920 | AV42: 37878 | AW42: =ROUND(AV42,0) -> 37878 | AX42: =IF(AW42>$J42,"SI","NO") -> NO | AY42: =AW42*$I42 -> 6818040 | AZ42: 40065.04 | BA42: =ROUND(AZ42,0) -> 40065 | BB42: =IF(BA42>$J42,"SI","NO") -> NO | BC42: =BA42*$I42 -> 7211700 | BD42: 42558 | BE42: =ROUND(BD42,0) -> 42558 | BF42: =IF(BE42>$J42,"SI","NO") -> NO | BG42: =BE42*$I42 -> 7660440 | BH42: 41921 | BI42: =ROUND(BH42,0) -> 41921 | BJ42: =IF(BI42>$J42,"SI","NO") -> NO | BK42: =BI42*$I42 -> 7545780 | BL42: 41250 | BM42: =ROUND(BL42,0) -> 41250 | BN42: =IF(BM42>$J42,"SI","NO") -> NO | BO42: =BM42*$I42 -> 7425000 | BP42: 37920 | BQ42: =ROUND(BP42,0) -> 37920 | BR42: =IF(BQ42>$J42,"SI","NO") -> NO | BS42: =BQ42*$I42 -> 6825600 | BT42: 40318 | BU42: =ROUND(BT42,0) -> 40318 | BV42: =IF(BU42>$J42,"SI","NO") -> NO | BW42: =BU42*$I42 -> 7257240 | BX42: 42559 | BY42: =ROUND(BX42,0) -> 42559 | BZ42: =IF(BY42>$J42,"SI","NO") -> NO | CA42: =BY42*$I42 -> 7660620 | CB42: 42459 | CC42: =ROUND(CB42,0) -> 42459 | CD42: =IF(CC42>$J42,"SI","NO") -> NO | CE42: =CC42*$I42 -> 7642620 | CF42: 42133 | CG42: =ROUND(CF42,0) -> 42133 | CH42: =IF(CG42>$J42,"SI","NO") -> NO | CI42: =CG42*$I42 -> 7583940 | CJ42: 42500 | CK42: =ROUND(CJ42,0) -> 42500 | CL42: =IF(CK42>$J42,"SI","NO") -> NO | CM42: =CK42*$I42 -> 7650000 | CN42: 37450 | CO42: =ROUND(CN42,0) -> 37450 | CP42: =IF(CO42>$J42,"SI","NO") -> NO | CQ42: =CO42*$I42 -> 6741000 | CR42: 36205 | CS42: =ROUND(CR42,0) -> 36205 | CT42: =IF(CS42>$J42,"SI","NO") -> NO | CU42: =CS42*$I42 -> 6516900 | CZ42: 40303 | DA42: =ROUND(CZ42,0) -> 40303 | DB42: =IF(DA42>$J42,"SI","NO") -> NO | DC42: =DA42*$I42 -> 7254540 | DD42: 40431 | DE42: =ROUND(DD42,0) -> 40431 | DF42: =IF(DE42>$J42,"SI","NO") -> NO | DG42: =DE42*$I42 -> 7277580 | DH42: 36388 | DI42: =ROUND(DH42,0) -> 36388 | DJ42: =IF(DI42>$J42,"SI","NO") -> NO | DK42: =DI42*$I42 -> 6549840
A43: 24 | B43: Suministro e instalación de cinta preformada para señalización horizontal, de acuerdo con NTC-5868 y/o normatividad vigente. | H43: m2 | I43: 146.16 | J43: 75568 | K43: =ROUND(I43*J43,2) -> 11045019 | L43: 74812 | M43: =ROUND(L43,0) -> 74812 | N43: =IF(M43>$J43,"SI","NO") -> NO | O43: =M43*$I43 -> 10934522 | P43: 75553 | Q43: =ROUND(P43,0) -> 75553 | R43: =IF(Q43>$J43,"SI","NO") -> NO | S43: =Q43*$I43 -> 11042826 | T43: 68767 | U43: =ROUND(T43,0) -> 68767 | V43: =IF(U43>$J43,"SI","NO") -> NO | W43: =U43*$I43 -> 10050985 | X43: 68767 | Y43: =ROUND(X43,0) -> 68767 | Z43: =IF(Y43>$J43,"SI","NO") -> NO | AA43: =Y43*$I43 -> 10050985 | AB43: 52898 | AC43: =ROUND(AB43,0) -> 52898 | AD43: =IF(AC43>$J43,"SI","NO") -> NO | AE43: =AC43*$I43 -> 7731571.7 | AF43: 71600 | AG43: =ROUND(AF43,0) -> 71600 | AH43: =IF(AG43>$J43,"SI","NO") -> NO | AI43: =AG43*$I43 -> 10465056 | AJ43: 74800 | AK43: =ROUND(AJ43,0) -> 74800 | AL43: =IF(AK43>$J43,"SI","NO") -> NO | AM43: =AK43*$I43 -> 10932768 | AN43: 69583.01 | AO43: =ROUND(AN43,0) -> 69583 | AP43: =IF(AO43>$J43,"SI","NO") -> NO | AQ43: =AO43*$I43 -> 10170251 | AR43: 68261 | AS43: =ROUND(AR43,0) -> 68261 | AT43: =IF(AS43>$J43,"SI","NO") -> NO | AU43: =AS43*$I43 -> 9977027.8 | AV43: 65744 | AW43: =ROUND(AV43,0) -> 65744 | AX43: =IF(AW43>$J43,"SI","NO") -> NO | AY43: =AW43*$I43 -> 9609143 | AZ43: 71139.72 | BA43: =ROUND(AZ43,0) -> 71140 | BB43: =IF(BA43>$J43,"SI","NO") -> NO | BC43: =BA43*$I43 -> 10397822 | BD43: 51116 | BE43: =ROUND(BD43,0) -> 51116 | BF43: =IF(BE43>$J43,"SI","NO") -> NO | BG43: =BE43*$I43 -> 7471114.6 | BH43: 74434 | BI43: =ROUND(BH43,0) -> 74434 | BJ43: =IF(BI43>$J43,"SI","NO") -> NO | BK43: =BI43*$I43 -> 10879273 | BL43: 74150 | BM43: =ROUND(BL43,0) -> 74150 | BN43: =IF(BM43>$J43,"SI","NO") -> NO | BO43: =BM43*$I43 -> 10837764 | BP43: 67331 | BQ43: =ROUND(BP43,0) -> 67331 | BR43: =IF(BQ43>$J43,"SI","NO") -> NO | BS43: =BQ43*$I43 -> 9841099 | BT43: 71586 | BU43: =ROUND(BT43,0) -> 71586 | BV43: =IF(BU43>$J43,"SI","NO") -> NO | BW43: =BU43*$I43 -> 10463010 | BX43: 75568 | BY43: =ROUND(BX43,0) -> 75568 | BZ43: =IF(BY43>$J43,"SI","NO") -> NO | CA43: =BY43*$I43 -> 11045019 | CB43: 75468 | CC43: =ROUND(CB43,0) -> 75468 | CD43: =IF(CC43>$J43,"SI","NO") -> NO | CE43: =CC43*$I43 -> 11030403 | CF43: 74812 | CG43: =ROUND(CF43,0) -> 74812 | CH43: =IF(CG43>$J43,"SI","NO") -> NO | CI43: =CG43*$I43 -> 10934522 | CJ43: 75000 | CK43: =ROUND(CJ43,0) -> 75000 | CL43: =IF(CK43>$J43,"SI","NO") -> NO | CM43: =CK43*$I43 -> 10962000 | CN43: 66500 | CO43: =ROUND(CN43,0) -> 66500 | CP43: =IF(CO43>$J43,"SI","NO") -> NO | CQ43: =CO43*$I43 -> 9719640 | CR43: 64286 | CS43: =ROUND(CR43,0) -> 64286 | CT43: =IF(CS43>$J43,"SI","NO") -> NO | CU43: =CS43*$I43 -> 9396041.8 | CZ43: 71563 | DA43: =ROUND(CZ43,0) -> 71563 | DB43: =IF(DA43>$J43,"SI","NO") -> NO | DC43: =DA43*$I43 -> 10459648 | DD43: 71790 | DE43: =ROUND(DD43,0) -> 71790 | DF43: =IF(DE43>$J43,"SI","NO") -> NO | DG43: =DE43*$I43 -> 10492826 | DH43: 64611 | DI43: =ROUND(DH43,0) -> 64611 | DJ43: =IF(DI43>$J43,"SI","NO") -> NO | DK43: =DI43*$I43 -> 9443543.8
A44: SEÑALES VERTICALES
A45: 25 | B45: Fabricación, suministro e instalación de señal preventiva, reglamentaria o informativa de 60 cm, en lámina galvanizada C-16 y cinta retrorreflectiva Tipo XI, pedestal en ángulo, cumpliendo con normatividad vigente. (Incluye la cimentación del soporte para la señal). | H45: Ud. | I45: 403 | J45: 501712 | K45: =ROUND(I45*J45,2) -> 202189936 | L45: 431472 | M45: =ROUND(L45,0) -> 431472 | N45: =IF(M45>$J45,"SI","NO") -> NO | O45: =M45*$I45 -> 173883216 | P45: 481644 | Q45: =ROUND(P45,0) -> 481644 | R45: =IF(Q45>$J45,"SI","NO") -> NO | S45: =Q45*$I45 -> 194102532 | T45: 461575 | U45: =ROUND(T45,0) -> 461575 | V45: =IF(U45>$J45,"SI","NO") -> NO | W45: =U45*$I45 -> 186014725 | X45: 456558 | Y45: =ROUND(X45,0) -> 456558 | Z45: =IF(Y45>$J45,"SI","NO") -> NO | AA45: =Y45*$I45 -> 183992874 | AB45: 475272 | AC45: =ROUND(AB45,0) -> 475272 | AD45: =IF(AC45>$J45,"SI","NO") -> NO | AE45: =AC45*$I45 -> 191534616 | AF45: 475100 | AG45: =ROUND(AF45,0) -> 475100 | AH45: =IF(AG45>$J45,"SI","NO") -> NO | AI45: =AG45*$I45 -> 191465300 | AJ45: 440000 | AK45: =ROUND(AJ45,0) -> 440000 | AL45: =IF(AK45>$J45,"SI","NO") -> NO | AM45: =AK45*$I45 -> 177320000 | AN45: 461976.41 | AO45: =ROUND(AN45,0) -> 461976 | AP45: =IF(AO45>$J45,"SI","NO") -> NO | AQ45: =AO45*$I45 -> 186176328 | AR45: 453196 | AS45: =ROUND(AR45,0) -> 453196 | AT45: =IF(AS45>$J45,"SI","NO") -> NO | AU45: =AS45*$I45 -> 182637988 | AV45: 471609 | AW45: =ROUND(AV45,0) -> 471609 | AX45: =IF(AW45>$J45,"SI","NO") -> NO | AY45: =AW45*$I45 -> 190058427 | AZ45: 472311.68 | BA45: =ROUND(AZ45,0) -> 472312 | BB45: =IF(BA45>$J45,"SI","NO") -> NO | BC45: =BA45*$I45 -> 190341736 | BD45: 501711 | BE45: =ROUND(BD45,0) -> 501711 | BF45: =IF(BE45>$J45,"SI","NO") -> NO | BG45: =BE45*$I45 -> 202189533 | BH45: 486661 | BI45: =ROUND(BH45,0) -> 486661 | BJ45: =IF(BI45>$J45,"SI","NO") -> NO | BK45: =BI45*$I45 -> 196124383 | BL45: 447150 | BM45: =ROUND(BL45,0) -> 447150 | BN45: =IF(BM45>$J45,"SI","NO") -> NO | BO45: =BM45*$I45 -> 180201450 | BP45: 447025 | BQ45: =ROUND(BP45,0) -> 447025 | BR45: =IF(BQ45>$J45,"SI","NO") -> NO | BS45: =BQ45*$I45 -> 180151075 | BT45: 475272 | BU45: =ROUND(BT45,0) -> 475272 | BV45: =IF(BU45>$J45,"SI","NO") -> NO | BW45: =BU45*$I45 -> 191534616 | BX45: 421438 | BY45: =ROUND(BX45,0) -> 421438 | BZ45: =IF(BY45>$J45,"SI","NO") -> NO | CA45: =BY45*$I45 -> 169839514 | CB45: 477535 | CC45: =ROUND(CB45,0) -> 477535 | CD45: =IF(CC45>$J45,"SI","NO") -> NO | CE45: =CC45*$I45 -> 192446605 | CF45: 451541 | CG45: =ROUND(CF45,0) -> 451541 | CH45: =IF(CG45>$J45,"SI","NO") -> NO | CI45: =CG45*$I45 -> 181971023 | CJ45: 500000 | CK45: =ROUND(CJ45,0) -> 500000 | CL45: =IF(CK45>$J45,"SI","NO") -> NO | CM45: =CK45*$I45 -> 201500000 | CN45: 441550 | CO45: =ROUND(CN45,0) -> 441550 | CP45: =IF(CO45>$J45,"SI","NO") -> NO | CQ45: =CO45*$I45 -> 177944650 | CR45: 426806 | CS45: =ROUND(CR45,0) -> 426806 | CT45: =IF(CS45>$J45,"SI","NO") -> NO | CU45: =CS45*$I45 -> 172002818 | CZ45: 401871 | DA45: =ROUND(CZ45,0) -> 401871 | DB45: =IF(DA45>$J45,"SI","NO") -> NO | DC45: =DA45*$I45 -> 161954013 | DD45: 401370 | DE45: =ROUND(DD45,0) -> 401370 | DF45: =IF(DE45>$J45,"SI","NO") -> NO | DG45: =DE45*$I45 -> 161752110 | DH45: 428964 | DI45: =ROUND(DH45,0) -> 428964 | DJ45: =IF(DI45>$J45,"SI","NO") -> NO | DK45: =DI45*$I45 -> 172872492
A46: 26 | B46: Fabricación, suministro e instalación de señal DOBLE preventiva, reglamentaria e informativa de 60 cm, en lámina galvanizada C-16 y cinta retrorreflectiva Tipo XI, pedestal en ángulo, cumpliendo con normatividad vigente. (Incluye la cimentación del soporte para la señal). | H46: Ud. | I46: 202 | J46: 759581 | K46: =ROUND(I46*J46,2) -> 153435362 | L46: 653240 | M46: =ROUND(L46,0) -> 653240 | N46: =IF(M46>$J46,"SI","NO") -> NO | O46: =M46*$I46 -> 131954480 | P46: 729198 | Q46: =ROUND(P46,0) -> 729198 | R46: =IF(Q46>$J46,"SI","NO") -> NO | S46: =Q46*$I46 -> 147297996 | T46: 692000 | U46: =ROUND(T46,0) -> 692000 | V46: =IF(U46>$J46,"SI","NO") -> NO | W46: =U46*$I46 -> 139784000 | X46: 691219 | Y46: =ROUND(X46,0) -> 691219 | Z46: =IF(Y46>$J46,"SI","NO") -> NO | AA46: =Y46*$I46 -> 139626238 | AB46: 719551 | AC46: =ROUND(AB46,0) -> 719551 | AD46: =IF(AC46>$J46,"SI","NO") -> NO | AE46: =AC46*$I46 -> 145349302 | AF46: 719300 | AG46: =ROUND(AF46,0) -> 719300 | AH46: =IF(AG46>$J46,"SI","NO") -> NO | AI46: =AG46*$I46 -> 145298600 | AJ46: 660000 | AK46: =ROUND(AJ46,0) -> 660000 | AL46: =IF(AK46>$J46,"SI","NO") -> NO | AM46: =AK46*$I46 -> 133320000 | AN46: 699422.18 | AO46: =ROUND(AN46,0) -> 699422 | AP46: =IF(AO46>$J46,"SI","NO") -> NO | AQ46: =AO46*$I46 -> 141283244 | AR46: 686130 | AS46: =ROUND(AR46,0) -> 686130 | AT46: =IF(AS46>$J46,"SI","NO") -> NO | AU46: =AS46*$I46 -> 138598260 | AV46: 691219 | AW46: =ROUND(AV46,0) -> 691219 | AX46: =IF(AW46>$J46,"SI","NO") -> NO | AY46: =AW46*$I46 -> 139626238 | AZ46: 715069.55 | BA46: =ROUND(AZ46,0) -> 715070 | BB46: =IF(BA46>$J46,"SI","NO") -> NO | BC46: =BA46*$I46 -> 144444140 | BD46: 759580 | BE46: =ROUND(BD46,0) -> 759580 | BF46: =IF(BE46>$J46,"SI","NO") -> NO | BG46: =BE46*$I46 -> 153435160 | BH46: 729198 | BI46: =ROUND(BH46,0) -> 729198 | BJ46: =IF(BI46>$J46,"SI","NO") -> NO | BK46: =BI46*$I46 -> 147297996 | BL46: 690450 | BM46: =ROUND(BL46,0) -> 690450 | BN46: =IF(BM46>$J46,"SI","NO") -> NO | BO46: =BM46*$I46 -> 139470900 | BP46: 676787 | BQ46: =ROUND(BP46,0) -> 676787 | BR46: =IF(BQ46>$J46,"SI","NO") -> NO | BS46: =BQ46*$I46 -> 136710974 | BT46: 719552 | BU46: =ROUND(BT46,0) -> 719552 | BV46: =IF(BU46>$J46,"SI","NO") -> NO | BW46: =BU46*$I46 -> 145349504 | BX46: 638048 | BY46: =ROUND(BX46,0) -> 638048 | BZ46: =IF(BY46>$J46,"SI","NO") -> NO | CA46: =BY46*$I46 -> 128885696 | CB46: 723026 | CC46: =ROUND(CB46,0) -> 723026 | CD46: =IF(CC46>$J46,"SI","NO") -> NO | CE46: =CC46*$I46 -> 146051252 | CF46: 683623 | CG46: =ROUND(CF46,0) -> 683623 | CH46: =IF(CG46>$J46,"SI","NO") -> NO | CI46: =CG46*$I46 -> 138091846 | CJ46: 759000 | CK46: =ROUND(CJ46,0) -> 759000 | CL46: =IF(CK46>$J46,"SI","NO") -> NO | CM46: =CK46*$I46 -> 153318000 | CN46: 668400 | CO46: =ROUND(CN46,0) -> 668400 | CP46: =IF(CO46>$J46,"SI","NO") -> NO | CQ46: =CO46*$I46 -> 135016800 | CR46: 646176 | CS46: =ROUND(CR46,0) -> 646176 | CT46: =IF(CS46>$J46,"SI","NO") -> NO | CU46: =CS46*$I46 -> 130527552 | CZ46: 608424 | DA46: =ROUND(CZ46,0) -> 608424 | DB46: =IF(DA46>$J46,"SI","NO") -> NO | DC46: =DA46*$I46 -> 122901648 | DD46: 607665 | DE46: =ROUND(DD46,0) -> 607665 | DF46: =IF(DE46>$J46,"SI","NO") -> NO | DG46: =DE46*$I46 -> 122748330 | DH46: 649442 | DI46: =ROUND(DH46,0) -> 649442 | DJ46: =IF(DI46>$J46,"SI","NO") -> NO | DK46: =DI46*$I46 -> 131187284
A47: 27 | B47: Fabricación, suministro e instalación de señal preventiva, reglamentaria o informativa de 75 cm, en lámina galvanizada C-16 y cinta retrorreflectiva Tipo XI, pedestal en ángulo, cumpliendo con normatividad vigente. (Incluye la cimentación del soporte para la señal). | H47: Ud. | I47: 34 | J47: 637551 | K47: =ROUND(I47*J47,2) -> 21676734 | L47: 631175 | M47: =ROUND(L47,0) -> 631175 | N47: =IF(M47>$J47,"SI","NO") -> NO | O47: =M47*$I47 -> 21459950 | P47: 573796 | Q47: =ROUND(P47,0) -> 573796 | R47: =IF(Q47>$J47,"SI","NO") -> NO | S47: =Q47*$I47 -> 19509064 | T47: 554670 | U47: =ROUND(T47,0) -> 554670 | V47: =IF(U47>$J47,"SI","NO") -> NO | W47: =U47*$I47 -> 18858780 | X47: 580171 | Y47: =ROUND(X47,0) -> 580171 | Z47: =IF(Y47>$J47,"SI","NO") -> NO | AA47: =Y47*$I47 -> 19725814 | AB47: 603952 | AC47: =ROUND(AB47,0) -> 603952 | AD47: =IF(AC47>$J47,"SI","NO") -> NO | AE47: =AC47*$I47 -> 20534368 | AF47: 603700 | AG47: =ROUND(AF47,0) -> 603700 | AH47: =IF(AG47>$J47,"SI","NO") -> NO | AI47: =AG47*$I47 -> 20525800 | AJ47: 570000 | AK47: =ROUND(AJ47,0) -> 570000 | AL47: =IF(AK47>$J47,"SI","NO") -> NO | AM47: =AK47*$I47 -> 19380000 | AN47: 587056.96 | AO47: =ROUND(AN47,0) -> 587057 | AP47: =IF(AO47>$J47,"SI","NO") -> NO | AQ47: =AO47*$I47 -> 19959938 | AR47: 575900 | AS47: =ROUND(AR47,0) -> 575900 | AT47: =IF(AS47>$J47,"SI","NO") -> NO | AU47: =AS47*$I47 -> 19580600 | AV47: 554669 | AW47: =ROUND(AV47,0) -> 554669 | AX47: =IF(AW47>$J47,"SI","NO") -> NO | AY47: =AW47*$I47 -> 18858746 | AZ47: 600190.51 | BA47: =ROUND(AZ47,0) -> 600191 | BB47: =IF(BA47>$J47,"SI","NO") -> NO | BC47: =BA47*$I47 -> 20406494 | BD47: 637550 | BE47: =ROUND(BD47,0) -> 637550 | BF47: =IF(BE47>$J47,"SI","NO") -> NO | BG47: =BE47*$I47 -> 21676700 | BH47: 627988 | BI47: =ROUND(BH47,0) -> 627988 | BJ47: =IF(BI47>$J47,"SI","NO") -> NO | BK47: =BI47*$I47 -> 21351592 | BL47: 600450 | BM47: =ROUND(BL47,0) -> 600450 | BN47: =IF(BM47>$J47,"SI","NO") -> NO | BO47: =BM47*$I47 -> 20415300 | BP47: 568058 | BQ47: =ROUND(BP47,0) -> 568058 | BR47: =IF(BQ47>$J47,"SI","NO") -> NO | BS47: =BQ47*$I47 -> 19313972 | BT47: 603954 | BU47: =ROUND(BT47,0) -> 603954 | BV47: =IF(BU47>$J47,"SI","NO") -> NO | BW47: =BU47*$I47 -> 20534436 | BX47: 535543 | BY47: =ROUND(BX47,0) -> 535543 | BZ47: =IF(BY47>$J47,"SI","NO") -> NO | CA47: =BY47*$I47 -> 18208462 | CB47: 606854 | CC47: =ROUND(CB47,0) -> 606854 | CD47: =IF(CC47>$J47,"SI","NO") -> NO | CE47: =CC47*$I47 -> 20633036 | CF47: 573796 | CG47: =ROUND(CF47,0) -> 573796 | CH47: =IF(CG47>$J47,"SI","NO") -> NO | CI47: =CG47*$I47 -> 19509064 | CJ47: 550000 | CK47: =ROUND(CJ47,0) -> 550000 | CL47: =IF(CK47>$J47,"SI","NO") -> NO | CM47: =CK47*$I47 -> 18700000 | CN47: 561050 | CO47: =ROUND(CN47,0) -> 561050 | CP47: =IF(CO47>$J47,"SI","NO") -> NO | CQ47: =CO47*$I47 -> 19075700 | CR47: 542365 | CS47: =ROUND(CR47,0) -> 542365 | CT47: =IF(CS47>$J47,"SI","NO") -> NO | CU47: =CS47*$I47 -> 18440410 | CZ47: 603761 | DA47: =ROUND(CZ47,0) -> 603761 | DB47: =IF(DA47>$J47,"SI","NO") -> NO | DC47: =DA47*$I47 -> 20527874 | DD47: 605673 | DE47: =ROUND(DD47,0) -> 605673 | DF47: =IF(DE47>$J47,"SI","NO") -> NO | DG47: =DE47*$I47 -> 20592882 | DH47: 545106 | DI47: =ROUND(DH47,0) -> 545106 | DJ47: =IF(DI47>$J47,"SI","NO") -> NO | DK47: =DI47*$I47 -> 18533604
A48: 28 | B48: Fabricación, suministro e instalación de señal DOBLE preventiva, reglamentaria e informativa de 75 cm, en lámina galvanizada C-16 y cinta retrorreflectiva Tipo XI, pedestal en ángulo, cumpliendo con normatividad vigente. (Incluye la cimentación del soporte para la señal). | H48: Ud. | I48: 202 | J48: 929653 | K48: =ROUND(I48*J48,2) -> 187789906 | L48: 799502 | M48: =ROUND(L48,0) -> 799502 | N48: =IF(M48>$J48,"SI","NO") -> NO | O48: =M48*$I48 -> 161499404 | P48: 892467 | Q48: =ROUND(P48,0) -> 892467 | R48: =IF(Q48>$J48,"SI","NO") -> NO | S48: =Q48*$I48 -> 180278334 | T48: 808798 | U48: =ROUND(T48,0) -> 808798 | V48: =IF(U48>$J48,"SI","NO") -> NO | W48: =U48*$I48 -> 163377196 | X48: 845984 | Y48: =ROUND(X48,0) -> 845984 | Z48: =IF(Y48>$J48,"SI","NO") -> NO | AA48: =Y48*$I48 -> 170888768 | AB48: 880660 | AC48: =ROUND(AB48,0) -> 880660 | AD48: =IF(AC48>$J48,"SI","NO") -> NO | AE48: =AC48*$I48 -> 177893320 | AF48: 880300 | AG48: =ROUND(AF48,0) -> 880300 | AH48: =IF(AG48>$J48,"SI","NO") -> NO | AI48: =AG48*$I48 -> 177820600 | AJ48: 800000 | AK48: =ROUND(AJ48,0) -> 800000 | AL48: =IF(AK48>$J48,"SI","NO") -> NO | AM48: =AK48*$I48 -> 161600000 | AN48: 856024.48 | AO48: =ROUND(AN48,0) -> 856024 | AP48: =IF(AO48>$J48,"SI","NO") -> NO | AQ48: =AO48*$I48 -> 172916848 | AR48: 839756 | AS48: =ROUND(AR48,0) -> 839756 | AT48: =IF(AS48>$J48,"SI","NO") -> NO | AU48: =AS48*$I48 -> 169630712 | AV48: 808798 | AW48: =ROUND(AV48,0) -> 808798 | AX48: =IF(AW48>$J48,"SI","NO") -> NO | AY48: =AW48*$I48 -> 163377196 | AZ48: 875175.33 | BA48: =ROUND(AZ48,0) -> 875175 | BB48: =IF(BA48>$J48,"SI","NO") -> NO | BC48: =BA48*$I48 -> 176785350 | BD48: 929652 | BE48: =ROUND(BD48,0) -> 929652 | BF48: =IF(BE48>$J48,"SI","NO") -> NO | BG48: =BE48*$I48 -> 187789704 | BH48: 892467 | BI48: =ROUND(BH48,0) -> 892467 | BJ48: =IF(BI48>$J48,"SI","NO") -> NO | BK48: =BI48*$I48 -> 180278334 | BL48: 854520 | BM48: =ROUND(BL48,0) -> 854520 | BN48: =IF(BM48>$J48,"SI","NO") -> NO | BO48: =BM48*$I48 -> 172613040 | BP48: 828321 | BQ48: =ROUND(BP48,0) -> 828321 | BR48: =IF(BQ48>$J48,"SI","NO") -> NO | BS48: =BQ48*$I48 -> 167320842 | BT48: 880662 | BU48: =ROUND(BT48,0) -> 880662 | BV48: =IF(BU48>$J48,"SI","NO") -> NO | BW48: =BU48*$I48 -> 177893724 | BX48: 780909 | BY48: =ROUND(BX48,0) -> 780909 | BZ48: =IF(BY48>$J48,"SI","NO") -> NO | CA48: =BY48*$I48 -> 157743618 | CB48: 884935 | CC48: =ROUND(CB48,0) -> 884935 | CD48: =IF(CC48>$J48,"SI","NO") -> NO | CE48: =CC48*$I48 -> 178756870 | CF48: 836688 | CG48: =ROUND(CF48,0) -> 836688 | CH48: =IF(CG48>$J48,"SI","NO") -> NO | CI48: =CG48*$I48 -> 169010976 | CJ48: 850000 | CK48: =ROUND(CJ48,0) -> 850000 | CL48: =IF(CK48>$J48,"SI","NO") -> NO | CM48: =CK48*$I48 -> 171700000 | CN48: 818100 | CO48: =ROUND(CN48,0) -> 818100 | CP48: =IF(CO48>$J48,"SI","NO") -> NO | CQ48: =CO48*$I48 -> 165256200 | CR48: 790856 | CS48: =ROUND(CR48,0) -> 790856 | CT48: =IF(CS48>$J48,"SI","NO") -> NO | CU48: =CS48*$I48 -> 159752912 | CZ48: 744652 | DA48: =ROUND(CZ48,0) -> 744652 | DB48: =IF(DA48>$J48,"SI","NO") -> NO | DC48: =DA48*$I48 -> 150419704 | DD48: 743722 | DE48: =ROUND(DD48,0) -> 743722 | DF48: =IF(DE48>$J48,"SI","NO") -> NO | DG48: =DE48*$I48 -> 150231844 | DH48: 794853 | DI48: =ROUND(DH48,0) -> 794853 | DJ48: =IF(DI48>$J48,"SI","NO") -> NO | DK48: =DI48*$I48 -> 160560306
A49: 29 | B49: Fabricación, suministro e instalación de señal SP-47, SP-47A de 75 cm, en lámina galvanizada C-16 y cinta retrorreflectiva Tipo XI, pedestal en ángulo, cumpliendo con normatividad vigente. (Incluye la cimentación del soporte para la señal). | H49: Ud. | I49: 224 | J49: 718049 | K49: =ROUND(I49*J49,2) -> 160842976 | L49: 617522 | M49: =ROUND(L49,0) -> 617522 | N49: =IF(M49>$J49,"SI","NO") -> NO | O49: =M49*$I49 -> 138324928 | P49: 689327 | Q49: =ROUND(P49,0) -> 689327 | R49: =IF(Q49>$J49,"SI","NO") -> NO | S49: =Q49*$I49 -> 154409248 | T49: 624702 | U49: =ROUND(T49,0) -> 624702 | V49: =IF(U49>$J49,"SI","NO") -> NO | W49: =U49*$I49 -> 139933248 | X49: 653425 | Y49: =ROUND(X49,0) -> 653425 | Z49: =IF(Y49>$J49,"SI","NO") -> NO | AA49: =Y49*$I49 -> 146367200 | AB49: 680208 | AC49: =ROUND(AB49,0) -> 680208 | AD49: =IF(AC49>$J49,"SI","NO") -> NO | AE49: =AC49*$I49 -> 152366592 | AF49: 680000 | AG49: =ROUND(AF49,0) -> 680000 | AH49: =IF(AG49>$J49,"SI","NO") -> NO | AI49: =AG49*$I49 -> 152320000 | AJ49: 710000 | AK49: =ROUND(AJ49,0) -> 710000 | AL49: =IF(AK49>$J49,"SI","NO") -> NO | AM49: =AK49*$I49 -> 159040000 | AN49: 661179.52 | AO49: =ROUND(AN49,0) -> 661180 | AP49: =IF(AO49>$J49,"SI","NO") -> NO | AQ49: =AO49*$I49 -> 148104320 | AR49: 648614 | AS49: =ROUND(AR49,0) -> 648614 | AT49: =IF(AS49>$J49,"SI","NO") -> NO | AU49: =AS49*$I49 -> 145289536 | AV49: 653425 | AW49: =ROUND(AV49,0) -> 653425 | AX49: =IF(AW49>$J49,"SI","NO") -> NO | AY49: =AW49*$I49 -> 146367200 | AZ49: 675971.33 | BA49: =ROUND(AZ49,0) -> 675971 | BB49: =IF(BA49>$J49,"SI","NO") -> NO | BC49: =BA49*$I49 -> 151417504 | BD49: 718048 | BE49: =ROUND(BD49,0) -> 718048 | BF49: =IF(BE49>$J49,"SI","NO") -> NO | BG49: =BE49*$I49 -> 160842752 | BH49: 689327 | BI49: =ROUND(BH49,0) -> 689327 | BJ49: =IF(BI49>$J49,"SI","NO") -> NO | BK49: =BI49*$I49 -> 154409248 | BL49: 654120 | BM49: =ROUND(BL49,0) -> 654120 | BN49: =IF(BM49>$J49,"SI","NO") -> NO | BO49: =BM49*$I49 -> 146522880 | BP49: 639782 | BQ49: =ROUND(BP49,0) -> 639782 | BR49: =IF(BQ49>$J49,"SI","NO") -> NO | BS49: =BQ49*$I49 -> 143311168 | BT49: 680208 | BU49: =ROUND(BT49,0) -> 680208 | BV49: =IF(BU49>$J49,"SI","NO") -> NO | BW49: =BU49*$I49 -> 152366592 | BX49: 603161 | BY49: =ROUND(BX49,0) -> 603161 | BZ49: =IF(BY49>$J49,"SI","NO") -> NO | CA49: =BY49*$I49 -> 135108064 | CB49: 683488 | CC49: =ROUND(CB49,0) -> 683488 | CD49: =IF(CC49>$J49,"SI","NO") -> NO | CE49: =CC49*$I49 -> 153101312 | CF49: 646244 | CG49: =ROUND(CF49,0) -> 646244 | CH49: =IF(CG49>$J49,"SI","NO") -> NO | CI49: =CG49*$I49 -> 144758656 | CJ49: 715000 | CK49: =ROUND(CJ49,0) -> 715000 | CL49: =IF(CK49>$J49,"SI","NO") -> NO | CM49: =CK49*$I49 -> 160160000 | CN49: 631880 | CO49: =ROUND(CN49,0) -> 631880 | CP49: =IF(CO49>$J49,"SI","NO") -> NO | CQ49: =CO49*$I49 -> 141541120 | CR49: 610844 | CS49: =ROUND(CR49,0) -> 610844 | CT49: =IF(CS49>$J49,"SI","NO") -> NO | CU49: =CS49*$I49 -> 136829056 | CZ49: 575157 | DA49: =ROUND(CZ49,0) -> 575157 | DB49: =IF(DA49>$J49,"SI","NO") -> NO | DC49: =DA49*$I49 -> 128835168 | DD49: 574439 | DE49: =ROUND(DD49,0) -> 574439 | DF49: =IF(DE49>$J49,"SI","NO") -> NO | DG49: =DE49*$I49 -> 128674336 | DH49: 613932 | DI49: =ROUND(DH49,0) -> 613932 | DJ49: =IF(DI49>$J49,"SI","NO") -> NO | DK49: =DI49*$I49 -> 137520768
A50: 30 | B50: Fabricación, suministro e instalación de señal DOBLE SP-47/SR, SP-47A /SR de 75 cm, en lámina galvanizada C-16 y cinta retrorreflectiva Tipo XI, pedestal en ángulo, cumpliendo con normatividad vigente. (Incluye la cimentación del soporte para la señal). | H50: Ud. | I50: 112 | J50: 911050 | K50: =ROUND(I50*J50,2) -> 102037600 | L50: 728840 | M50: =ROUND(L50,0) -> 728840 | N50: =IF(M50>$J50,"SI","NO") -> NO | O50: =M50*$I50 -> 81630080 | P50: 874608 | Q50: =ROUND(P50,0) -> 874608 | R50: =IF(Q50>$J50,"SI","NO") -> NO | S50: =Q50*$I50 -> 97956096 | T50: 792614 | U50: =ROUND(T50,0) -> 792614 | V50: =IF(U50>$J50,"SI","NO") -> NO | W50: =U50*$I50 -> 88772768 | X50: 829056 | Y50: =ROUND(X50,0) -> 829056 | Z50: =IF(Y50>$J50,"SI","NO") -> NO | AA50: =Y50*$I50 -> 92854272 | AB50: 863038 | AC50: =ROUND(AB50,0) -> 863038 | AD50: =IF(AC50>$J50,"SI","NO") -> NO | AE50: =AC50*$I50 -> 96660256 | AF50: 862700 | AG50: =ROUND(AF50,0) -> 862700 | AH50: =IF(AG50>$J50,"SI","NO") -> NO | AI50: =AG50*$I50 -> 96622400 | AJ50: 810000 | AK50: =ROUND(AJ50,0) -> 810000 | AL50: =IF(AK50>$J50,"SI","NO") -> NO | AM50: =AK50*$I50 -> 90720000 | AN50: 838894.84 | AO50: =ROUND(AN50,0) -> 838895 | AP50: =IF(AO50>$J50,"SI","NO") -> NO | AQ50: =AO50*$I50 -> 93956240 | AR50: 822951 | AS50: =ROUND(AR50,0) -> 822951 | AT50: =IF(AS50>$J50,"SI","NO") -> NO | AU50: =AS50*$I50 -> 92170512 | AV50: 829056 | AW50: =ROUND(AV50,0) -> 829056 | AX50: =IF(AW50>$J50,"SI","NO") -> NO | AY50: =AW50*$I50 -> 92854272 | AZ50: 857662.47 | BA50: =ROUND(AZ50,0) -> 857662 | BB50: =IF(BA50>$J50,"SI","NO") -> NO | BC50: =BA50*$I50 -> 96058144 | BD50: 911049 | BE50: =ROUND(BD50,0) -> 911049 | BF50: =IF(BE50>$J50,"SI","NO") -> NO | BG50: =BE50*$I50 -> 102037488 | BH50: 874608 | BI50: =ROUND(BH50,0) -> 874608 | BJ50: =IF(BI50>$J50,"SI","NO") -> NO | BK50: =BI50*$I50 -> 97956096 | BL50: 862560 | BM50: =ROUND(BL50,0) -> 862560 | BN50: =IF(BM50>$J50,"SI","NO") -> NO | BO50: =BM50*$I50 -> 96606720 | BP50: 811746 | BQ50: =ROUND(BP50,0) -> 811746 | BR50: =IF(BQ50>$J50,"SI","NO") -> NO | BS50: =BQ50*$I50 -> 90915552 | BT50: 863038 | BU50: =ROUND(BT50,0) -> 863038 | BV50: =IF(BU50>$J50,"SI","NO") -> NO | BW50: =BU50*$I50 -> 96660256 | BX50: 765282 | BY50: =ROUND(BX50,0) -> 765282 | BZ50: =IF(BY50>$J50,"SI","NO") -> NO | CA50: =BY50*$I50 -> 85711584 | CB50: 867225 | CC50: =ROUND(CB50,0) -> 867225 | CD50: =IF(CC50>$J50,"SI","NO") -> NO | CE50: =CC50*$I50 -> 97129200 | CF50: 819945 | CG50: =ROUND(CF50,0) -> 819945 | CH50: =IF(CG50>$J50,"SI","NO") -> NO | CI50: =CG50*$I50 -> 91833840 | CJ50: 910000 | CK50: =ROUND(CJ50,0) -> 910000 | CL50: =IF(CK50>$J50,"SI","NO") -> NO | CM50: =CK50*$I50 -> 101920000 | CN50: 801700 | CO50: =ROUND(CN50,0) -> 801700 | CP50: =IF(CO50>$J50,"SI","NO") -> NO | CQ50: =CO50*$I50 -> 89790400 | CR50: 775030 | CS50: =ROUND(CR50,0) -> 775030 | CT50: =IF(CS50>$J50,"SI","NO") -> NO | CU50: =CS50*$I50 -> 86803360 | CZ50: 729751 | DA50: =ROUND(CZ50,0) -> 729751 | DB50: =IF(DA50>$J50,"SI","NO") -> NO | DC50: =DA50*$I50 -> 81732112 | DD50: 865498 | DE50: =ROUND(DD50,0) -> 865498 | DF50: =IF(DE50>$J50,"SI","NO") -> NO | DG50: =DE50*$I50 -> 96935776 | DH50: 778948 | DI50: =ROUND(DH50,0) -> 778948 | DJ50: =IF(DI50>$J50,"SI","NO") -> NO | DK50: =DI50*$I50 -> 87242176
A51: 31 | B51: Fabricación, suministro e instalación de señal SP-54, en lámina galvanizada C-16 y cinta retrorreflectiva Tipo XI, pedestal en ángulo, cumpliendo con normatividad vigente. (Incluye la cimentación del soporte para la señal). | H51: Ud. | I51: 14 | J51: 912967 | K51: =ROUND(I51*J51,2) -> 12781538 | L51: 903837 | M51: =ROUND(L51,0) -> 903837 | N51: =IF(M51>$J51,"SI","NO") -> NO | O51: =M51*$I51 -> 12653718 | P51: 730374 | Q51: =ROUND(P51,0) -> 730374 | R51: =IF(Q51>$J51,"SI","NO") -> NO | S51: =Q51*$I51 -> 10225236 | T51: 794280 | U51: =ROUND(T51,0) -> 794280 | V51: =IF(U51>$J51,"SI","NO") -> NO | W51: =U51*$I51 -> 11119920 | X51: 830800 | Y51: =ROUND(X51,0) -> 830800 | Z51: =IF(Y51>$J51,"SI","NO") -> NO | AA51: =Y51*$I51 -> 11631200 | AB51: 639077 | AC51: =ROUND(AB51,0) -> 639077 | AD51: =IF(AC51>$J51,"SI","NO") -> NO | AE51: =AC51*$I51 -> 8947078 | AF51: 864500 | AG51: =ROUND(AF51,0) -> 864500 | AH51: =IF(AG51>$J51,"SI","NO") -> NO | AI51: =AG51*$I51 -> 12103000 | AJ51: 820000 | AK51: =ROUND(AJ51,0) -> 820000 | AL51: =IF(AK51>$J51,"SI","NO") -> NO | AM51: =AK51*$I51 -> 11480000 | AN51: 840660.01 | AO51: =ROUND(AN51,0) -> 840660 | AP51: =IF(AO51>$J51,"SI","NO") -> NO | AQ51: =AO51*$I51 -> 11769240 | AR51: 824683 | AS51: =ROUND(AR51,0) -> 824683 | AT51: =IF(AS51>$J51,"SI","NO") -> NO | AU51: =AS51*$I51 -> 11545562 | AV51: 794281 | AW51: =ROUND(AV51,0) -> 794281 | AX51: =IF(AW51>$J51,"SI","NO") -> NO | AY51: =AW51*$I51 -> 11119934 | AZ51: 859467.13 | BA51: =ROUND(AZ51,0) -> 859467 | BB51: =IF(BA51>$J51,"SI","NO") -> NO | BC51: =BA51*$I51 -> 12032538 | BD51: 617555 | BE51: =ROUND(BD51,0) -> 617555 | BF51: =IF(BE51>$J51,"SI","NO") -> NO | BG51: =BE51*$I51 -> 8645770 | BH51: 894708 | BI51: =ROUND(BH51,0) -> 894708 | BJ51: =IF(BI51>$J51,"SI","NO") -> NO | BK51: =BI51*$I51 -> 12525912 | BL51: 862120 | BM51: =ROUND(BL51,0) -> 862120 | BN51: =IF(BM51>$J51,"SI","NO") -> NO | BO51: =BM51*$I51 -> 12069680 | BP51: 813454 | BQ51: =ROUND(BP51,0) -> 813454 | BR51: =IF(BQ51>$J51,"SI","NO") -> NO | BS51: =BQ51*$I51 -> 11388356 | BT51: 864854 | BU51: =ROUND(BT51,0) -> 864854 | BV51: =IF(BU51>$J51,"SI","NO") -> NO | BW51: =BU51*$I51 -> 12107956 | BX51: 766892 | BY51: =ROUND(BX51,0) -> 766892 | BZ51: =IF(BY51>$J51,"SI","NO") -> NO | CA51: =BY51*$I51 -> 10736488 | CB51: 869050 | CC51: =ROUND(CB51,0) -> 869050 | CD51: =IF(CC51>$J51,"SI","NO") -> NO | CE51: =CC51*$I51 -> 12166700 | CF51: 821670 | CG51: =ROUND(CF51,0) -> 821670 | CH51: =IF(CG51>$J51,"SI","NO") -> NO | CI51: =CG51*$I51 -> 11503380 | CJ51: 91000 | CK51: =ROUND(CJ51,0) -> 91000 | CL51: =IF(CK51>$J51,"SI","NO") -> NO | CM51: =CK51*$I51 -> 1274000 | CN51: 803410 | CO51: =ROUND(CN51,0) -> 803410 | CP51: =IF(CO51>$J51,"SI","NO") -> NO | CQ51: =CO51*$I51 -> 11247740 | CR51: 776661 | CS51: =ROUND(CR51,0) -> 776661 | CT51: =IF(CS51>$J51,"SI","NO") -> NO | CU51: =CS51*$I51 -> 10873254 | CZ51: 864580 | DA51: =ROUND(CZ51,0) -> 864580 | DB51: =IF(DA51>$J51,"SI","NO") -> NO | DC51: =DA51*$I51 -> 12104120 | DD51: 867319 | DE51: =ROUND(DD51,0) -> 867319 | DF51: =IF(DE51>$J51,"SI","NO") -> NO | DG51: =DE51*$I51 -> 12142466 | DH51: 780587 | DI51: =ROUND(DH51,0) -> 780587 | DJ51: =IF(DI51>$J51,"SI","NO") -> NO | DK51: =DI51*$I51 -> 10928218
A52: 32 | B52: Fabricación, suministro e instalación de señal informativa SI-27, en lámina galvanizada C-16 y cinta retrorreflectiva Tipo XI, pedestal en ángulo, cumpliendo normatividad vigente. (Incluye la cimentación del soporte para la señal). | H52: Ud. | I52: 56 | J52: 690174 | K52: =ROUND(I52*J52,2) -> 38649744 | L52: 683272 | M52: =ROUND(L52,0) -> 683272 | N52: =IF(M52>$J52,"SI","NO") -> NO | O52: =M52*$I52 -> 38263232 | P52: 552139 | Q52: =ROUND(P52,0) -> 552139 | R52: =IF(Q52>$J52,"SI","NO") -> NO | S52: =Q52*$I52 -> 30919784 | T52: 600450 | U52: =ROUND(T52,0) -> 600450 | V52: =IF(U52>$J52,"SI","NO") -> NO | W52: =U52*$I52 -> 33625200 | X52: 628058 | Y52: =ROUND(X52,0) -> 628058 | Z52: =IF(Y52>$J52,"SI","NO") -> NO | AA52: =Y52*$I52 -> 35171248 | AB52: 653802 | AC52: =ROUND(AB52,0) -> 653802 | AD52: =IF(AC52>$J52,"SI","NO") -> NO | AE52: =AC52*$I52 -> 36612912 | AF52: 653600 | AG52: =ROUND(AF52,0) -> 653600 | AH52: =IF(AG52>$J52,"SI","NO") -> NO | AI52: =AG52*$I52 -> 36601600 | AJ52: 620000 | AK52: =ROUND(AJ52,0) -> 620000 | AL52: =IF(AK52>$J52,"SI","NO") -> NO | AM52: =AK52*$I52 -> 34720000 | AN52: 635512.22 | AO52: =ROUND(AN52,0) -> 635512 | AP52: =IF(AO52>$J52,"SI","NO") -> NO | AQ52: =AO52*$I52 -> 35588672 | AR52: 623434 | AS52: =ROUND(AR52,0) -> 623434 | AT52: =IF(AS52>$J52,"SI","NO") -> NO | AU52: =AS52*$I52 -> 34912304 | AV52: 600451 | AW52: =ROUND(AV52,0) -> 600451 | AX52: =IF(AW52>$J52,"SI","NO") -> NO | AY52: =AW52*$I52 -> 33625256 | AZ52: 649729.8 | BA52: =ROUND(AZ52,0) -> 649730 | BB52: =IF(BA52>$J52,"SI","NO") -> NO | BC52: =BA52*$I52 -> 36384880 | BD52: 690173 | BE52: =ROUND(BD52,0) -> 690173 | BF52: =IF(BE52>$J52,"SI","NO") -> NO | BG52: =BE52*$I52 -> 38649688 | BH52: 662567 | BI52: =ROUND(BH52,0) -> 662567 | BJ52: =IF(BI52>$J52,"SI","NO") -> NO | BK52: =BI52*$I52 -> 37103752 | BL52: 644527 | BM52: =ROUND(BL52,0) -> 644527 | BN52: =IF(BM52>$J52,"SI","NO") -> NO | BO52: =BM52*$I52 -> 36093512 | BP52: 614945 | BQ52: =ROUND(BP52,0) -> 614945 | BR52: =IF(BQ52>$J52,"SI","NO") -> NO | BS52: =BQ52*$I52 -> 34436920 | BT52: 653802 | BU52: =ROUND(BT52,0) -> 653802 | BV52: =IF(BU52>$J52,"SI","NO") -> NO | BW52: =BU52*$I52 -> 36612912 | BX52: 579746 | BY52: =ROUND(BX52,0) -> 579746 | BZ52: =IF(BY52>$J52,"SI","NO") -> NO | CA52: =BY52*$I52 -> 32465776 | CB52: 690074 | CC52: =ROUND(CB52,0) -> 690074 | CD52: =IF(CC52>$J52,"SI","NO") -> NO | CE52: =CC52*$I52 -> 38644144 | CF52: 621157 | CG52: =ROUND(CF52,0) -> 621157 | CH52: =IF(CG52>$J52,"SI","NO") -> NO | CI52: =CG52*$I52 -> 34784792 | CJ52: 690000 | CK52: =ROUND(CJ52,0) -> 690000 | CL52: =IF(CK52>$J52,"SI","NO") -> NO | CM52: =CK52*$I52 -> 38640000 | CN52: 607350 | CO52: =ROUND(CN52,0) -> 607350 | CP52: =IF(CO52>$J52,"SI","NO") -> NO | CQ52: =CO52*$I52 -> 34011600 | CR52: 587131 | CS52: =ROUND(CR52,0) -> 587131 | CT52: =IF(CS52>$J52,"SI","NO") -> NO | CU52: =CS52*$I52 -> 32879336 | CZ52: 653595 | DA52: =ROUND(CZ52,0) -> 653595 | DB52: =IF(DA52>$J52,"SI","NO") -> NO | DC52: =DA52*$I52 -> 36601320 | DD52: 655665 | DE52: =ROUND(DD52,0) -> 655665 | DF52: =IF(DE52>$J52,"SI","NO") -> NO | DG52: =DE52*$I52 -> 36717240 | DH52: 590099 | DI52: =ROUND(DH52,0) -> 590099 | DJ52: =IF(DI52>$J52,"SI","NO") -> NO | DK52: =DI52*$I52 -> 33045544
A53: 33 | B53: Fabricación, suministro e instalación de señal DOBLE SI-04 (poste de referencia) de 45 x 100 cm, en lámina galvanizada C-16 y cinta retrorreflectiva Tipo XI, pedestal en ángulo, cumpliendo con normatividad vigente. (Incluye la cimentación del soporte para la señal). | H53: Ud. | I53: 14 | J53: 847421 | K53: =ROUND(I53*J53,2) -> 11863894 | L53: 838947 | M53: =ROUND(L53,0) -> 838947 | N53: =IF(M53>$J53,"SI","NO") -> NO | O53: =M53*$I53 -> 11745258 | P53: 677937 | Q53: =ROUND(P53,0) -> 677937 | R53: =IF(Q53>$J53,"SI","NO") -> NO | S53: =Q53*$I53 -> 9491118 | T53: 762680 | U53: =ROUND(T53,0) -> 762680 | V53: =IF(U53>$J53,"SI","NO") -> NO | W53: =U53*$I53 -> 10677520 | X53: 771153 | Y53: =ROUND(X53,0) -> 771153 | Z53: =IF(Y53>$J53,"SI","NO") -> NO | AA53: =Y53*$I53 -> 10796142 | AB53: 593195 | AC53: =ROUND(AB53,0) -> 593195 | AD53: =IF(AC53>$J53,"SI","NO") -> NO | AE53: =AC53*$I53 -> 8304730 | AF53: 802500 | AG53: =ROUND(AF53,0) -> 802500 | AH53: =IF(AG53>$J53,"SI","NO") -> NO | AI53: =AG53*$I53 -> 11235000 | AJ53: 760000 | AK53: =ROUND(AJ53,0) -> 760000 | AL53: =IF(AK53>$J53,"SI","NO") -> NO | AM53: =AK53*$I53 -> 10640000 | AN53: 780305.26 | AO53: =ROUND(AN53,0) -> 780305 | AP53: =IF(AO53>$J53,"SI","NO") -> NO | AQ53: =AO53*$I53 -> 10924270 | AR53: 765475 | AS53: =ROUND(AR53,0) -> 765475 | AT53: =IF(AS53>$J53,"SI","NO") -> NO | AU53: =AS53*$I53 -> 10716650 | AV53: 737256 | AW53: =ROUND(AV53,0) -> 737256 | AX53: =IF(AW53>$J53,"SI","NO") -> NO | AY53: =AW53*$I53 -> 10321584 | AZ53: 797762.13 | BA53: =ROUND(AZ53,0) -> 797762 | BB53: =IF(BA53>$J53,"SI","NO") -> NO | BC53: =BA53*$I53 -> 11168668 | BD53: 573218 | BE53: =ROUND(BD53,0) -> 573218 | BF53: =IF(BE53>$J53,"SI","NO") -> NO | BG53: =BE53*$I53 -> 8025052 | BH53: 830473 | BI53: =ROUND(BH53,0) -> 830473 | BJ53: =IF(BI53>$J53,"SI","NO") -> NO | BK53: =BI53*$I53 -> 11626622 | BL53: 802450 | BM53: =ROUND(BL53,0) -> 802450 | BN53: =IF(BM53>$J53,"SI","NO") -> NO | BO53: =BM53*$I53 -> 11234300 | BP53: 755052 | BQ53: =ROUND(BP53,0) -> 755052 | BR53: =IF(BQ53>$J53,"SI","NO") -> NO | BS53: =BQ53*$I53 -> 10570728 | BT53: 802762 | BU53: =ROUND(BT53,0) -> 802762 | BV53: =IF(BU53>$J53,"SI","NO") -> NO | BW53: =BU53*$I53 -> 11238668 | BX53: 711834 | BY53: =ROUND(BX53,0) -> 711834 | BZ53: =IF(BY53>$J53,"SI","NO") -> NO | CA53: =BY53*$I53 -> 9965676 | CB53: 806650 | CC53: =ROUND(CB53,0) -> 806650 | CD53: =IF(CC53>$J53,"SI","NO") -> NO | CE53: =CC53*$I53 -> 11293100 | CF53: 762679 | CG53: =ROUND(CF53,0) -> 762679 | CH53: =IF(CG53>$J53,"SI","NO") -> NO | CI53: =CG53*$I53 -> 10677506 | CJ53: 847000 | CK53: =ROUND(CJ53,0) -> 847000 | CL53: =IF(CK53>$J53,"SI","NO") -> NO | CM53: =CK53*$I53 -> 11858000 | CN53: 745730 | CO53: =ROUND(CN53,0) -> 745730 | CP53: =IF(CO53>$J53,"SI","NO") -> NO | CQ53: =CO53*$I53 -> 10440220 | CR53: 720901 | CS53: =ROUND(CR53,0) -> 720901 | CT53: =IF(CS53>$J53,"SI","NO") -> NO | CU53: =CS53*$I53 -> 10092614 | CZ53: 802508 | DA53: =ROUND(CZ53,0) -> 802508 | DB53: =IF(DA53>$J53,"SI","NO") -> NO | DC53: =DA53*$I53 -> 11235112 | DD53: 805050 | DE53: =ROUND(DD53,0) -> 805050 | DF53: =IF(DE53>$J53,"SI","NO") -> NO | DG53: =DE53*$I53 -> 11270700 | DH53: 724545 | DI53: =ROUND(DH53,0) -> 724545 | DJ53: =IF(DI53>$J53,"SI","NO") -> NO | DK53: =DI53*$I53 -> 10143630
A54: 34 | B54: Fabricación, suministro e instalación de señal DOBLE SI-04 (poste de referencia) de 45 x 125 cm, en lámina galvanizada C-16 y cinta retrorreflectiva Tipo XI, pedestal en ángulo, cumpliendo con normatividad vigente. (Incluye la cimentación del soporte para la señal). | H54: Ud. | I54: 6 | J54: 849044 | K54: =ROUND(I54*J54,2) -> 5094264 | L54: 840554 | M54: =ROUND(L54,0) -> 840554 | N54: =IF(M54>$J54,"SI","NO") -> NO | O54: =M54*$I54 -> 5043324 | P54: 679235 | Q54: =ROUND(P54,0) -> 679235 | R54: =IF(Q54>$J54,"SI","NO") -> NO | S54: =Q54*$I54 -> 4075410 | T54: 764140 | U54: =ROUND(T54,0) -> 764140 | V54: =IF(U54>$J54,"SI","NO") -> NO | W54: =U54*$I54 -> 4584840 | X54: 772630 | Y54: =ROUND(X54,0) -> 772630 | Z54: =IF(Y54>$J54,"SI","NO") -> NO | AA54: =Y54*$I54 -> 4635780 | AB54: 594331 | AC54: =ROUND(AB54,0) -> 594331 | AD54: =IF(AC54>$J54,"SI","NO") -> NO | AE54: =AC54*$I54 -> 3565986 | AF54: 804000 | AG54: =ROUND(AF54,0) -> 804000 | AH54: =IF(AG54>$J54,"SI","NO") -> NO | AI54: =AG54*$I54 -> 4824000 | AJ54: 760000 | AK54: =ROUND(AJ54,0) -> 760000 | AL54: =IF(AK54>$J54,"SI","NO") -> NO | AM54: =AK54*$I54 -> 4560000 | AN54: 781799.72 | AO54: =ROUND(AN54,0) -> 781800 | AP54: =IF(AO54>$J54,"SI","NO") -> NO | AQ54: =AO54*$I54 -> 4690800 | AR54: 766941 | AS54: =ROUND(AR54,0) -> 766941 | AT54: =IF(AS54>$J54,"SI","NO") -> NO | AU54: =AS54*$I54 -> 4601646 | AV54: 738668 | AW54: =ROUND(AV54,0) -> 738668 | AX54: =IF(AW54>$J54,"SI","NO") -> NO | AY54: =AW54*$I54 -> 4432008 | AZ54: 799290.02 | BA54: =ROUND(AZ54,0) -> 799290 | BB54: =IF(BA54>$J54,"SI","NO") -> NO | BC54: =BA54*$I54 -> 4795740 | BD54: 574315 | BE54: =ROUND(BD54,0) -> 574315 | BF54: =IF(BE54>$J54,"SI","NO") -> NO | BG54: =BE54*$I54 -> 3445890 | BH54: 836308 | BI54: =ROUND(BH54,0) -> 836308 | BJ54: =IF(BI54>$J54,"SI","NO") -> NO | BK54: =BI54*$I54 -> 5017848 | BL54: 805320 | BM54: =ROUND(BL54,0) -> 805320 | BN54: =IF(BM54>$J54,"SI","NO") -> NO | BO54: =BM54*$I54 -> 4831920 | BP54: 756498 | BQ54: =ROUND(BP54,0) -> 756498 | BR54: =IF(BQ54>$J54,"SI","NO") -> NO | BS54: =BQ54*$I54 -> 4538988 | BT54: 804300 | BU54: =ROUND(BT54,0) -> 804300 | BV54: =IF(BU54>$J54,"SI","NO") -> NO | BW54: =BU54*$I54 -> 4825800 | BX54: 713197 | BY54: =ROUND(BX54,0) -> 713197 | BZ54: =IF(BY54>$J54,"SI","NO") -> NO | CA54: =BY54*$I54 -> 4279182 | CB54: 808195 | CC54: =ROUND(CB54,0) -> 808195 | CD54: =IF(CC54>$J54,"SI","NO") -> NO | CE54: =CC54*$I54 -> 4849170 | CF54: 764140 | CG54: =ROUND(CF54,0) -> 764140 | CH54: =IF(CG54>$J54,"SI","NO") -> NO | CI54: =CG54*$I54 -> 4584840 | CJ54: 849000 | CK54: =ROUND(CJ54,0) -> 849000 | CL54: =IF(CK54>$J54,"SI","NO") -> NO | CM54: =CK54*$I54 -> 5094000 | CN54: 747200 | CO54: =ROUND(CN54,0) -> 747200 | CP54: =IF(CO54>$J54,"SI","NO") -> NO | CQ54: =CO54*$I54 -> 4483200 | CR54: 722282 | CS54: =ROUND(CR54,0) -> 722282 | CT54: =IF(CS54>$J54,"SI","NO") -> NO | CU54: =CS54*$I54 -> 4333692 | CZ54: 804045 | DA54: =ROUND(CZ54,0) -> 804045 | DB54: =IF(DA54>$J54,"SI","NO") -> NO | DC54: =DA54*$I54 -> 4824270 | DD54: 806592 | DE54: =ROUND(DD54,0) -> 806592 | DF54: =IF(DE54>$J54,"SI","NO") -> NO | DG54: =DE54*$I54 -> 4839552 | DH54: 725933 | DI54: =ROUND(DH54,0) -> 725933 | DJ54: =IF(DI54>$J54,"SI","NO") -> NO | DK54: =DI54*$I54 -> 4355598
A55: 35 | B55: Fabricación, suministro e instalación de señal DOBLE tipo SI26 - SR39/SR-38, en lámina galvanizada C-16 y cinta retrorreflectiva Tipo XI, pedestal en ángulo, cumpliendo con normatividad vigente. (Incluye la cimentación del soporte para la señal). | H55: Ud. | I55: 8 | J55: 986735 | K55: =ROUND(I55*J55,2) -> 7893880 | L55: 976868 | M55: =ROUND(L55,0) -> 976868 | N55: =IF(M55>$J55,"SI","NO") -> NO | O55: =M55*$I55 -> 7814944 | P55: 789388 | Q55: =ROUND(P55,0) -> 789388 | R55: =IF(Q55>$J55,"SI","NO") -> NO | S55: =Q55*$I55 -> 6315104 | T55: 888062 | U55: =ROUND(T55,0) -> 888062 | V55: =IF(U55>$J55,"SI","NO") -> NO | W55: =U55*$I55 -> 7104496 | X55: 897929 | Y55: =ROUND(X55,0) -> 897929 | Z55: =IF(Y55>$J55,"SI","NO") -> NO | AA55: =Y55*$I55 -> 7183432 | AB55: 690715 | AC55: =ROUND(AB55,0) -> 690715 | AD55: =IF(AC55>$J55,"SI","NO") -> NO | AE55: =AC55*$I55 -> 5525720 | AF55: 934400 | AG55: =ROUND(AF55,0) -> 934400 | AH55: =IF(AG55>$J55,"SI","NO") -> NO | AI55: =AG55*$I55 -> 7475200 | AJ55: 880000 | AK55: =ROUND(AJ55,0) -> 880000 | AL55: =IF(AK55>$J55,"SI","NO") -> NO | AM55: =AK55*$I55 -> 7040000 | AN55: 908585.59 | AO55: =ROUND(AN55,0) -> 908586 | AP55: =IF(AO55>$J55,"SI","NO") -> NO | AQ55: =AO55*$I55 -> 7268688 | AR55: 891318 | AS55: =ROUND(AR55,0) -> 891318 | AT55: =IF(AS55>$J55,"SI","NO") -> NO | AU55: =AS55*$I55 -> 7130544 | AV55: 858459 | AW55: =ROUND(AV55,0) -> 858459 | AX55: =IF(AW55>$J55,"SI","NO") -> NO | AY55: =AW55*$I55 -> 6867672 | AZ55: 928912.33 | BA55: =ROUND(AZ55,0) -> 928912 | BB55: =IF(BA55>$J55,"SI","NO") -> NO | BC55: =BA55*$I55 -> 7431296 | BD55: 667453 | BE55: =ROUND(BD55,0) -> 667453 | BF55: =IF(BE55>$J55,"SI","NO") -> NO | BG55: =BE55*$I55 -> 5339624 | BH55: 971934 | BI55: =ROUND(BH55,0) -> 971934 | BJ55: =IF(BI55>$J55,"SI","NO") -> NO | BK55: =BI55*$I55 -> 7775472 | BL55: 906540 | BM55: =ROUND(BL55,0) -> 906540 | BN55: =IF(BM55>$J55,"SI","NO") -> NO | BO55: =BM55*$I55 -> 7252320 | BP55: 879181 | BQ55: =ROUND(BP55,0) -> 879181 | BR55: =IF(BQ55>$J55,"SI","NO") -> NO | BS55: =BQ55*$I55 -> 7033448 | BT55: 934736 | BU55: =ROUND(BT55,0) -> 934736 | BV55: =IF(BU55>$J55,"SI","NO") -> NO | BW55: =BU55*$I55 -> 7477888 | BX55: 828857 | BY55: =ROUND(BX55,0) -> 828857 | BZ55: =IF(BY55>$J55,"SI","NO") -> NO | CA55: =BY55*$I55 -> 6630856 | CB55: 986635 | CC55: =ROUND(CB55,0) -> 986635 | CD55: =IF(CC55>$J55,"SI","NO") -> NO | CE55: =CC55*$I55 -> 7893080 | CF55: 888062 | CG55: =ROUND(CF55,0) -> 888062 | CH55: =IF(CG55>$J55,"SI","NO") -> NO | CI55: =CG55*$I55 -> 7104496 | CJ55: 986000 | CK55: =ROUND(CJ55,0) -> 986000 | CL55: =IF(CK55>$J55,"SI","NO") -> NO | CM55: =CK55*$I55 -> 7888000 | CN55: 868050 | CO55: =ROUND(CN55,0) -> 868050 | CP55: =IF(CO55>$J55,"SI","NO") -> NO | CQ55: =CO55*$I55 -> 6944400 | CR55: 839415 | CS55: =ROUND(CR55,0) -> 839415 | CT55: =IF(CS55>$J55,"SI","NO") -> NO | CU55: =CS55*$I55 -> 6715320 | CZ55: 934438 | DA55: =ROUND(CZ55,0) -> 934438 | DB55: =IF(DA55>$J55,"SI","NO") -> NO | DC55: =DA55*$I55 -> 7475504 | DD55: 937398 | DE55: =ROUND(DD55,0) -> 937398 | DF55: =IF(DE55>$J55,"SI","NO") -> NO | DG55: =DE55*$I55 -> 7499184 | DH55: 843658 | DI55: =ROUND(DH55,0) -> 843658 | DJ55: =IF(DI55>$J55,"SI","NO") -> NO | DK55: =DI55*$I55 -> 6749264
A56: 36 | B56: Fabricación, suministro e instalación de señal SR-38 o SR-39 de 75 x 25 cm, en lámina galvanizada C-16 y cinta retrorreflectiva Tipo XI, pedestal en ángulo, cumpliendo con normatividad vigente. (Incluye la cimentación del soporte para la señal). | H56: Ud. | I56: 11 | J56: 705057 | K56: =ROUND(I56*J56,2) -> 7755627 | L56: 698006 | M56: =ROUND(L56,0) -> 698006 | N56: =IF(M56>$J56,"SI","NO") -> NO | O56: =M56*$I56 -> 7678066 | P56: 564046 | Q56: =ROUND(P56,0) -> 564046 | R56: =IF(Q56>$J56,"SI","NO") -> NO | S56: =Q56*$I56 -> 6204506 | T56: 634550 | U56: =ROUND(T56,0) -> 634550 | V56: =IF(U56>$J56,"SI","NO") -> NO | W56: =U56*$I56 -> 6980050 | X56: 641602 | Y56: =ROUND(X56,0) -> 641602 | Z56: =IF(Y56>$J56,"SI","NO") -> NO | AA56: =Y56*$I56 -> 7057622 | AB56: 493540 | AC56: =ROUND(AB56,0) -> 493540 | AD56: =IF(AC56>$J56,"SI","NO") -> NO | AE56: =AC56*$I56 -> 5428940 | AF56: 667700 | AG56: =ROUND(AF56,0) -> 667700 | AH56: =IF(AG56>$J56,"SI","NO") -> NO | AI56: =AG56*$I56 -> 7344700 | AJ56: 630000 | AK56: =ROUND(AJ56,0) -> 630000 | AL56: =IF(AK56>$J56,"SI","NO") -> NO | AM56: =AK56*$I56 -> 6930000 | AN56: 649216.49 | AO56: =ROUND(AN56,0) -> 649216 | AP56: =IF(AO56>$J56,"SI","NO") -> NO | AQ56: =AO56*$I56 -> 7141376 | AR56: 636878 | AS56: =ROUND(AR56,0) -> 636878 | AT56: =IF(AS56>$J56,"SI","NO") -> NO | AU56: =AS56*$I56 -> 7005658 | AV56: 613400 | AW56: =ROUND(AV56,0) -> 613400 | AX56: =IF(AW56>$J56,"SI","NO") -> NO | AY56: =AW56*$I56 -> 6747400 | AZ56: 663740.66 | BA56: =ROUND(AZ56,0) -> 663741 | BB56: =IF(BA56>$J56,"SI","NO") -> NO | BC56: =BA56*$I56 -> 7301151 | BD56: 476919 | BE56: =ROUND(BD56,0) -> 476919 | BF56: =IF(BE56>$J56,"SI","NO") -> NO | BG56: =BE56*$I56 -> 5246109 | BH56: 694481 | BI56: =ROUND(BH56,0) -> 694481 | BJ56: =IF(BI56>$J56,"SI","NO") -> NO | BK56: =BI56*$I56 -> 7639291 | BL56: 654710 | BM56: =ROUND(BL56,0) -> 654710 | BN56: =IF(BM56>$J56,"SI","NO") -> NO | BO56: =BM56*$I56 -> 7201810 | BP56: 628206 | BQ56: =ROUND(BP56,0) -> 628206 | BR56: =IF(BQ56>$J56,"SI","NO") -> NO | BS56: =BQ56*$I56 -> 6910266 | BT56: 667902 | BU56: =ROUND(BT56,0) -> 667902 | BV56: =IF(BU56>$J56,"SI","NO") -> NO | BW56: =BU56*$I56 -> 7346922 | BX56: 592248 | BY56: =ROUND(BX56,0) -> 592248 | BZ56: =IF(BY56>$J56,"SI","NO") -> NO | CA56: =BY56*$I56 -> 6514728 | CB56: 671120 | CC56: =ROUND(CB56,0) -> 671120 | CD56: =IF(CC56>$J56,"SI","NO") -> NO | CE56: =CC56*$I56 -> 7382320 | CF56: 634551 | CG56: =ROUND(CF56,0) -> 634551 | CH56: =IF(CG56>$J56,"SI","NO") -> NO | CI56: =CG56*$I56 -> 6980061 | CJ56: 705000 | CK56: =ROUND(CJ56,0) -> 705000 | CL56: =IF(CK56>$J56,"SI","NO") -> NO | CM56: =CK56*$I56 -> 7755000 | CN56: 620450 | CO56: =ROUND(CN56,0) -> 620450 | CP56: =IF(CO56>$J56,"SI","NO") -> NO | CQ56: =CO56*$I56 -> 6824950 | CR56: 599792 | CS56: =ROUND(CR56,0) -> 599792 | CT56: =IF(CS56>$J56,"SI","NO") -> NO | CU56: =CS56*$I56 -> 6597712 | CZ56: 667689 | DA56: =ROUND(CZ56,0) -> 667689 | DB56: =IF(DA56>$J56,"SI","NO") -> NO | DC56: =DA56*$I56 -> 7344579 | DD56: 669804 | DE56: =ROUND(DD56,0) -> 669804 | DF56: =IF(DE56>$J56,"SI","NO") -> NO | DG56: =DE56*$I56 -> 7367844 | DH56: 602824 | DI56: =ROUND(DH56,0) -> 602824 | DJ56: =IF(DI56>$J56,"SI","NO") -> NO | DK56: =DI56*$I56 -> 6631064
... A66: 46 | B66: Retiro de señales verticales (Incluye pedestal y tablero) con entrega en el lugar dispuesto por la respectiva entidad territorial (incluye señales sencillas y dúplex). | H66: Ud. | I66: 280 | J66: 57700 | K66: =ROUND(I66*J66,2) -> 16156000 | L66: 57123 | M66: =ROUND(L66,0) -> 57123 | N66: =IF(M66>$J66,"SI","NO") -> NO | O66: =M66*$I66 -> 15994440 | P66: 51930 | Q66: =ROUND(P66,0) -> 51930 | R66: =IF(Q66>$J66,"SI","NO") -> NO | S66: =Q66*$I66 -> 14540400 | T66: 53084 | U66: =ROUND(T66,0) -> 53084 | V66: =IF(U66>$J66,"SI","NO") -> NO | W66: =U66*$I66 -> 14863520 | X66: 52507 | Y66: =ROUND(X66,0) -> 52507 | Z66: =IF(Y66>$J66,"SI","NO") -> NO | AA66: =Y66*$I66 -> 14701960 | AB66: 54659 | AC66: =ROUND(AB66,0) -> 54659 | AD66: =IF(AC66>$J66,"SI","NO") -> NO | AE66: =AC66*$I66 -> 15304520 | AF66: 54700 | AG66: =ROUND(AF66,0) -> 54700 | AH66: =IF(AG66>$J66,"SI","NO") -> NO | AI66: =AG66*$I66 -> 15316000 | AJ66: 54000 | AK66: =ROUND(AJ66,0) -> 54000 | AL66: =IF(AK66>$J66,"SI","NO") -> NO | AM66: =AK66*$I66 -> 15120000 | AN66: 53130.16 | AO66: =ROUND(AN66,0) -> 53130 | AP66: =IF(AO66>$J66,"SI","NO") -> NO | AQ66: =AO66*$I66 -> 14876400 | AR66: 52120 | AS66: =ROUND(AR66,0) -> 52120 | AT66: =IF(AS66>$J66,"SI","NO") -> NO | AU66: =AS66*$I66 -> 14593600 | AV66: 50199 | AW66: =ROUND(AV66,0) -> 50199 | AX66: =IF(AW66>$J66,"SI","NO") -> NO | AY66: =AW66*$I66 -> 14055720 | AZ66: 54318.78 | BA66: =ROUND(AZ66,0) -> 54319 | BB66: =IF(BA66>$J66,"SI","NO") -> NO | BC66: =BA66*$I66 -> 15209320 | BD66: 57699 | BE66: =ROUND(BD66,0) -> 57699 | BF66: =IF(BE66>$J66,"SI","NO") -> NO | BG66: =BE66*$I66 -> 16155720 | BH66: 56546 | BI66: =ROUND(BH66,0) -> 56546 | BJ66: =IF(BI66>$J66,"SI","NO") -> NO | BK66: =BI66*$I66 -> 15832880 | BL66: 53700 | BM66: =ROUND(BL66,0) -> 53700 | BN66: =IF(BM66>$J66,"SI","NO") -> NO | BO66: =BM66*$I66 -> 15036000 | BP66: 51411 | BQ66: =ROUND(BP66,0) -> 51411 | BR66: =IF(BQ66>$J66,"SI","NO") -> NO | BS66: =BQ66*$I66 -> 14395080 | BT66: 54660 | BU66: =ROUND(BT66,0) -> 54660 | BV66: =IF(BU66>$J66,"SI","NO") -> NO | BW66: =BU66*$I66 -> 15304800 | BX66: 48468 | BY66: =ROUND(BX66,0) -> 48468 | BZ66: =IF(BY66>$J66,"SI","NO") -> NO | CA66: =BY66*$I66 -> 13571040 | CB66: 57600 | CC66: =ROUND(CB66,0) -> 57600 | CD66: =IF(CC66>$J66,"SI","NO") -> NO | CE66: =CC66*$I66 -> 16128000 | CF66: 51930 | CG66: =ROUND(CF66,0) -> 51930 | CH66: =IF(CG66>$J66,"SI","NO") -> NO | CI66: =CG66*$I66 -> 14540400 | CJ66: 57000 | CK66: =ROUND(CJ66,0) -> 57000 | CL66: =IF(CK66>$J66,"SI","NO") -> NO | CM66: =CK66*$I66 -> 15960000 | CN66: 50780 | CO66: =ROUND(CN66,0) -> 50780 | CP66: =IF(CO66>$J66,"SI","NO") -> NO | CQ66: =CO66*$I66 -> 14218400 | CR66: 49085 | CS66: =ROUND(CR66,0) -> 49085 | CT66: =IF(CS66>$J66,"SI","NO") -> NO | CU66: =CS66*$I66 -> 13743800 | CZ66: 54642 | DA66: =ROUND(CZ66,0) -> 54642 | DB66: =IF(DA66>$J66,"SI","NO") -> NO | DC66: =DA66*$I66 -> 15299760 | DD66: 54815 | DE66: =ROUND(DD66,0) -> 54815 | DF66: =IF(DE66>$J66,"SI","NO") -> NO | DG66: =DE66*$I66 -> 15348200 | DH66: 49333 | DI66: =ROUND(DH66,0) -> 49333 | DJ66: =IF(DI66>$J66,"SI","NO") -> NO | DK66: =DI66*$I66 -> 13813240
A67: DISPOSITIVOS PARA LA REGULACIÓN DEL TRÁNSITO - Delineadores de piso o elevados.
